Workbook

Sheet DRE (2)
B2: =[2]BP!B2 -> Empresa de Pesquisa Energética - EPE
B3: =[2]BP!B3 -> CNPJ 06.977.747/0001-80
B4: Demonstração do Resultado em
B5: =[2]BP!B5 -> (em milhares de reais)
F7: Notas | G7: 45747 | I7: 30/09/2024 (Trimestre) | K7: 45382 | M7: 30/09/2023 (Trimestre)
B9: RECEITA LÍQUIDA | G9: 0 | I9: =G9 -> 0 | K9: 0 | M9: 0
B11: CUSTOS DOS SERVIÇOS PRESTADOS | F11: 22
B12: Remunerações, Encargos Sociais e Benefícios | D12: 4.1.1.01+4.1.1.02+4.1.1.03+4.1.3.01.0017 | G12: =SUM(-SUMIF('Balancete 06.2026'!C:C,4111,'Balancete 06.2026'!K:K),-SUMIF('Balancete 06.2026'!C:C,41110,'Balancete 06.2026'!K:K)-SUMIF('Balancete 06.2026'!C:C,413117,'Balancete 06.2026'!K:K)-SUMIF('Balancete 06.2026'!C:C,4112,'Balancete 06.2026'!K:K)-SUMIF('Balancete 06.2026'!C:C,4113,'Balancete 06.2026'!K:K)) -> -52716 | I12: =SUM(-SUMIF('Balancete trim'!B:B,4111,'Balancete trim'!J:J),-SUMIF('Balancete trim'!B:B,41110,'Balancete trim'!J:J),-SUMIF('Balancete trim'!B:B,413117,'Balancete trim'!J:J)) -> -18880 | K12: =-14413-4189-2340 -> -20942 | M12: -11169 | N12: =IF(AND(G12=0,K12=0),0,IF(K12=0,1,IF(G12=0,-1,(G12-K12)/K12))) -> 1.5172381
B13: Encargos Sociais | G13: 0 | I13: =-SUMIF('Balancete trim'!B:B,4112,'Balancete trim'!J:J) -> -5742 | K13: 0 | M13: -3303 | N13: =IF(AND(G13=0,K13=0),0,IF(K13=0,1,IF(G13=0,-1,(G13-K13)/K13))) -> 0
B14: Benefícios | G14: 0 | I14: =-SUMIF('Balancete trim'!B:B,4113,'Balancete trim'!J:J) -> -3005 | K14: 0 | M14: -1631 | N14: =IF(AND(G14=0,K14=0),0,IF(K14=0,1,IF(G14=0,-1,(G14-K14)/K14))) -> 0
B15: Materiais | G15: 0 | I15: =G15 -> 0 | K15: 0 | M15: 0 | N15: =IF(AND(G15=0,K15=0),0,IF(K15=0,1,IF(G15=0,-1,(G15-K15)/K15))) -> 0
B16: Serviços de Terceiros | D16: 4.1.3.01 | G16: =-SUMIF('Balancete 06.2026'!C:C,413,'Balancete 06.2026'!K:K)+SUMIF('Balancete 06.2026'!C:C,413117,'Balancete 06.2026'!K:K) -> -5048 | I16: =-SUMIF('Balancete trim'!B:B,413,'Balancete trim'!J:J)+SUMIF('Balancete trim'!B:B,413117,'Balancete trim'!J:J) -> -2577 | K16: -940 | M16: -1250 | N16: =IF(AND(G16=0,K16=0),0,IF(K16=0,1,IF(G16=0,-1,(G16-K16)/K16))) -> 4.3702128
B17: Gerais de Funcionamento das Instalações | D17: 4.1.6.01 | G17: =-SUMIF('Balancete 06.2026'!C:C,4161,'Balancete 06.2026'!K:K) -> -1292 | I17: =-SUMIF('Balancete trim'!B:B,4161,'Balancete trim'!J:J) -> -643 | K17: -631 | M17: =-1250+604 -> -646 | N17: =IF(AND(G17=0,K17=0),0,IF(K17=0,1,IF(G17=0,-1,(G17-K17)/K17))) -> 1.0475436
B18: Gerais da Administração | D18: 4.1.6.02 | G18: =-SUMIF('Balancete 06.2026'!C:C,4162,'Balancete 06.2026'!K:K) -> -2554 | I18: =-SUMIF('Balancete trim'!B:B,4162,'Balancete trim'!J:J) -> -1293 | K18: -817 | M18: -1240 | N18: =IF(AND(G18=0,K18=0),0,IF(K18=0,1,IF(G18=0,-1,(G18-K18)/K18))) -> 2.126071
B19: Impostos, Taxas e Contribuições | D19: 4.1.4 | G19: =-SUMIF('Balancete 06.2026'!C:C,4141,'Balancete 06.2026'!K:K) -> -186 | I19: =-SUMIF('Balancete trim'!B:B,4141,'Balancete trim'!J:J) -> -86 | K19: -100 | M19: -80 | N19: =IF(AND(G19=0,K19=0),0,IF(K19=0,1,IF(G19=0,-1,(G19-K19)/K19))) -> 0.86
G20: =SUM(G12:G19) -> -61796 | I20: =SUM(I12:I19) -> -32226 | K20: =SUM(K12:K19) -> -23430 | M20: =SUM(M12:M19) -> -19319
B22: RESULTADO BRUTO | G22: =+G9+G20 -> -61796 | I22: =+I9+I20 -> -32226 | K22: =K9+K20 -> -23430 | M22: =M9+M20 -> -19319
B24: DESPESAS OPERACIONAIS | F24: 22
B25: Remunerações, Encargos Sociais e Benefícios | D25: 4.2.1.01+4.2.1.02+4.2.1.03+4.2.3.01.0003+4.2.3.01.0017+4.2.3.01.0019 | G25: =-SUMIF('Balancete 06.2026'!C:C,4211,'Balancete 06.2026'!K:K)-SUMIF('Balancete 06.2026'!C:C,42313,'Balancete 06.2026'!K:K)-SUMIF('Balancete 06.2026'!C:C,423117,'Balancete 06.2026'!K:K)-SUMIF('Balancete 06.2026'!C:C,423119,'Balancete 06.2026'!K:K)-SUMIF('Balancete 06.2026'!C:C,4212,'Balancete 06.2026'!K:K)-SUMIF('Balancete 06.2026'!C:C,4213,'Balancete 06.2026'!K:K) -> -25070 | I25: =SUM(-SUMIF('Balancete trim'!B:B,4211,'Balancete trim'!J:J),-SUMIF('Balancete trim'!B:B,42313,'Balancete trim'!J:J),-SUMIF('Balancete trim'!B:B,423117,'Balancete trim'!J:J),-SUMIF('Balancete trim'!B:B,423119,'Balancete trim'!J:J)) -> -9092 | K25: =-5803-1563-1044 -> -8410 | M25: -4460 | N25: =IF(AND(G25=0,K25=0),0,IF(K25=0,1,IF(G25=0,-1,(G25-K25)/K25))) -> 1.980975
B26: Encargos Sociais | G26: 0 | I26: =-SUMIF('Balancete trim'!B:B,4212,'Balancete trim'!J:J) -> -2619 | K26: 0 | M26: -1310 | N26: =IF(AND(G26=0,K26=0),0,IF(K26=0,1,IF(G26=0,-1,(G26-K26)/K26))) -> 0
B27: Benefícios | G27: 0 | I27: =-SUMIF('Balancete trim'!B:B,4213,'Balancete trim'!J:J) -> -1385 | K27: 0 | M27: -708 | N27: =IF(AND(G27=0,K27=0),0,IF(K27=0,1,IF(G27=0,-1,(G27-K27)/K27))) -> 0
B28: Materiais | D28: 4.2.2 | G28: =-SUMIF('Balancete 06.2026'!C:C,422,'Balancete 06.2026'!K:K) -> -22 | I28: =-SUMIF('Balancete trim'!B:B,422,'Balancete trim'!J:J) -> -5 | K28: -5 | M28: -7 | N28: =IF(AND(G28=0,K28=0),0,IF(K28=0,1,IF(G28=0,-1,(G28-K28)/K28))) -> 3.4
B29: Serviços de Terceiros | D29: 4.2.3.01 | G29: =-SUMIF('Balancete 06.2026'!C:C,423,'Balancete 06.2026'!K:K)+SUMIF('Balancete 06.2026'!C:C,42313,'Balancete 06.2026'!K:K)+SUMIF('Balancete 06.2026'!C:C,423117,'Balancete 06.2026'!K:K)+SUMIF('Balancete 06.2026'!C:C,423119,'Balancete 06.2026'!K:K) -> -4300 | I29: =-SUMIF('Balancete trim'!B:B,423,'Balancete trim'!J:J)+SUMIF('Balancete trim'!B:B,42313,'Balancete trim'!J:J)+SUMIF('Balancete trim'!B:B,423117,'Balancete trim'!J:J)+SUMIF('Balancete trim'!B:B,423119,'Balancete trim'!J:J)-SUMIF('Balancete trim'!B:B,33213,'Balancete trim'!J:J) -> -2499 | K29: -1567 | M29: -1559 | N29: =IF(AND(G29=0,K29=0),0,IF(K29=0,1,IF(G29=0,-1,(G29-K29)/K29))) -> 1.744097
B30: Impostos, Taxas e Contribuições | D30: 4.2.4 | G30: =-SUMIF('Balancete 06.2026'!C:C,424,'Balancete 06.2026'!K:K) -> -454 | I30: =-SUMIF('Balancete trim'!B:B,424,'Balancete trim'!J:J) -> -113 | K30: -913 | M30: -282 | N30: =IF(AND(G30=0,K30=0),0,IF(K30=0,1,IF(G30=0,-1,(G30-K30)/K30))) -> -0.50273823
B31: Gerais de Funcionamento das Instalações | D31: 4.2.6.01 | G31: =-SUMIF('Balancete 06.2026'!C:C,4261,'Balancete 06.2026'!K:K)-SUMIF('Balancete 06.2026'!C:C,42994,'Balancete 06.2026'!K:K) -> -3281 | I31: =-SUMIF('Balancete trim'!B:B,4261,'Balancete trim'!J:J)-SUMIF('Balancete trim'!B:B,42994,'Balancete trim'!J:J) -> -1647 | K31: -1714 | M31: =-1322+250-681 -> -1753 | N31: =IF(AND(G31=0,K31=0),0,IF(K31=0,1,IF(G31=0,-1,(G31-K31)/K31))) -> 0.91423571
B32: Gerais da Administração | D32: 4.2.6.02 | G32: =-SUMIF('Balancete 06.2026'!C:C,4262,'Balancete 06.2026'!K:K) -> -2427 | I32: =-SUMIF('Balancete trim'!B:B,4262,'Balancete trim'!J:J) -> -1256 | K32: -583 | M32: -812 | N32: =IF(AND(G32=0,K32=0),0,IF(K32=0,1,IF(G32=0,-1,(G32-K32)/K32))) -> 3.1629503
B33: Provisão para Contigências | G33: =-SUMIF('Balancete 06.2026'!C:C,42541,'Balancete 06.2026'!K:K)-SUMIF('Balancete 06.2026'!C:C,42811,'Balancete 06.2026'!K:K) -> 0 | I33: =-SUMIF('Balancete trim'!B:B,3361,'Balancete trim'!J:J)-SUMIF('Balancete trim'!B:B,42541,'Balancete trim'!J:J)-SUMIF('Balancete trim'!B:B,42811,'Balancete trim'!J:J) -> 3112 | K33: 0 | M33: 12 | N33: =IF(AND(G33=0,K33=0),0,IF(K33=0,1,IF(G33=0,-1,(G33-K33)/K33))) -> 0
G34: =SUM(G25:G33) -> -35554 | I34: =SUM(I25:I33) -> -15504 | K34: =SUM(K25:K33) -> -13192 | M34: =SUM(M25:M33) -> -10879
B36: OUTRAS RECEITAS OPERACIONAIS
B37: Recursos Recebidos do Tesouro Nacional | D37: 3.1.1.01 | F37: 23 | G37: =-SUMIF('Balancete 06.2026'!C:C,311,'Balancete 06.2026'!K:K) -> 75966 | I37: =-SUMIF('Balancete trim'!B:B,311,'Balancete trim'!J:J) -> 32704 | K37: 38281 | M37: 27759 | N37: =IF(AND(G37=0,K37=0),0,IF(K37=0,1,IF(G37=0,-1,(G37-K37)/K37))) -> 0.98443092
B38: Reembolso de Custos e Despesas - Leilões ANEEL | F38: 24 | G38: =-SUMIF('Balancete 06.2026'!C:C,33212,'Balancete 06.2026'!K:K) -> 3818 | I38: =-SUMIF('Balancete trim'!B:B,33212,'Balancete trim'!J:J) -> 671 | K38: 6851 | M38: 2238 | N38: =IF(AND(G38=0,K38=0),0,IF(K38=0,1,IF(G38=0,-1,(G38-K38)/K38))) -> -0.44270909
B39: Reversão de Provisões para Contingências | D39: 3.3.6 | G39: =-SUMIF('Balancete 06.2026'!C:C,3361,'Balancete 06.2026'!K:K) -> 3112 | I39: 0 | K39: 213 | M39: 0 | N39: =IF(AND(G39=0,K39=0),0,IF(K39=0,1,IF(G39=0,-1,(G39-K39)/K39))) -> 13.610329
B40: Outras receitas | G40: =-SUMIF('Balancete 06.2026'!C:C,33991,'Balancete 06.2026'!K:K)-SUMIF('Balancete 06.2026'!C:C,33910,'Balancete 06.2026'!K:K) -> 0 | I40: =-SUMIF('Balancete trim'!B:B,33991,'Balancete trim'!J:J) -> 0 | K40: 0 | M40: =-SUMIF('Balancete trim 2023'!B:B,33991,'Balancete trim 2023'!J:J) -> 0 | N40: =IF(AND(G40=0,K40=0),0,IF(K40=0,1,IF(G40=0,-1,(G40-K40)/K40))) -> 0
G41: =SUM(G37:G40) -> 82896 | I41: =SUM(I37:I40) -> 33375 | K41: =SUM(K37:K40) -> 45345 | M41: =SUM(M37:M40) -> 29997
B43: RESULTADO ANTES DAS RECEITAS E DESPESAS FINANCEIRAS | G43: =G41+G34+G22 -> -14454 | I43: =I41+I34+I22 -> -14355 | K43: =K41+K34+K22 -> 8723 | M43: =M41+M34+M22 -> -201
B45: Receitas Financeiras | D45: 3.3.1 | F45: 25 | G45: =-SUMIF('Balancete 06.2026'!C:C,331,'Balancete 06.2026'!K:K) -> 539 | I45: =-SUMIF('Balancete trim'!B:B,331,'Balancete trim'!J:J) -> 253 | K45: 354 | M45: 189 | N45: =IF(AND(G45=0,K45=0),0,IF(K45=0,1,IF(G45=0,-1,(G45-K45)/K45))) -> 0.52259887
B46: Despesas Financeiras | D46: 4.2.7 | F46: 25 | G46: =-SUMIF('Balancete 06.2026'!C:C,427,'Balancete 06.2026'!K:K) -> -766 | I46: =-SUMIF('Balancete trim'!B:B,427,'Balancete trim'!J:J) -> -439 | K46: -569 | M46: -945 | N46: =IF(AND(G46=0,K46=0),0,IF(K46=0,1,IF(G46=0,-1,(G46-K46)/K46))) -> 0.34622144
G48: =SUM(G45:G47) -> -227 | I48: =SUM(I45:I47) -> -186 | K48: =SUM(K45:K47) -> -215 | M48: =SUM(M45:M47) -> -756
B50: LUCRO ANTES DO IRPJ E DA CSLL | G50: =+G43+G48 -> -14681 | I50: =+I43+I48 -> -14541 | K50: =+K43+K48 -> 8508 | M50: =+M43+M48 -> -957
B52: IRPJ/CSLL correntes | F52: 26 | G52: =SUM(-SUMIF('Balancete 06.2026'!C:C,4251,'Balancete 06.2026'!K:K),-SUMIF('Balancete 06.2026'!C:C,4252,'Balancete 06.2026'!K:K)) -> -6 | I52: =-SUMIF('Balancete trim'!B:B,4251,'Balancete trim'!J:J)-SUMIF('Balancete trim'!B:B,4252,'Balancete trim'!J:J) -> 0 | K52: -1989 | M52: 120
B54: LUCRO (PREJUÍZO) LÍQUIDO DO EXERCÍCIO | G54: =+G50+G52 -> -14687 | I54: =+I50+I52 -> -14541 | K54: =+K50+K52 -> 6519 | M54: =+M50+M52 -> -837
B56: =BP!B56 -> As notas explicativas são parte integrante das informações financeiras intermediárias.
G57: =G54+626 -> -14061 | I57: =I54+2242 -> -12299 | K57: =K54-6519 -> 0 | M57: =M54+837 -> 0

Sheet BP
B2: Empresa de Pesquisa Energética - EPE
B3: CNPJ 06.977.747/0001-80
B4: Balanço Patrimonial
B5: (em milhares de reais) | N5: DFC
C7: Notas | F7: 46203 | H7: 46022 | J7: 45838 | L7: 45657 | P7: variações
B8: ATIVO
B10: Circulante
B11: Caixa e Equivalentes de Caixa | C11: 5 | D11: 1.1.1.02 | F11: =SUMIF('Balancete 06.2026'!C:C,1112,'Balancete 06.2026'!K:K) -> 33419 | H11: 44517 | J11: 51043 | L11: 44468 | N11: =H11-F11 -> 11098 | O11: =L11-J11 -> -6575 | P11: =IF(AND(F11=0,H11=0),0,IF(H11=0,1,IF(F11=0,-1,(F11-H11)/H11))) -> -0.24929802
B12: Impostos a Recuperar | C12: 6 | D12: 1.1.2.03 | F12: =SUMIF('Balancete 06.2026'!C:C,1123,'Balancete 06.2026'!K:K) -> 262 | H12: 1110 | J12: 1056 | L12: 1926 | N12: =H12-F12 -> 848 | O12: =L12-J12 -> 870 | P12: =IF(AND(F12=0,H12=0),0,IF(H12=0,1,IF(F12=0,-1,(F12-H12)/H12))) -> -0.76396396
B13: Adiantamentos Concedidos | C13: 7 | D13: 1.1.2.04 | F13: =SUM(SUMIF('Balancete 06.2026'!C:C,1124,'Balancete 06.2026'!K:K),SUMIF('Balancete 06.2026'!C:C,1129,'Balancete 06.2026'!K:K),SUMIF('Balancete 06.2026'!C:C,1125,'Balancete 06.2026'!K:K)) -> 4312 | H13: 634 | J13: 3677 | L13: 773 | N13: =H13-F13 -> -3678 | O13: =L13-J13 -> -2904 | P13: =IF(AND(F13=0,H13=0),0,IF(H13=0,1,IF(F13=0,-1,(F13-H13)/H13))) -> 5.8012618
B14: Despesas antecipadas | C14: 8 | D14: 1.1.3 | F14: =SUMIF('Balancete 06.2026'!C:C,113,'Balancete 06.2026'!K:K) -> 4652 | H14: 7810 | J14: 3986 | L14: 4762 | N14: =H14-F14 -> 3158 | O14: =L14-J14 -> 776 | P14: =IF(AND(F14=0,H14=0),0,IF(H14=0,1,IF(F14=0,-1,(F14-H14)/H14))) -> -0.40435339
B15: Outros ativos | F15: =SUMIF('Balancete 06.2026'!C:C,11299,'Balancete 06.2026'!K:K) -> 107 | H15: 0 | J15: 0 | L15: 0 | N15: =H15-F15 -> -107 | O15: =L15-J15 -> 0 | P15: =IF(AND(F15=0,H15=0),0,IF(H15=0,1,IF(F15=0,-1,(F15-H15)/H15))) -> 1
F16: =SUM(F11:F15) -> 42752 | H16: =SUM(H11:H15) -> 54071 | J16: =SUM(J11:J15) -> 59762 | L16: =SUM(L11:L15) -> 51929
B18: Não Circulante
B19: Impostos a Recuperar | C19: 6 | D19: 1.2.1.03 | F19: =SUMIF('Balancete 06.2026'!C:C,1213,'Balancete 06.2026'!K:K) -> 3684 | H19: 3011 | J19: 2861 | L19: 1553 | N19: =H19-F19 -> -673 | O19: =L19-J19 -> -1308 | P19: =IF(AND(F19=0,H19=0),0,IF(H19=0,1,IF(F19=0,-1,(F19-H19)/H19))) -> 0.22351378
B20: Depósitos Judiciais | C20: 9 | D20: 1.2.1.08 | F20: =SUMIF('Balancete 06.2026'!C:C,1218,'Balancete 06.2026'!K:K) -> 6817 | H20: 5272 | J20: 5889 | L20: 6758 | N20: =H20-F20 -> -1545 | O20: =L20-J20 -> 869 | P20: =IF(AND(F20=0,H20=0),0,IF(H20=0,1,IF(F20=0,-1,(F20-H20)/H20))) -> 0.29305766
B21: Despesas Antecipadas | C21: 7 | F21: =SUMIF('Balancete 06.2026'!C:C,1216,'Balancete 06.2026'!I:I) -> 0 | H21: 0 | J21: 0 | L21: 0 | N21: =H21-F21 -> 0 | O21: =L21-J21 -> 0
B22: Imobilizado | C22: 10 | D22: 1.2.3 | F22: =SUMIF('Balancete 06.2026'!C:C,123,'Balancete 06.2026'!K:K) -> 5527 | H22: 5869 | J22: 5839 | L22: 6128 | N22: =H22-F22 -> 342 | O22: =L22-J22 -> 289 | P22: =IF(AND(F22=0,H22=0),0,IF(H22=0,1,IF(F22=0,-1,(F22-H22)/H22))) -> -0.058272278
B23: Direito de uso | C23: 11 | D23: 1.2.5 | F23: =SUMIF('Balancete 06.2026'!C:C,125,'Balancete 06.2026'!K:K) -> 11821 | H23: 13299 | J23: 13964 | L23: 15360 | N23: =H23-F23 -> 1478 | O23: =L23-J23 -> 1396 | P23: =IF(AND(F23=0,H23=0),0,IF(H23=0,1,IF(F23=0,-1,(F23-H23)/H23))) -> -0.11113618
B24: Intangível | C24: 12 | D24: 1.2.4 | F24: =SUMIF('Balancete 06.2026'!C:C,124,'Balancete 06.2026'!K:K) -> 1705 | H24: 1184 | J24: 1560 | L24: 2064 | N24: =H24-F24 -> -521 | O24: =L24-J24 -> 504 | P24: =IF(AND(F24=0,H24=0),0,IF(H24=0,1,IF(F24=0,-1,(F24-H24)/H24))) -> 0.44003378
F25: =SUM(F19:F24) -> 29554 | H25: =SUM(H19:H24) -> 28635 | J25: =SUM(J19:J24) -> 30113 | L25: =SUM(L19:L24) -> 31863
B28: TOTAL DO ATIVO | F28: =F16+F25 -> 72306 | H28: =H16+H25 -> 82706 | J28: =J16+J25 -> 89875 | L28: =L16+L25 -> 83792
B30: PASSIVO E PATRIMÔNIO LÍQUIDO
B31: Circulante
B32: Fornecedores | C32: 13 | D32: ='[1]Balancete 03.2025'!A84 -> 2.1.1.04 | F32: =-SUMIF('Balancete 06.2026'!C:C,2114,'Balancete 06.2026'!K:K) -> 1165 | H32: 196 | J32: 1019 | L32: 361 | N32: =F32-H32 -> 969 | O32: =J32-L32 -> 658 | P32: =IF(AND(F32=0,H32=0),0,IF(H32=0,1,IF(F32=0,-1,(F32-H32)/H32))) -> 4.9438776
B33: Obrigações Tributárias | C33: 14 | D33: 2.1.1.06+2.1.1.07 | F33: =-SUM(SUMIF('Balancete 06.2026'!C:C,2116,'Balancete 06.2026'!K:K),SUMIF('Balancete 06.2026'!C:C,2117,'Balancete 06.2026'!K:K)) -> 3174 | H33: 5289 | J33: 2737 | L33: 4093 | N33: =F33-H33 -> -2115 | O33: =J33-L33 -> -1356 | P33: =IF(AND(F33=0,H33=0),0,IF(H33=0,1,IF(F33=0,-1,(F33-H33)/H33))) -> -0.39988656
B34: Obrigações Trabalhistas e Sociais | C34: 15 | D34: 2.1.1.08.0001+2.1.1.08.0002+2.1.1.08.0003+2.1.1.08.0004+2.1.1.08.0005+2.1.1.08.0010+2.1.1.08.0011+2.1.1.08.0012+2.1.1.08.0013 | F34: =-SUM(SUMIF('Balancete 06.2026'!C:C,2118,'Balancete 06.2026'!K:K),-SUMIF('Balancete 06.2026'!C:C,21189,'Balancete 06.2026'!K:K),)-SUMIF('Balancete 06.2026'!C:C,211920,'Balancete 06.2026'!K:K) -> 31903 | H34: 25015 | J34: 27121 | L34: 17894 | N34: =F34-H34 -> 6888 | O34: =J34-L34 -> 9227 | P34: =IF(AND(F34=0,H34=0),0,IF(H34=0,1,IF(F34=0,-1,(F34-H34)/H34))) -> 0.27535479
B35: Provisões para Contingências | C35: 15 | F35: =-SUMIF('Balancete 06.2026'!C:C,211110,'Balancete 06.2026'!K:K) -> 0 | H35: 0 | J35: 0 | L35: 0 | N35: =F35-H35 -> 0 | O35: =J35-L35 -> 0
B36: Obrigações com a Cessão de Pessoal | D36: 2.1.1.14 | F36: =-SUMIF('Balancete 06.2026'!C:C,21114,'Balancete 06.2026'!K:K)-SUMIF('Balancete 06.2026'!C:C,21199,'Balancete 06.2026'!K:K) -> 68 | H36: 67 | J36: 98 | L36: 97 | N36: =F36-H36 -> 1 | O36: =J36-L36 -> 1 | P36: =IF(AND(F36=0,H36=0),0,IF(H36=0,1,IF(F36=0,-1,(F36-H36)/H36))) -> 0.014925373
B37: Previdência Privada Complementar | C37: 17 | D37: 2.1.1.08.0009+2.1.1.15 | F37: =-SUM(SUMIF('Balancete 06.2026'!C:C,21115,'Balancete 06.2026'!K:K),SUMIF('Balancete 06.2026'!C:C,21189,'Balancete 06.2026'!K:K)) -> 1060 | H37: 0 | J37: 923 | L37: 822 | N37: =F37-H37 -> 1060 | O37: =J37-L37 -> 101 | P37: =IF(AND(F37=0,H37=0),0,IF(H37=0,1,IF(F37=0,-1,(F37-H37)/H37))) -> 1
B38: Arrendamento | C38: 11 | D38: 2.1.1.16 | F38: =-SUM(SUMIF('Balancete 06.2026'!C:C,21116,'Balancete 06.2026'!K:K)) -> 3135 | H38: 3059 | J38: 2838 | L38: 2770 | N38: =F38-H38 -> 76 | O38: =J38-L38 -> 68 | P38: =IF(AND(F38=0,H38=0),0,IF(H38=0,1,IF(F38=0,-1,(F38-H38)/H38))) -> 0.02484472
F39: =SUM(F32:F38) -> 40505 | H39: =SUM(H32:H38) -> 33626 | J39: =SUM(J32:J38) -> 34736 | L39: =SUM(L32:L38) -> 26037
B41: Não Circulante
B42: Provisões para Contingências | C42: 16 | D42: 2.2.1.05 | F42: =-SUMIF('Balancete 06.2026'!C:C,2215,'Balancete 06.2026'!K:K) -> 9750 | H42: 12448 | J42: 10665 | L42: 11864 | N42: =F42-H42 -> -2698 | O42: =J42-L42 -> -1199 | P42: =IF(AND(F42=0,H42=0),0,IF(H42=0,1,IF(F42=0,-1,(F42-H42)/H42))) -> -0.21674165
B43: Arrendamento | C43: 11 | D43: 2.2.1.08 | F43: =-SUMIF('Balancete 06.2026'!C:C,2218,'Balancete 06.2026'!K:K) -> 10376 | H43: 11962 | J43: 12845 | L43: 14281 | N43: =F43-H43 -> -1586 | O43: =J43-L43 -> -1436 | P43: =IF(AND(F43=0,H43=0),0,IF(H43=0,1,IF(F43=0,-1,(F43-H43)/H43))) -> -0.13258652
F44: =SUM(F42:F43) -> 20126 | H44: =SUM(H42:H43) -> 24410 | J44: =SUM(J42:J43) -> 23510 | L44: =SUM(L42:L43) -> 26145
B46: Patrimônio Liquido
B47: Capital Social | C47: 18 | D47: 2.4.1 | F47: =-SUMIF('Balancete 06.2026'!C:C,241,'Balancete 06.2026'!K:K) -> 36154 | H47: 34444 | J47: 34444 | L47: 31458 | N47: =F47-H47 -> 1710 | O47: =J47-L47 -> 2986 | P47: =IF(AND(F47=0,H47=0),0,IF(H47=0,1,IF(F47=0,-1,(F47-H47)/H47))) -> 0.049645802
B48: Reserva Legal | F48: 0 | H48: 0 | J48: 0 | L48: 0 | N48: =F48-H48 -> 0 | O48: =J48-L48 -> 0
B49: Adiant. para Futuro Aumento de Capital | C49: 19 | D49: 2.4.7 | F49: =-SUMIF('Balancete 06.2026'!C:C,247,'Balancete 06.2026'!K:K) -> 1687 | H49: 1711 | J49: 695 | L49: 2986 | N49: =F49-H49 -> -24 | O49: =J49-L49 -> -2291 | P49: =IF(AND(F49=0,H49=0),0,IF(H49=0,1,IF(F49=0,-1,(F49-H49)/H49))) -> -0.014026885
B50: Prejuízos Acumulados | C50: 20 | D50: 2.4.6 | F50: =-SUM(SUMIF('Balancete 06.2026'!C:C,246,'Balancete 06.2026'!K:K),SUMIF('Balancete 06.2026'!C:C,243,'Balancete 06.2026'!K:K)) -> -26166 | H50: -11485 | J50: -3510 | L50: -2834 | N50: =F50-H50 -> -14681 | O50: =J50-L50 -> -676 | P50: =IF(AND(F50=0,H50=0),0,IF(H50=0,1,IF(F50=0,-1,(F50-H50)/H50))) -> 1.278276
F51: =SUM(F47:F50) -> 11675 | H51: =SUM(H47:H50) -> 24670 | J51: =SUM(J47:J50) -> 31629 | L51: =SUM(L47:L50) -> 31610
B54: TOTAL DO PASSIVO E PATRIMÔNIO LÍQUIDO | F54: =F39+F44+F51 -> 72306 | H54: =H51+H44+H39 -> 82706 | J54: =J51+J44+J39 -> 89875 | L54: =L51+L44+L39 -> 83792
B56: As notas explicativas são parte integrante das informações financeiras intermediárias.
F58: =F28-F54 -> 0 | H58: =H28-H54 -> 0 | J58: =J28-J54 -> 0 | L58: =L28-L54 -> 0 | N58: =SUM(N2:N57) -> 0 | O58: =SUM(O3:O57) -> 0
J89: =BP!J470 -> 0

Sheet DRE
B2: =[2]BP!B2 -> Empresa de Pesquisa Energética - EPE
B3: =[2]BP!B3 -> CNPJ 06.977.747/0001-80
B4: Demonstração do Resultado
B5: (em milhares de reais)
F7: Notas | G7: 01/01/2026 a 30/06/2026 (Acumulado) | I7: 01/04/2026 a 30/06/2026 (Trimestre) | K7: 01/01/2025 a 30/06/2025 (Acumulado) | M7: 01/04/2025 a 30/06/2025 (Trimestre)
B9: RECEITA LÍQUIDA | G9: 0 | I9: 0 | K9: 0 | M9: 0
B11: CUSTOS DOS SERVIÇOS PRESTADOS | F11: 22
B12: Remunerações, Encargos Sociais e Benefícios | D12: 4.1.1.01+4.1.1.02+4.1.1.03+4.1.3.01.0017 | G12: =SUM(-SUMIF('Balancete 06.2026'!C:C,4111,'Balancete 06.2026'!K:K),-SUMIF('Balancete 06.2026'!C:C,41110,'Balancete 06.2026'!K:K)-SUMIF('Balancete 06.2026'!C:C,413117,'Balancete 06.2026'!K:K)-SUMIF('Balancete 06.2026'!C:C,4112,'Balancete 06.2026'!K:K)-SUMIF('Balancete 06.2026'!C:C,4113,'Balancete 06.2026'!K:K)) -> -52716 | I12: =SUM(-SUMIF('Balancete trim'!B:B,4111,'Balancete trim'!J:J),-SUMIF('Balancete trim'!B:B,41110,'Balancete trim'!J:J),-SUMIF('Balancete trim'!B:B,413117,'Balancete trim'!J:J),-SUMIF('Balancete trim'!B:B,4112,'Balancete trim'!J:J),-SUMIF('Balancete trim'!B:B,4113,'Balancete trim'!J:J)) -> -27627 | K12: -49010 | M12: -24557 | N12: =IF(AND(G12=0,K12=0),0,IF(K12=0,1,IF(G12=0,-1,(G12-K12)/K12))) -> 0.075617221
B13: Encargos Sociais | G13: 0 | I13: 0 | K13: 0 | M13: 0 | N13: =IF(AND(G13=0,K13=0),0,IF(K13=0,1,IF(G13=0,-1,(G13-K13)/K13))) -> 0
B14: Benefícios | G14: 0 | I14: 0 | K14: 0 | M14: 0 | N14: =IF(AND(G14=0,K14=0),0,IF(K14=0,1,IF(G14=0,-1,(G14-K14)/K14))) -> 0
B15: Materiais | G15: 0 | I15: =G15 -> 0 | K15: 0 | M15: 0 | N15: =IF(AND(G15=0,K15=0),0,IF(K15=0,1,IF(G15=0,-1,(G15-K15)/K15))) -> 0
B16: Serviços de Terceiros | D16: 4.1.3.01 | G16: =-SUMIF('Balancete 06.2026'!C:C,413,'Balancete 06.2026'!K:K)+SUMIF('Balancete 06.2026'!C:C,413117,'Balancete 06.2026'!K:K) -> -5048 | I16: =-SUMIF('Balancete trim'!B:B,413,'Balancete trim'!J:J)+SUMIF('Balancete trim'!B:B,413117,'Balancete trim'!J:J) -> -2577 | K16: -3630 | M16: -1331 | N16: =IF(AND(G16=0,K16=0),0,IF(K16=0,1,IF(G16=0,-1,(G16-K16)/K16))) -> 0.39063361
B17: Gerais de Funcionamento das Instalações | D17: 4.1.6.01 | G17: =-SUMIF('Balancete 06.2026'!C:C,4161,'Balancete 06.2026'!K:K) -> -1292 | I17: =-SUMIF('Balancete trim'!B:B,4161,'Balancete trim'!J:J) -> -643 | K17: -1369 | M17: -675 | N17: =IF(AND(G17=0,K17=0),0,IF(K17=0,1,IF(G17=0,-1,(G17-K17)/K17))) -> -0.056245435
B18: Gerais da Administração | D18: 4.1.6.02 | G18: =-SUMIF('Balancete 06.2026'!C:C,4162,'Balancete 06.2026'!K:K) -> -2554 | I18: =-SUMIF('Balancete trim'!B:B,4162,'Balancete trim'!J:J) -> -1293 | K18: -1457 | M18: -672 | N18: =IF(AND(G18=0,K18=0),0,IF(K18=0,1,IF(G18=0,-1,(G18-K18)/K18))) -> 0.75291695
B19: Impostos, Taxas e Contribuições | D19: 4.1.4 | G19: =-SUMIF('Balancete 06.2026'!C:C,4141,'Balancete 06.2026'!K:K) -> -186 | I19: =-SUMIF('Balancete trim'!B:B,4141,'Balancete trim'!J:J) -> -86 | K19: -189 | M19: -88 | N19: =IF(AND(G19=0,K19=0),0,IF(K19=0,1,IF(G19=0,-1,(G19-K19)/K19))) -> -0.015873016
G20: =SUM(G12:G19) -> -61796 | I20: =SUM(I12:I19) -> -32226 | K20: =SUM(K12:K19) -> -55655 | M20: =SUM(M12:M19) -> -27323
B22: RESULTADO BRUTO | G22: =G9+G20 -> -61796 | I22: =I20+I9 -> -32226 | K22: =K9+K20 -> -55655 | M22: =M9+M20 -> -27323
B24: DESPESAS OPERACIONAIS | F24: 22
B25: Remunerações, Encargos Sociais e Benefícios | D25: 4.2.1.01+4.2.1.02+4.2.1.03+4.2.3.01.0003+4.2.3.01.0017+4.2.3.01.0019 | G25: =-SUMIF('Balancete 06.2026'!C:C,4211,'Balancete 06.2026'!K:K)-SUMIF('Balancete 06.2026'!C:C,42313,'Balancete 06.2026'!K:K)-SUMIF('Balancete 06.2026'!C:C,423117,'Balancete 06.2026'!K:K)-SUMIF('Balancete 06.2026'!C:C,423119,'Balancete 06.2026'!K:K)-SUMIF('Balancete 06.2026'!C:C,4212,'Balancete 06.2026'!K:K)-SUMIF('Balancete 06.2026'!C:C,4213,'Balancete 06.2026'!K:K) -> -25070 | I25: =SUM(-SUMIF('Balancete trim'!B:B,4211,'Balancete trim'!J:J),-SUMIF('Balancete trim'!B:B,42313,'Balancete trim'!J:J),-SUMIF('Balancete trim'!B:B,423117,'Balancete trim'!J:J),-SUMIF('Balancete trim'!B:B,423119,'Balancete trim'!J:J)-SUMIF('Balancete trim'!B:B,4212,'Balancete trim'!J:J)-SUMIF('Balancete trim'!B:B,4213,'Balancete trim'!J:J)) -> -13096 | K25: -22778 | M25: -11292 | N25: =IF(AND(G25=0,K25=0),0,IF(K25=0,1,IF(G25=0,-1,(G25-K25)/K25))) -> 0.10062341
B26: Encargos Sociais | G26: 0 | I26: 0 | K26: 0 | M26: 0 | N26: =IF(AND(G26=0,K26=0),0,IF(K26=0,1,IF(G26=0,-1,(G26-K26)/K26))) -> 0
B27: Benefícios | G27: 0 | I27: 0 | K27: 0 | M27: 0 | N27: =IF(AND(G27=0,K27=0),0,IF(K27=0,1,IF(G27=0,-1,(G27-K27)/K27))) -> 0
B28: Materiais | D28: 4.2.2 | G28: =-SUMIF('Balancete 06.2026'!C:C,422,'Balancete 06.2026'!K:K) -> -22 | I28: =-SUMIF('Balancete trim'!B:B,422,'Balancete trim'!J:J) -> -5 | K28: -48 | M28: -2 | N28: =IF(AND(G28=0,K28=0),0,IF(K28=0,1,IF(G28=0,-1,(G28-K28)/K28))) -> -0.54166667
B29: Serviços de Terceiros | D29: 4.2.3.01 | G29: =-SUMIF('Balancete 06.2026'!C:C,423,'Balancete 06.2026'!K:K)+SUMIF('Balancete 06.2026'!C:C,42313,'Balancete 06.2026'!K:K)+SUMIF('Balancete 06.2026'!C:C,423117,'Balancete 06.2026'!K:K)+SUMIF('Balancete 06.2026'!C:C,423119,'Balancete 06.2026'!K:K)-SUMIF('Balancete 06.2026'!C:C,33213,'Balancete 06.2026'!K:K) -> -4294 | I29: =-SUMIF('Balancete trim'!B:B,423,'Balancete trim'!J:J)+SUMIF('Balancete trim'!B:B,42313,'Balancete trim'!J:J)+SUMIF('Balancete trim'!B:B,423117,'Balancete trim'!J:J)+SUMIF('Balancete trim'!B:B,423119,'Balancete trim'!J:J)-SUMIF('Balancete trim'!B:B,33213,'Balancete trim'!J:J) -> -2499 | K29: -3393 | M29: -1958 | N29: =IF(AND(G29=0,K29=0),0,IF(K29=0,1,IF(G29=0,-1,(G29-K29)/K29))) -> 0.26554671
B30: Gerais de Funcionamento das Instalações | D30: 4.2.6.01 | G30: =-SUMIF('Balancete 06.2026'!C:C,4261,'Balancete 06.2026'!K:K)-SUMIF('Balancete 06.2026'!C:C,42994,'Balancete 06.2026'!K:K) -> -3281 | I30: =-SUMIF('Balancete trim'!B:B,4261,'Balancete trim'!J:J)-SUMIF('Balancete trim'!B:B,42994,'Balancete trim'!J:J) -> -1647 | K30: -3430 | M30: -1707 | N30: =IF(AND(G30=0,K30=0),0,IF(K30=0,1,IF(G30=0,-1,(G30-K30)/K30))) -> -0.043440233
B31: Gerais da Administração | D31: 4.2.6.02 | G31: =-SUMIF('Balancete 06.2026'!C:C,4262,'Balancete 06.2026'!K:K) -> -2427 | I31: =-SUMIF('Balancete trim'!B:B,4262,'Balancete trim'!J:J) -> -1256 | K31: -1250 | M31: -617 | N31: =IF(AND(G31=0,K31=0),0,IF(K31=0,1,IF(G31=0,-1,(G31-K31)/K31))) -> 0.9416
B32: Impostos, Taxas e Contribuições | D32: 4.2.4 | G32: =-SUMIF('Balancete 06.2026'!C:C,424,'Balancete 06.2026'!K:K) -> -454 | I32: =-SUMIF('Balancete trim'!B:B,424,'Balancete trim'!J:J) -> -113 | K32: -103 | M32: -48 | N32: =IF(AND(G32=0,K32=0),0,IF(K32=0,1,IF(G32=0,-1,(G32-K32)/K32))) -> 3.407767
B33: Indenização e provisão de Contingências | G33: =-SUMIF('Balancete 06.2026'!C:C,42541,'Balancete 06.2026'!K:K) -> 0 | I33: =-SUMIF('Balancete trim'!B:B,42541,'Balancete trim'!J:J) -> 0 | K33: 0 | M33: 0
G34: =SUM(G25:G33) -> -35548 | I34: =SUM(I25:I33) -> -18616 | K34: =SUM(K25:K33) -> -31002 | M34: =SUM(M25:M33) -> -15624
B36: OUTRAS RECEITAS OPERACIONAIS
B37: Recursos Recebidos do Tesouro Nacional | F37: 23 | G37: =-SUMIF('Balancete 06.2026'!C:C,311,'Balancete 06.2026'!K:K) -> 75966 | I37: =-SUMIF('Balancete trim'!B:B,311,'Balancete trim'!J:J) -> 32704 | K37: 85919 | M37: 43033
B38: Reembolso de Custos e Despesas - Leilões ANEEL | F38: 24 | G38: =-SUMIF('Balancete 06.2026'!C:C,33212,'Balancete 06.2026'!K:K) -> 3818 | I38: =-SUMIF('Balancete trim'!B:B,33212,'Balancete trim'!J:J) -> 671 | K38: 0 | M38: 0 | N38: =IF(AND(G38=0,K38=0),0,IF(K38=0,1,IF(G38=0,-1,(G38-K38)/K38))) -> 1
B39: Reversão de Provisões para Contingências | D39: 3.3.6 | G39: =-SUMIF('Balancete 06.2026'!C:C,3361,'Balancete 06.2026'!K:K)-SUMIF('Balancete 06.2026'!C:C,33910,'Balancete 06.2026'!K:K) -> 3112 | I39: =-SUMIF('Balancete trim'!B:B,3361,'Balancete trim'!J:J) -> 3112 | K39: 473 | M39: 1 | N39: =IF(AND(G39=0,K39=0),0,IF(K39=0,1,IF(G39=0,-1,(G39-K39)/K39))) -> 5.5792812
B40: Outras receitas | G40: 0 | I40: 0 | K40: 0 | M40: =-SUMIF('Balancete trim 2023'!B:B,33991,'Balancete trim 2023'!J:J) -> 0 | N40: =IF(AND(G40=0,K40=0),0,IF(K40=0,1,IF(G40=0,-1,(G40-K40)/K40))) -> 0
G41: =SUM(G37:G40) -> 82896 | I41: =SUM(I37:I40) -> 36487 | K41: =SUM(K37:K40) -> 86392 | M41: =SUM(M37:M40) -> 43034
B43: RESULTADO ANTES DAS RECEITAS E DESPESAS FINANCEIRAS | G43: =G41+G34+G22 -> -14448 | I43: =I41+I34+I22 -> -14355 | K43: =K41+K34+K22 -> -265 | M43: =M41+M34+M22 -> 87
B45: Receitas Financeiras | D45: 3.3.1 | F45: 25 | G45: =-SUMIF('Balancete 06.2026'!C:C,331,'Balancete 06.2026'!K:K) -> 539 | I45: =-SUMIF('Balancete trim'!B:B,331,'Balancete trim'!J:J) -> 253 | K45: 392 | M45: 168 | N45: =IF(AND(G45=0,K45=0),0,IF(K45=0,1,IF(G45=0,-1,(G45-K45)/K45))) -> 0.375
B46: Despesas Financeiras | D46: 4.2.7 | F46: 25 | G46: =-SUMIF('Balancete 06.2026'!C:C,427,'Balancete 06.2026'!K:K) -> -766 | I46: =-SUMIF('Balancete trim'!B:B,427,'Balancete trim'!J:J) -> -439 | K46: -803 | M46: -306 | N46: =IF(AND(G46=0,K46=0),0,IF(K46=0,1,IF(G46=0,-1,(G46-K46)/K46))) -> -0.04607721
G48: =SUM(G45:G47) -> -227 | I48: =SUM(I45:I47) -> -186 | K48: =SUM(K45:K47) -> -411 | M48: =SUM(M45:M47) -> -138
B50: LUCRO (PREJUÍZO) ANTES DO IRPJ E DA CSLL | G50: =+G43+G48 -> -14675 | I50: =+I43+I48 -> -14541 | K50: =+K43+K48 -> -676 | M50: =+M43+M48 -> -51
B52: IRPJ/CSLL correntes | F52: 26 | G52: =SUM(-SUMIF('Balancete 06.2026'!C:C,4251,'Balancete 06.2026'!K:K),-SUMIF('Balancete 06.2026'!C:C,4252,'Balancete 06.2026'!K:K)) -> -6 | I52: =-SUMIF('Balancete trim'!B:B,4251,'Balancete trim'!J:J)-SUMIF('Balancete trim'!B:B,4252,'Balancete trim'!J:J) -> 0 | K52: 0 | M52: 0
B54: LUCRO LÍQUIDO (PREJUÍZO) DO PERÍODO | G54: =+G50+G52 -> -14681 | I54: =+I50+I52 -> -14541 | K54: =+K50+K52 -> -676 | M54: =+M50+M52 -> -51
B56: =BP!B56 -> As notas explicativas são parte integrante das informações financeiras intermediárias.
G57: =G54+14681 -> 0 | I57: =I54+14541 -> 0 | K57: =K54+676 -> 0 | M57: =M54+51 -> 0

Sheet DRA 
B2: =[2]BP!B2 -> Empresa de Pesquisa Energética - EPE
B3: =[2]BP!B3 -> CNPJ 06.977.747/0001-80
B4: Demonstração do Resultado Abrangente
B5: (em milhares de reais)
G7: =DRE!G7 -> 01/01/2026 a 30/06/2026 (Acumulado) | I7: =DRE!I7 -> 01/04/2026 a 30/06/2026 (Trimestre) | K7: =DRE!K7 -> 01/01/2025 a 30/06/2025 (Acumulado) | M7: =DRE!M7 -> 01/04/2025 a 30/06/2025 (Trimestre)
B9: LUCRO LÍQUIDO (PREJUÍZO) DO PERÍODO | G9: =DRE!G54 -> -14681 | I9: =DRE!I54 -> -14541 | K9: =DRE!K54 -> -676 | M9: =DRE!M54 -> -51
B11: Outros resultados abrangentes | G11: 0 | I11: 0 | K11: 0 | M11: 0
B13: RESULTADO ABRANGENTE TOTAL | G13: =SUM(G9:G12) -> -14681 | I13: =SUM(I9:I12) -> -14541 | K13: =SUM(K9:K12) -> -676 | M13: =SUM(M9:M12) -> -51
G14: =SUM(G9:G12) -> -14681 | K14: =SUM(K9:K12) -> -676
B16: =BP!B56 -> As notas explicativas são parte integrante das informações financeiras intermediárias.
G21: =G13-DRE!G54 -> 0 | I21: =I13-DRE!I54 -> 0 | K21: =K13-DRE!K54 -> 0 | M21: =M13-DRE!M54 -> 0

Sheet DMPL
B5: =BP!B2 -> Empresa de Pesquisa Energética - EPE
B6: =BP!B3 -> CNPJ 06.977.747/0001-80
B7: Demonstração da Mutação do Patrimônio Líquido
B8: =BP!B5 -> (em milhares de reais)
C10: Notas | F10: Reserva Legal | H10: Reserva Especial Proposto
B12: Saldos em 31/12/2020 | D12: 20544 | F12: 163 | H12: 0 | J12: 5667 | L12: 0 | N12: =SUM(D12:L12) -> 26374
N13: =SUM(D13:L13) -> 0
B14: Aumento de Capital | C14: 17 | D14: =J12 -> 5667 | F14: 0 | J14: =-D14 -> -5667 | L14: 0 | N14: =SUM(D14:L14) -> 0
B15: Adiant. para Futuro Aumento de Capital | C15: 18 | D15: 0 | F15: 0 | H15: 0 | J15: 2258 | L15: 0 | N15: =SUM(D15:L15) -> 2258
B16: Prejuízo do Exercício | C16: 19 | D16: 0 | F16: 0 | H16: 0 | J16: 0 | L16: =-3521 -> -3521 | N16: =SUM(D16:L16) -> -3521
B17: Compensação de Prejuízos | C17: 19 | D17: - | F17: -163 | H17: 0 | J17: 0 | L17: =-F17-H17 -> 163 | N17: =SUM(D17:L17) -> 0
D18: Capital Social | J18: Adiantamento para Futuro Aumento de Capital | L18: Prejuízos acumulados | N18: Total
B19: Saldos em 01/01/2022 reapresentado | D19: =SUM(D12:D18) -> 26211 | F19: =SUM(F12:F18) -> 0 | H19: =SUM(H12:H18) -> 0 | J19: =SUM(J12:J18) -> 2258 | L19: -3358 | N19: =SUM(D19:L19) -> 25111 | O19: =N19-BP!J51 -> -6518
B21: Aumento de Capital | C21: 17 | D21: 2258 | F21: 0 | H21: 0 | J21: -2258 | L21: 0 | N21: =SUM(D21:L21) -> 0
B22: Adiant. para Futuro Aumento de Capital | D22: 0 | F22: 0 | H22: 0 | J22: 2550 | L22: 0 | N22: =SUM(D22:L22) -> 2550
B23: Ajustes retrospectivos | D23: 0 | J23: 0 | L23: 0 | N23: =SUM(D23:L23) -> 0
B24: Resultado do Exercício | D24: - | F24: =-F18 -> 0 | H24: 0 | J24: 0 | L24: -3379 | N24: =SUM(D24:L24) -> -3379
B25: Compensação de prejuízos | D25: - | H25: 0 | J25: 0 | N25: =SUM(D25:L25) -> 0
B27: Saldos em 31/12/2022 | D27: 0 | E27: =SUM(E16:E22) -> 0 | F27: =SUM(F19:F26) -> 0 | G27: =SUM(G16:G22) -> 0 | H27: =SUM(H16:H22) -> 0 | I27: =SUM(I16:I22) -> 0 | J27: 0 | L27: 0 | N27: 0
B30: Saldos em 31/12/2022 reapresentado | D30: =SUM(D19:D29) -> 28469 | E30: =SUM(E19:E26) -> 0 | F30: =SUM(F19:F26) -> 0 | G30: =SUM(G19:G26) -> 0 | H30: =SUM(H19:H26) -> 0 | I30: =SUM(I19:I26) -> 0 | J30: =SUM(J19:J29) -> 2550 | L30: =SUM(L19:L29) -> -6737 | N30: =SUM(D30:L30) -> 24282 | O30: =N30-24282 -> 0
B31: Aumento de Capital | C31: 17 | D31: 0 | F31: 0 | H31: 0 | J31: =-D31 -> 0 | L31: 0 | N31: =SUM(D31:L31) -> 0
B33: Aumento de Capital | C33: 18 | D33: 2550 | J33: -2550 | L33: 0 | N33: =SUM(D33:L33) -> 0
B34: Adiant. para Futuro Aumento de Capital | C34: 19 | D34: 0 | F34: 0 | H34: 0 | J34: 439 | L34: 0 | N34: =SUM(D34:L34) -> 439
B35: Ajustes retrospectivos | D35: 0 | J35: 0 | L35: 0 | N35: =SUM(D35:L35) -> 0
B36: Resultado do Exercício | C36: 20 | D36: 0 | F36: =-F25 -> 0 | H36: 0 | J36: 0 | L36: =DRE!K54 -> -676 | N36: =SUM(D36:L36) -> -676
B37: Compensação de prejuízos | D37: 0 | H37: 0 | J37: 0 | L37: 0 | N37: =SUM(D37:L37) -> 0
B39: Saldos em 30/09/2023 reapresentado | D39: 0 | J39: 0 | K39: 0 | L39: 0 | N39: 0 | O39: 0
B42: Saldos em 31/12/2024 | D42: 31458 | E42: =SUM(E26:E41) -> 0 | F42: =SUM(F26:F41) -> 0 | G42: =SUM(G26:G41) -> 0 | H42: =SUM(H26:H41) -> 0 | I42: =SUM(I26:I41) -> 0 | J42: 2986 | L42: -2834 | N42: 31610
B44: Aumento de Capital | C44: 18 | D44: 2986 | J44: -2986 | L44: 0 | N44: 0
B45: Adiant. para Futuro Aumento de Capital | C45: 19 | D45: 0 | F45: 0 | H45: 0 | J45: 695 | L45: 0 | N45: =SUM(D45:L45) -> 695
B46: Ajustes retrospectivos | D46: 0 | J46: 0 | L46: 0 | N46: =SUM(D46:L46) -> 0
B47: Resultado do exercício | C47: 20 | D47: 0 | F47: =-F32 -> 0 | H47: 0 | J47: 0 | L47: =DRE!K54 -> -676 | N47: =SUM(D47:L47) -> -676
B48: Compensação de prejuízos | D48: 0 | H48: 0 | J48: 0 | L48: 0 | N48: =SUM(D48:L48) -> 0
B50: ="Saldos em "&DRE!K7 -> Saldos em 01/01/2025 a 30/06/2025 (Acumulado) | D50: =SUM(D42:D49) -> 34444 | E50: =SUM(E31:E48) -> 0 | F50: =SUM(F31:F48) -> 0 | G50: =SUM(G31:G48) -> 0 | H50: =SUM(H31:H48) -> 0 | I50: =SUM(I31:I48) -> 0 | J50: =SUM(J40:J48) -> 695 | L50: =SUM(L40:L48) -> -3510 | N50: =SUM(N40:N48) -> 31629 | O50: =N50-BP!J51 -> 0
B53: Saldos em 31/12/2025 | D53: 34444 | E53: =SUM(E33:E52) -> 0 | F53: =SUM(F33:F52) -> 0 | G53: =SUM(G33:G52) -> 0 | H53: =SUM(H33:H52) -> 0 | I53: =SUM(I33:I52) -> 0 | J53: 1710 | L53: -11485 | N53: =SUM(D53:L53)+1 -> 24670 | O53: =N53-BP!H51 -> 0
B55: Aumento de Capital | C55: 18 | D55: 1710 | E55: 0 | J55: -1710 | L55: 0 | N55: 0
B56: Adiant. para Futuro Aumento de Capital | C56: 19 | D56: 0 | F56: 0 | H56: 0 | J56: =ROUND(-SUMIF('Balancete 06.2026'!C:C,24711,'Balancete 06.2026'!G:G)/1000,0) -> 1687 | L56: 0 | N56: =SUM(D56:L56) -> 1687
B57: Ajustes retrospectivos | D57: 0 | J57: 0 | L57: 0 | N57: =SUM(D57:L57) -> 0
B58: Resultado do exercício | C58: 20 | D58: 0 | F58: =-F40 -> 0 | H58: 0 | J58: 0 | L58: =DRE!G54 -> -14681 | N58: =SUM(D58:L58) -> -14681
B59: Compensação de prejuízos | D59: 0 | H59: 0 | J59: 0 | L59: 0 | N59: =SUM(D59:L59) -> 0
B61: ="Saldos em "&DRE!G7 -> Saldos em 01/01/2026 a 30/06/2026 (Acumulado) | D61: =SUM(D53:D60) -> 36154 | E61: =SUM(E41:E60) -> 0 | F61: =SUM(F41:F60) -> 0 | G61: =SUM(G41:G60) -> 0 | H61: =SUM(H41:H60) -> 0 | I61: =SUM(I41:I60) -> 0 | J61: =SUM(J53:J60) -> 1687 | L61: =SUM(L53:L60) -> -26166 | N61: =SUM(D61:L61) -> 11675 | O61: =N61-BP!F51 -> 0
D63: =D61-BP!F47 -> 0 | J63: =J61-BP!F49 -> 0 | L63: =L61-BP!F50 -> 0 | N63: =N61-BP!F51 -> 0
B67: =BP!B56 -> As notas explicativas são parte integrante das informações financeiras intermediárias.

Sheet DFC 
B1: =BP!B2 -> Empresa de Pesquisa Energética - EPE
B2: =BP!B3 -> CNPJ 06.977.747/0001-80
B3: Demonstração dos fluxos de Caixa
B4: =BP!B5 -> (em milhares de reais)
D5: 31/01/2024 (inicial) | E5: arrendondamento | F5: =BP!F7 -> 46203 | I5: 45838
B6: Fluxo de caixa das atividades operacionais
B7: Lucro Líquido (Prejuízo) do Período | F7: =DRE!G54 -> -14681 | G7: =SUMIFS(#REF!,#REF!,'DFC '!C7) -> #REF! | I7: =DRE!K54 -> -676
B8: Ajuste de Reclassificação - Recebimento de Subvenções | C8: =IFERROR(VLOOKUP(B8,Listas!$B$21:$C$50,2,FALSE),"") -> 600003 | D8: =SUMIFS('Balancete 06.2026'!O9:O807,'Balancete 06.2026'!M9:M807,'DFC '!C8) -> -75965949 | E8: =ROUND(D8/1000,0) -> -75966 | F8: =E8 -> -75966 | G8: =SUMIFS(#REF!,#REF!,'DFC '!C8) -> #REF! | I8: -85919
B9: Ajustes retrospectivos | C9: =IFERROR(VLOOKUP(B9,Listas!$B$21:$C$50,2,FALSE),"") -> 600004 | D9: =SUMIFS('Balancete 06.2026'!O10:O309,'Balancete 06.2026'!M10:M309,'DFC '!C9) -> 0 | F9: 0 | I9: 0
B10: Depreciação / Amortização | C10: =IFERROR(VLOOKUP(B10,Listas!$B$21:$C$50,2,FALSE),"") -> 600005 | D10: =SUMIFS('Balancete 06.2026'!O11:O309,'Balancete 06.2026'!M11:M309,'DFC '!C10) -> 1213227.5 | E10: =ROUND(D10/1000,0) -> 1213 | F10: =SUMIF('Balancete 06.2026'!C:C,426111,'Balancete 06.2026'!K:K)+SUMIF('Balancete 06.2026'!C:C,426118,'Balancete 06.2026'!K:K) -> 2691 | G10: =SUMIFS(#REF!,#REF!,'DFC '!C10) -> #REF! | I10: 2824
B11: Amortização do direito de uso | C11: =IFERROR(VLOOKUP(B11,Listas!$B$21:$C$50,2,FALSE),"") -> 600006 | D11: =SUMIFS('Balancete 06.2026'!O12:O309,'Balancete 06.2026'!M12:M309,'DFC '!C11) -> 1477644.3 | E11: =ROUND(D11/1000,0) -> 1478 | F11: 0 | G11: =SUMIFS(#REF!,#REF!,'DFC '!C11) -> #REF! | I11: 0
B12: Ajuste a valor presente de arrendamento mercantil | C12: =IFERROR(VLOOKUP(B12,Listas!$B$21:$C$50,2,FALSE),"") -> 600007 | D12: =SUMIFS('Balancete 06.2026'!O13:O309,'Balancete 06.2026'!M13:M309,'DFC '!C12) -> 351869.36 | E12: =ROUND(D12/1000,0) -> 352 | F12: =E12 -> 352 | G12: =SUMIFS(#REF!,#REF!,'DFC '!C12) -> #REF! | I12: 403
B13: Ajustes/Baixas - ativos fixos | C13: 600033 | D13: =SUMIFS('Balancete 06.2026'!O14:O582,'Balancete 06.2026'!M14:M582,'DFC '!C13) -> 0 | E13: =ROUND(D13/1000,0) -> 0 | F13: 0 | I13: 0
B14: Adições/Atualizações/Reversões nas provisões para contingências | C14: =IFERROR(VLOOKUP(B14,Listas!$B$21:$C$50,2,FALSE),"") -> 600008 | D14: =SUMIFS('Balancete 06.2026'!O14:O309,'Balancete 06.2026'!M14:M309,'DFC '!C14) -> -2697689.1 | E14: =ROUND(D14/1000,0) -> -2698 | F14: =E14 -> -2698 | G14: =SUMIFS(#REF!,#REF!,'DFC '!C14) -> #REF! | I14: -1199
B15: Atualização/tributos a compensar/Depósitos Judiciais | C15: =IFERROR(VLOOKUP(B15,Listas!$B$21:$C$50,2,FALSE),"") -> 600009 | D15: =+D16+D17 -> -428 | E15: =ROUND(D15/1000,0) -> 0 | F15: =D15 -> -428 | I15: -393
B16: I) Impostos a recuperar | D16: =-'Impostos a recuperar 2026'!D204 -> -207 | G16: =-'Impostos a recuperar 2023'!H96 -> -30
B17: II) Depósitos judiciais | D17: =-'Depositos 2026'!E45 -> -221 | G17: =-'Depósitos judiciais 2023'!H30 -> -63
C18: =IFERROR(VLOOKUP(B18,Listas!$B$21:$C$50,2,FALSE),"")
B19: Variação nos saldos de ativos e passivos | C19: =IFERROR(VLOOKUP(B19,Listas!$B$21:$C$50,2,FALSE),"")
B20: Conta a Receber - Leilões ANEEL | C20: =IFERROR(VLOOKUP(B20,Listas!$B$21:$C$50,2,FALSE),"") -> 600010 | D20: =SUMIFS('Balancete 06.2026'!O:O,'Balancete 06.2026'!M:M,'DFC '!C20) -> 0 | F20: =+D20/1000 -> 0 | I20: 0
B21: Adiantamentos concedidos | C21: =IFERROR(VLOOKUP(B21,Listas!$B$21:$C$50,2,FALSE),"") -> 600011 | D21: =SUMIFS('Balancete 06.2026'!O21:O309,'Balancete 06.2026'!M21:M309,'DFC '!C21)+1000 -> -3677555.7 | E21: =ROUND(D21/1000,0) -> -3678 | F21: =E21 -> -3678 | G21: =SUMIFS(#REF!,#REF!,'DFC '!C21) -> #REF! | I21: -2904
B22: Despesas antecipadas | C22: =IFERROR(VLOOKUP(B22,Listas!$B$21:$C$50,2,FALSE),"") -> 600012 | D22: =SUMIFS('Balancete 06.2026'!O:O,'Balancete 06.2026'!M:M,'DFC '!C22)-1000 -> 3157908.6 | E22: =ROUND(D22/1000,0) -> 3158 | F22: =E22 -> 3158 | G22: =SUMIFS(#REF!,#REF!,'DFC '!C22) -> #REF! | I22: 776
B23: Depósitos judiciais | C23: =IFERROR(VLOOKUP(B23,Listas!$B$21:$C$50,2,FALSE),"") -> 600013 | D23: =SUMIFS('Balancete 06.2026'!O:O,'Balancete 06.2026'!M:M,'DFC '!C23) -> -1545126.5 | E23: =ROUND(D23/1000,0) -> -1545 | F23: =-'Depositos 2026'!E46 -> -1324 | G23: =SUMIFS(#REF!,#REF!,'DFC '!C23) -> #REF! | I23: 1069
B24: Impostos a recuperar | C24: =IFERROR(VLOOKUP(B24,Listas!$B$21:$C$50,2,FALSE),"") -> 600014 | D24: =SUMIFS('Balancete 06.2026'!O:O,'Balancete 06.2026'!M:M,'DFC '!C24) -> 236152.61 | E24: =ROUND(D24/1000,0) -> 236 | F24: =-'Impostos a recuperar 2026'!D203 -> 382 | G24: =SUMIFS(#REF!,#REF!,'DFC '!C24) -> #REF! | I24: -245
B25: Depesas com provisão para contigências | C25: =IFERROR(VLOOKUP(B25,Listas!$B$21:$C$50,2,FALSE),"") -> 600015 | D25: =SUMIFS('Balancete 06.2026'!O:O,'Balancete 06.2026'!M:M,'DFC '!C25) -> 0 | F25: =E25 -> 0 | I25: 0
B26: Outros ativos | C26: =IFERROR(VLOOKUP(B26,Listas!$B$21:$C$50,2,FALSE),"") -> 600016 | D26: =SUMIFS('Balancete 06.2026'!O:O,'Balancete 06.2026'!M:M,'DFC '!C26) -> -106945.09 | E26: =ROUND(D26/1000,0) -> -107 | F26: =E26 -> -107 | I26: 0
B27: Fornecedores | C27: =IFERROR(VLOOKUP(B27,Listas!$B$21:$C$50,2,FALSE),"") -> 600017 | D27: =SUMIFS('Balancete 06.2026'!O:O,'Balancete 06.2026'!M:M,'DFC '!C27) -> 968809.62 | E27: =ROUND(D27/1000,0) -> 969 | F27: =E27 -> 969 | G27: =SUMIFS(#REF!,#REF!,'DFC '!C27) -> #REF! | I27: 658
B28: Obrigações tributárias | C28: =IFERROR(VLOOKUP(B28,Listas!$B$21:$C$50,2,FALSE),"") -> 600018 | D28: =SUMIFS('Balancete 06.2026'!O:O,'Balancete 06.2026'!M:M,'DFC '!C28) -> -2114584.7 | E28: =ROUND(D28/1000,0) -> -2115 | F28: =E28-F35 -> -2109 | G28: =SUMIFS(#REF!,#REF!,'DFC '!C28) -> #REF! | I28: -1111
B29: Obrigações trabalhistas e sociais | C29: =IFERROR(VLOOKUP(B29,Listas!$B$21:$C$50,2,FALSE),"") -> 600019 | D29: =SUMIFS('Balancete 06.2026'!O:O,'Balancete 06.2026'!M:M,'DFC '!C29) -> 6887235.8 | E29: =ROUND(D29/1000,0)+1 -> 6888 | F29: =E29 -> 6888 | G29: =SUMIFS(#REF!,#REF!,'DFC '!C29) -> #REF! | I29: 9227
B30: Previdência privada complementar | C30: 600032 | D30: =SUMIFS('Balancete 06.2026'!O:O,'Balancete 06.2026'!M:M,'DFC '!C30) -> 1059799.8 | E30: =ROUND(D30/1000,0) -> 1060 | F30: =E30 -> 1060 | I30: 101
B31: Obrigações judiciais | C31: =IFERROR(VLOOKUP(B31,Listas!$B$21:$C$50,2,FALSE),"") -> 600020 | D31: =SUMIFS('Balancete 06.2026'!O:O,'Balancete 06.2026'!M:M,'DFC '!C31) -> 0 | F31: =E31 -> 0 | I31: 0
B32: Obrigações com Cessão de pessoal | C32: 600021 | D32: =SUMIFS('Balancete 06.2026'!O:O,'Balancete 06.2026'!M:M,'DFC '!C32)+1000 -> 1409.06 | E32: =ROUND(D32/1000,0) -> 1 | F32: =E32 -> 1 | G32: =SUMIFS(#REF!,#REF!,'DFC '!C32) -> #REF! | I32: 1
B33: Baixa de provisão para contingência indenizada | F33: 0 | I33: 0
B34: Caixa gerado pelas atividades operacionais | C34: =IFERROR(VLOOKUP(B34,Listas!$B$21:$C$50,2,FALSE),"") | D34: =SUM(D7:D15)+SUM(D20:D32) -> -70754222 | F34: =SUM(F7:F33) -> -85490 | I34: =SUM(I7:I33) -> -77388
B35: Impostos de renda e contribuição social pagos | F35: -6 | I35: -245
B36: Caixa liquído consumido pelas ativades operacionais | F36: =SUM(F34,F35) -> -85496 | I36: =SUM(I34,I35) -> -77633
C37: =IFERROR(VLOOKUP(B37,Listas!$B$21:$C$50,2,FALSE),"")
B38: Fluxo de caixa das atividades de investimentos | C38: =IFERROR(VLOOKUP(B38,Listas!$B$21:$C$50,2,FALSE),"")
B39: Arrendamento mercantil (direito de uso) | C39: =IFERROR(VLOOKUP(B39,Listas!$B$21:$C$50,2,FALSE),"") | D39: =SUMIFS('Balancete 06.2026'!O:O,'Balancete 06.2026'!M:M,'DFC '!C39) -> 0 | E39: 0 | F39: 0 | I39: 0
B40: Aquisição de Intangível | C40: =IFERROR(VLOOKUP(B40,Listas!$B$21:$C$50,2,FALSE),"") -> 600023 | D40: =SUMIFS('Balancete 06.2026'!O:O,'Balancete 06.2026'!M:M,'DFC '!C40) -> -799729.77 | E40: =ROUND(D40/1000,0) -> -800 | F40: =E40 -> -800 | I40: 0
B41: Aquisição de Imobilizado | C41: =IFERROR(VLOOKUP(B41,Listas!$B$21:$C$50,2,FALSE),"") -> 600024 | D41: =SUMIFS('Balancete 06.2026'!O:O,'Balancete 06.2026'!M:M,'DFC '!C41) -> -591599.99 | E41: =ROUND(D41/1000,0) -> -592 | F41: =E41 -> -592 | G41: =SUMIFS(#REF!,#REF!,'DFC '!C41) -> #REF! | I41: -635
B42: Caixa líquido consumido pelas atividades de investimentos | C42: =IFERROR(VLOOKUP(B42,Listas!$B$21:$C$50,2,FALSE),"") | D42: =SUM(D39:D41) -> -1391329.8 | F42: =SUM(F39:F41) -> -1392 | I42: =SUM(I39:I41) -> -635
C43: =IFERROR(VLOOKUP(B43,Listas!$B$21:$C$50,2,FALSE),"")
B44: Fluxo de caixa das atividades de financiamento | C44: =IFERROR(VLOOKUP(B44,Listas!$B$21:$C$50,2,FALSE),"")
B45: Amortização arrendamento mercantil (CPC 06) | C45: =IFERROR(VLOOKUP(B45,Listas!$B$21:$C$50,2,FALSE),"") -> 600026 | D45: =SUMIFS('Balancete 06.2026'!O:O,'Balancete 06.2026'!M:M,'DFC '!C45) -> -1862713.3 | E45: =ROUND(D45/1000,0)+1 -> -1862 | F45: =E45 -> -1862 | G45: =SUMIFS(#REF!,#REF!,'DFC '!C45) -> #REF! | I45: -1771
B46: Recursos recebidos do Tesouro Nacional | C46: =IFERROR(VLOOKUP(B46,Listas!$B$21:$C$50,2,FALSE),"") -> 600027 | D46: =SUMIFS('Balancete 06.2026'!O8:O807,'Balancete 06.2026'!M8:M807,'DFC '!C8)*-1 -> 75965949 | E46: =ROUND(D46/1000,0) -> 75966 | F46: =E46 -> 75966 | G46: =SUMIFS(#REF!,#REF!,'DFC '!C46) -> #REF! | I46: 85919
B47: Adiant. p/ Futuro Aumento de Capital | C47: =IFERROR(VLOOKUP(B47,Listas!$B$21:$C$50,2,FALSE),"") -> 600028 | D47: =SUMIFS('Balancete 06.2026'!O:O,'Balancete 06.2026'!M:M,'DFC '!C47) -> 1687154 | E47: =ROUND(D47/1000,0)-1 -> 1686 | F47: =E47 -> 1686 | G47: =SUMIFS(#REF!,#REF!,'DFC '!C47) -> #REF! | I47: 695
B48: Caixa líquido gerado pelas atividades financiamentos | C48: =IFERROR(VLOOKUP(B48,Listas!$B$21:$C$50,2,FALSE),"") | D48: =SUM(D45:D47) -> 75790390 | F48: =SUM(F45:F47) -> 75790 | I48: =SUM(I45:I47) -> 84843
C49: =IFERROR(VLOOKUP(B49,Listas!$B$21:$C$50,2,FALSE),"")
B50: Aumento no caixa e equivalentes de caixa | C50: =IFERROR(VLOOKUP(B50,Listas!$B$21:$C$50,2,FALSE),"") | D50: =D48+D34+D42 -> 3644838.6 | F50: =F48+F36+F42 -> -11098 | I50: =+I36+I42+I48 -> 6575
C51: =IFERROR(VLOOKUP(B51,Listas!$B$21:$C$50,2,FALSE),"")
B52: No início do exercício | C52: =IFERROR(VLOOKUP(B52,Listas!$B$21:$C$50,2,FALSE),"") -> 600029 | F52: =BP!H11 -> 44517 | I52: 44468
B53: No fim do exercício | C53: =IFERROR(VLOOKUP(B53,Listas!$B$21:$C$50,2,FALSE),"") -> 600030 | F53: =+BP!F11 -> 33419 | I53: 51043
C54: =IFERROR(VLOOKUP(B54,Listas!$B$21:$C$50,2,FALSE),"")
B55: Aumento no caixa e equivalentes de caixa | C55: =IFERROR(VLOOKUP(B55,Listas!$B$21:$C$50,2,FALSE),"") | D55: =(D52-D53)*-1 -> 0 | F55: =(F52-F53)*-1 -> -11098 | I55: =(+I52-I53)*-1 -> 6575
B57: =BP!B56 -> As notas explicativas são parte integrante das informações financeiras intermediárias.
F60: =F50-F55 -> 0 | I60: =I50-I55 -> 0
B64: D I F E R E N Ç A S
F65: Var. 2026 | J65: Var. 2025
B66: ATIVO | J66: =[3]BP!J49-[3]BP!H49 -> 0 | K66: =F5 -> 46203 | M66: =I5 -> 45838
B67: Caixa e Equivalentes | F67: =BP!H11-BP!F11 -> 11098 | J67: =BP!L11-BP!J11 -> -6575 | K67: =F67+F50 -> 0 | M67: =J67+I50 -> 0
B68: Impostos a Recuperar ou Compensáveis | F68: =BP!H12-BP!F12 -> 848 | J68: =BP!L12-BP!J12 -> 870 | K68: =F68+F71+F72-F15-F24-F23 -> 0 | M68: =J68+J71+J72-I15-I24-I23 -> 0
B69: Adiantamentos Concedidos | F69: =BP!H13-BP!F13 -> -3678 | J69: =BP!L13-BP!J13 -> -2904 | K69: =F69-F21 -> 0 | M69: =J69-I21 -> 0
B70: Despesas Antecipadas | F70: =BP!H14-BP!F14 -> 3158 | J70: =BP!L14-BP!J14 -> 776 | K70: =F70-F22 -> 0 | M70: =J70-I22+J73-I26 -> 0
B71: Impostos a Recuperar ou Compensáveis | F71: =BP!H19-BP!F19 -> -673 | J71: =BP!L19-BP!J19 -> -1308 | K71: não se aplica | M71: não se aplica
B72: Depósitos Judiciais | F72: =BP!H20-BP!F20 -> -1545 | J72: =BP!L20-BP!J20 -> 869 | K72: não se aplica | M72: não se aplica
B73: Despesas Antecipadas | F73: =BP!H21-BP!F21 -> 0 | J73: =BP!L17-BP!J17 -> 0 | K73: não se aplica | M73: não se aplica
B74: Outros ativos | F74: =BP!H15-BP!F15 -> -107 | J74: =BP!L18-BP!J18 -> 0 | K74: =F74-F26 -> 0
B75: Imobilizado | F75: =BP!H22-BP!F22 -> 342 | J75: =BP!L22-BP!J22 -> 289 | K75: =F75+F76+F77-F41-F10-F13-F40-F39 -> 0 | M75: =J75+J76+J77-I41-I10-I11-I13-I40 -> 0
B76: Direito de usos | F76: =BP!H23-BP!F23 -> 1478 | J76: =BP!L23-BP!J23 -> 1396 | K76: não se aplica | M76: não se aplica
B77: Intangível | F77: =BP!H24-BP!F24 -> -521 | J77: =BP!L24-BP!J24 -> 504 | K77: não se aplica | M77: não se aplica
B79: PASSIVO
B80: Fornecedores | F80: =BP!F32-BP!H32 -> 969 | J80: =BP!J32-BP!L32 -> 658 | K80: =F80-F27 -> 0 | M80: =J80-I27 -> 0
B81: Obrigações Fiscais | F81: =BP!F33-BP!H33 -> -2115 | J81: =BP!J33-BP!L33 -> -1356 | K81: =F81-F35-F28 -> 0 | M81: =J81-I35-I28 -> 0
B82: Obrigações Trabalhistas e Sociais | F82: =BP!F34-BP!H34 -> 6888 | J82: =BP!J34-BP!L34 -> 9227 | K82: =F82-F29 -> 0 | M82: =J82-I29 -> 0
B83: Provisões para Contingências | F83: =BP!H35-BP!F35 -> 0 | J83: 0 | K83: =F83+F87-F14-F33 -> 0 | M83: =J83+J87-I14-I33 -> 0
B84: Obrigações com a Cessão de Pessoal | F84: =BP!F36-BP!H36 -> 1 | J84: =BP!J36-BP!L36 -> 1 | K84: =F84-F32 -> 0 | M84: =J84-I32 -> 0
B85: Previdência Privada Complementar | F85: =BP!F37-BP!H37 -> 1060 | J85: =BP!J37-BP!L37 -> 101 | K85: =F85-F30 -> 0 | M85: =J85-I30 -> 0
B86: Arrendamento Mercantil | F86: =BP!F38-BP!H38 -> 76 | J86: =BP!J38-BP!L38 -> 68 | K86: =F86+F88-F45-F12 -> 0 | M86: =J86+J88-I45-I12 -> 0
B87: Provisões para Contingências | F87: =BP!F42-BP!H42 -> -2698 | J87: =BP!J42-BP!L42 -> -1199 | K87: não se aplica | M87: não se aplica
B88: Arrendamento Mercantil | F88: =BP!F43-BP!H43 -> -1586 | J88: =BP!J43-BP!L43 -> -1436 | K88: não se aplica | M88: não se aplica
B90: PATRIMONIO LIQUIDO
B91: Capital Social | F91: =BP!F47-BP!H47 -> 1710 | J91: =BP!J47-BP!L47 -> 2986 | K91: =F91+F93-F47 -> 0 | M91: =J91+J93-I47 -> 0
B92: Reserva Legal | F92: 0
B93: Adiant. para Futuro Aumento de Capital | F93: =BP!F49-BP!H49 -> -24 | J93: =BP!J49-BP!L49 -> -2291 | K93: não se aplica | M93: 0
B94: Prejuízos Acumulados | F94: =BP!F50-BP!H50 -> -14681 | J94: =BP!J50-BP!L50 -> -676 | K94: =F94-F7 -> 0 | M94: =J94-I7 -> 0
F95: =SUM(F67:F94) -> 0 | J95: =SUM(J66:J94) -> 0 | K95: =SUM(K67:K94) -> 0 | M95: =SUM(M67:M94) -> 0

Sheet DVA 
B2: =BP!B2 -> Empresa de Pesquisa Energética - EPE
B3: =BP!B3 -> CNPJ 06.977.747/0001-80
B4: Demonstração do Valor Adicionado
B5: =BP!B5 -> (em milhares de reais)
F7: 45322 | G7: arrendondamento | H7: ='DFC '!F5 -> 46203 | L7: 45838
B9: Receitas
C10: Subsídios Públicos | E10: =IFERROR(VLOOKUP(C10,Listas!$B$2:$C$20,2,FALSE),"") -> 500002 | F10: =IF(SUMIFS('Balancete 06.2026'!$I$8:$I$580,'Balancete 06.2026'!$L$8:$L$580,'DVA '!E10)>0,SUMIFS('Balancete 06.2026'!$I$8:$I$580,'Balancete 06.2026'!$L$8:$L$580,'DVA '!E10),SUMIFS('Balancete 06.2026'!$I$8:$I$580,'Balancete 06.2026'!$L$8:$L$580,'DVA '!E10)*-1) -> 75965949 | G10: =ROUND(F10/1000,0) -> 75966 | H10: =G10 -> 75966 | I10: =IF(SUMIFS('Balancete 08.2023'!$I$7:$I$997,'Balancete 08.2023'!$L$7:$L$997,'DVA '!E10)>0,SUMIFS('Balancete 08.2023'!$I$7:$I$997,'Balancete 08.2023'!$L$7:$L$997,'DVA '!E10),SUMIFS('Balancete 08.2023'!$I$7:$I$997,'Balancete 08.2023'!$L$7:$L$997,'DVA '!E10)*-1) -> 81538428 | J10: =ROUND(I10/1000,0) -> 81538 | L10: 85919 | N10: =H10+'DFC '!F8 -> 0 | O10: =L10+'DFC '!I8 -> 0
C11: Outras Receitas | E11: =IFERROR(VLOOKUP(C11,Listas!$B$2:$C$20,2,FALSE),"") -> 500003 | F11: =IF(SUMIFS('Balancete 06.2026'!$I$8:$I$580,'Balancete 06.2026'!$L$8:$L$580,'DVA '!E11)>0,SUMIFS('Balancete 06.2026'!$I$8:$I$580,'Balancete 06.2026'!$L$8:$L$580,'DVA '!E11),SUMIFS('Balancete 06.2026'!$I$8:$I$580,'Balancete 06.2026'!$L$8:$L$580,'DVA '!E11)*-1) -> 6935288.8 | G11: =ROUND(F11/1000,0) -> 6935 | H11: =G11 -> 6935 | I11: =IF(SUMIFS('Balancete 08.2023'!$I$7:$I$997,'Balancete 08.2023'!$L$7:$L$997,'DVA '!E11)>0,SUMIFS('Balancete 08.2023'!$I$7:$I$997,'Balancete 08.2023'!$L$7:$L$997,'DVA '!E11),SUMIFS('Balancete 08.2023'!$I$7:$I$997,'Balancete 08.2023'!$L$7:$L$997,'DVA '!E11)*-1) -> 2855666.8 | J11: =ROUND(I11/1000,0) -> 2856 | L11: 473
E12: =IFERROR(VLOOKUP(C12,Listas!$B$2:$C$20,2,FALSE),"") | F12: =SUM(F10:F11) -> 82901238 | H12: =SUM(H10:H11) -> 82901 | L12: =SUM(L10:L11) -> 86392
E13: =IFERROR(VLOOKUP(C13,Listas!$B$2:$C$20,2,FALSE),"")
B14: Insumos | E14: =IFERROR(VLOOKUP(C14,Listas!$B$2:$C$20,2,FALSE),"")
C15: Materiais, utilidades, serviços de terceiros e outros | E15: =IFERROR(VLOOKUP(C15,Listas!$B$2:$C$20,2,FALSE),"") -> 500004 | F15: =IF(SUMIFS('Balancete 06.2026'!$I$8:$I$580,'Balancete 06.2026'!$L$8:$L$580,'DVA '!E15)>0,SUMIFS('Balancete 06.2026'!$I$8:$I$580,'Balancete 06.2026'!$L$8:$L$580,'DVA '!E15),SUMIFS('Balancete 06.2026'!$I$8:$I$580,'Balancete 06.2026'!$L$8:$L$580,'DVA '!E15)*-1) -> 14940196 | G15: =ROUND(F15/1000,0) -> 14940 | H15: =-G15 -> -14940 | I15: =IF(SUMIFS('Balancete 08.2023'!$I$7:$I$997,'Balancete 08.2023'!$L$7:$L$997,'DVA '!E15)>0,SUMIFS('Balancete 08.2023'!$I$7:$I$997,'Balancete 08.2023'!$L$7:$L$997,'DVA '!E15),SUMIFS('Balancete 08.2023'!$I$7:$I$997,'Balancete 08.2023'!$L$7:$L$997,'DVA '!E15)*-1) -> 14863906 | J15: =ROUND(I15/1000,0) -> 14864 | L15: -10777
E16: =IFERROR(VLOOKUP(C16,Listas!$B$2:$C$20,2,FALSE),"") | F16: =SUM(F15) -> 14940196 | H16: =SUM(H15) -> -14940 | L16: =SUM(L15) -> -10777
E17: =IFERROR(VLOOKUP(C17,Listas!$B$2:$C$20,2,FALSE),"")
B18: Valor Adicionado Bruto | E18: =IFERROR(VLOOKUP(C18,Listas!$B$2:$C$20,2,FALSE),"") | F18: =+F12-F16 -> 67961042 | G18: =ROUND(F18/1000,0) -> 67961 | H18: =H12+H16 -> 67961 | L18: =+L12+L16 -> 75615
E19: =IFERROR(VLOOKUP(C19,Listas!$B$2:$C$20,2,FALSE),"")
C20: Depreciação e Amortização | E20: =IFERROR(VLOOKUP(C20,Listas!$B$2:$C$20,2,FALSE),"") -> 500005 | F20: =IF(SUMIFS('Balancete 06.2026'!$I$8:$I$580,'Balancete 06.2026'!$L$8:$L$580,'DVA '!E20)>0,SUMIFS('Balancete 06.2026'!$I$8:$I$580,'Balancete 06.2026'!$L$8:$L$580,'DVA '!E20),SUMIFS('Balancete 06.2026'!$I$8:$I$580,'Balancete 06.2026'!$L$8:$L$580,'DVA '!E20)*-1) -> 2690871.8 | G20: =ROUND(F20/1000,0) -> 2691 | H20: =-G20 -> -2691 | I20: =IF(SUMIFS('Balancete 08.2023'!$I$7:$I$997,'Balancete 08.2023'!$L$7:$L$997,'DVA '!E20)>0,SUMIFS('Balancete 08.2023'!$I$7:$I$997,'Balancete 08.2023'!$L$7:$L$997,'DVA '!E20),SUMIFS('Balancete 08.2023'!$I$7:$I$997,'Balancete 08.2023'!$L$7:$L$997,'DVA '!E20)*-1) -> 2149771.8 | J20: =ROUND(I20/1000,0) -> 2150 | L20: -2824 | N20: =H20+'DFC '!F10 -> 0 | O20: =L20+'DFC '!I10+'DFC '!I11 -> 0
E21: =IFERROR(VLOOKUP(C21,Listas!$B$2:$C$20,2,FALSE),"")
B22: Valor Adicionado Líquido produzido | E22: =IFERROR(VLOOKUP(C22,Listas!$B$2:$C$20,2,FALSE),"") | F22: =+F18-F20 -> 65270170 | G22: =ROUND(F22/1000,0) -> 65270 | H22: =H18+H20 -> 65270 | L22: =L18+L20 -> 72791
E23: =IFERROR(VLOOKUP(C23,Listas!$B$2:$C$20,2,FALSE),"")
B24: Valor Adicionado recebido em transferência | E24: =IFERROR(VLOOKUP(C24,Listas!$B$2:$C$20,2,FALSE),"")
C25: Receitas Financeiras | E25: =IFERROR(VLOOKUP(C25,Listas!$B$2:$C$20,2,FALSE),"") -> 500006 | F25: =IF(SUMIFS('Balancete 06.2026'!$I$8:$I$580,'Balancete 06.2026'!$L$8:$L$580,'DVA '!E25)>0,SUMIFS('Balancete 06.2026'!$I$8:$I$580,'Balancete 06.2026'!$L$8:$L$580,'DVA '!E25),SUMIFS('Balancete 06.2026'!$I$8:$I$580,'Balancete 06.2026'!$L$8:$L$580,'DVA '!E25)*-1) -> 539063.07 | G25: =ROUND(F25/1000,0) -> 539 | H25: =G25 -> 539 | I25: =IF(SUMIFS('Balancete 08.2023'!$I$7:$I$997,'Balancete 08.2023'!$L$7:$L$997,'DVA '!E25)>0,SUMIFS('Balancete 08.2023'!$I$7:$I$997,'Balancete 08.2023'!$L$7:$L$997,'DVA '!E25),SUMIFS('Balancete 08.2023'!$I$7:$I$997,'Balancete 08.2023'!$L$7:$L$997,'DVA '!E25)*-1) -> 415768.49 | J25: =ROUND(I25/1000,0) -> 416 | L25: 392
C26: Reversão de Custos e Despesas | E26: =IFERROR(VLOOKUP(C26,Listas!$B$2:$C$20,2,FALSE),"") -> 500007 | F26: =IF(SUMIFS('Balancete 06.2026'!$I$8:$I$580,'Balancete 06.2026'!$L$8:$L$580,'DVA '!E26)>0,SUMIFS('Balancete 06.2026'!$I$8:$I$580,'Balancete 06.2026'!$L$8:$L$580,'DVA '!E26),SUMIFS('Balancete 06.2026'!$I$8:$I$580,'Balancete 06.2026'!$L$8:$L$580,'DVA '!E26)*-1) -> 0 | G26: 0 | H26: =G26 -> 0 | L26: 0
E27: =IFERROR(VLOOKUP(C27,Listas!$B$2:$C$20,2,FALSE),"") | F27: =SUM(F25:F26) -> 539063.07 | H27: =SUM(H25:H26) -> 539 | L27: =SUM(L25:L26) -> 392
E28: =IFERROR(VLOOKUP(C28,Listas!$B$2:$C$20,2,FALSE),"")
E29: =IFERROR(VLOOKUP(C29,Listas!$B$2:$C$20,2,FALSE),"")
B30: Valor Adicionado Total a Distribuir | E30: =IFERROR(VLOOKUP(D30,Listas!$B$2:$C$20,2,FALSE),"") | F30: =+F22+F27 -> 65809233 | G30: =ROUND(F30/1000,0) -> 65809 | H30: =+H22+H27 -> 65809 | L30: =+L22+L27 -> 73183
B31: Distribuição do valor adicionado | E31: =IFERROR(VLOOKUP(D31,Listas!$B$2:$C$20,2,FALSE),"")
C32: Pessoal | E32: =IFERROR(VLOOKUP(D32,Listas!$B$2:$C$20,2,FALSE),"")
D33: Remuneração Direta | E33: =IFERROR(VLOOKUP(D33,Listas!$B$2:$C$20,2,FALSE),"") -> 500008 | F33: =IF(SUMIFS('Balancete 06.2026'!$I$8:$I$580,'Balancete 06.2026'!$L$8:$L$580,'DVA '!E33)>0,SUMIFS('Balancete 06.2026'!$I$8:$I$580,'Balancete 06.2026'!$L$8:$L$580,'DVA '!E33),SUMIFS('Balancete 06.2026'!$I$8:$I$580,'Balancete 06.2026'!$L$8:$L$580,'DVA '!E33)*-1) -> 54481724 | G33: =ROUND(F33/1000,0)+1 -> 54483 | H33: =G33 -> 54483 | I33: =IF(SUMIFS('Balancete 08.2023'!$I$7:$I$997,'Balancete 08.2023'!$L$7:$L$997,'DVA '!E33)>0,SUMIFS('Balancete 08.2023'!$I$7:$I$997,'Balancete 08.2023'!$L$7:$L$997,'DVA '!E33),SUMIFS('Balancete 08.2023'!$I$7:$I$997,'Balancete 08.2023'!$L$7:$L$997,'DVA '!E33)*-1) -> 43276087 | J33: =ROUND(I33/1000,0) -> 43276 | L33: 50240
D34: Benefícios | E34: =IFERROR(VLOOKUP(D34,Listas!$B$2:$C$20,2,FALSE),"") -> 500009 | F34: =IF(SUMIFS('Balancete 06.2026'!$I$8:$I$580,'Balancete 06.2026'!$L$8:$L$580,'DVA '!E34)>0,SUMIFS('Balancete 06.2026'!$I$8:$I$580,'Balancete 06.2026'!$L$8:$L$580,'DVA '!E34),SUMIFS('Balancete 06.2026'!$I$8:$I$580,'Balancete 06.2026'!$L$8:$L$580,'DVA '!E34)*-1) -> 8428396.2 | G34: =ROUND(F34/1000,0) -> 8428 | H34: =G34 -> 8428 | I34: =IF(SUMIFS('Balancete 08.2023'!$I$7:$I$997,'Balancete 08.2023'!$L$7:$L$997,'DVA '!E34)>0,SUMIFS('Balancete 08.2023'!$I$7:$I$997,'Balancete 08.2023'!$L$7:$L$997,'DVA '!E34),SUMIFS('Balancete 08.2023'!$I$7:$I$997,'Balancete 08.2023'!$L$7:$L$997,'DVA '!E34)*-1) -> 5970412.6 | J34: =ROUND(I34/1000,0) -> 5970 | L34: 7615
D35: FGTS | E35: =IFERROR(VLOOKUP(D35,Listas!$B$2:$C$20,2,FALSE),"") -> 500010 | F35: =IF(SUMIFS('Balancete 06.2026'!$I$8:$I$580,'Balancete 06.2026'!$L$8:$L$580,'DVA '!E35)>0,SUMIFS('Balancete 06.2026'!$I$8:$I$580,'Balancete 06.2026'!$L$8:$L$580,'DVA '!E35),SUMIFS('Balancete 06.2026'!$I$8:$I$580,'Balancete 06.2026'!$L$8:$L$580,'DVA '!E35)*-1) -> 4200952.3 | G35: =ROUND(F35/1000,0) -> 4201 | H35: =G35 -> 4201 | I35: =IF(SUMIFS('Balancete 08.2023'!$I$7:$I$997,'Balancete 08.2023'!$L$7:$L$997,'DVA '!E35)>0,SUMIFS('Balancete 08.2023'!$I$7:$I$997,'Balancete 08.2023'!$L$7:$L$997,'DVA '!E35),SUMIFS('Balancete 08.2023'!$I$7:$I$997,'Balancete 08.2023'!$L$7:$L$997,'DVA '!E35)*-1) -> 3356405.2 | J35: =ROUND(I35/1000,0) -> 3356 | L35: 3856
D36: Contingências trabalhistas | E36: =IFERROR(VLOOKUP(D36,Listas!$B$2:$C$20,2,FALSE),"") -> 500011 | F36: =IF(SUMIFS('Balancete 06.2026'!$I$8:$I$582,'Balancete 06.2026'!$L$8:$L$582,'DVA '!E36)>0,SUMIFS('Balancete 06.2026'!$I$8:$I$582,'Balancete 06.2026'!$L$8:$L$582,'DVA '!E36),SUMIFS('Balancete 06.2026'!$I$8:$I$582,'Balancete 06.2026'!$L$8:$L$582,'DVA '!E36)*-1) -> 0 | G36: =ROUND(F36/1000,0) -> 0 | H36: =G36 -> 0 | I36: =IF(SUMIFS('Balancete 08.2023'!$I$7:$I$997,'Balancete 08.2023'!$L$7:$L$997,'DVA '!E36)>0,SUMIFS('Balancete 08.2023'!$I$7:$I$997,'Balancete 08.2023'!$L$7:$L$997,'DVA '!E36),SUMIFS('Balancete 08.2023'!$I$7:$I$997,'Balancete 08.2023'!$L$7:$L$997,'DVA '!E36)*-1) -> 150786.72 | J36: =ROUND(I36/1000,0) -> 151 | L36: 0
D37: Contingências civis | F37: 0 | G37: =F37/1000 -> 0 | H37: =G37 -> 0 | L37: 0
E38: =IFERROR(VLOOKUP(D38,Listas!$B$2:$C$20,2,FALSE),"") | F38: =SUM(F33:F36) -> 67111073 | H38: =SUM(H33:H37) -> 67112 | L38: =SUM(L33:L37) -> 61711
E39: =IFERROR(VLOOKUP(D39,Listas!$B$2:$C$20,2,FALSE),"")
C40: Governos (Impostos, taxas e contribuições) | E40: =IFERROR(VLOOKUP(D40,Listas!$B$2:$C$20,2,FALSE),"")
D41: Federais (inclui a contribuição previdenciária e sindical) | E41: =IFERROR(VLOOKUP(D41,Listas!$B$2:$C$20,2,FALSE),"") -> 500012 | F41: =IF(SUMIFS('Balancete 06.2026'!$I$8:$I$580,'Balancete 06.2026'!$L$8:$L$580,'DVA '!E41)>0,SUMIFS('Balancete 06.2026'!$I$8:$I$580,'Balancete 06.2026'!$L$8:$L$580,'DVA '!E41),SUMIFS('Balancete 06.2026'!$I$8:$I$580,'Balancete 06.2026'!$L$8:$L$580,'DVA '!E41)*-1) -> 12173135 | G41: =ROUND(F41/1000,0) -> 12173 | H41: =G41 -> 12173 | I41: =IF(SUMIFS('Balancete 08.2023'!$I$7:$I$997,'Balancete 08.2023'!$L$7:$L$997,'DVA '!E41)>0,SUMIFS('Balancete 08.2023'!$I$7:$I$997,'Balancete 08.2023'!$L$7:$L$997,'DVA '!E41),SUMIFS('Balancete 08.2023'!$I$7:$I$997,'Balancete 08.2023'!$L$7:$L$997,'DVA '!E41)*-1) -> 9690959.7 | J41: =ROUND(I41/1000,0) -> 9691 | L41: 10956
D42: Estaduais (inclui IPVA) | E42: =IFERROR(VLOOKUP(D42,Listas!$B$2:$C$20,2,FALSE),"") -> 500013 | F42: =IF(SUMIFS('Balancete 06.2026'!$I$8:$I$580,'Balancete 06.2026'!$L$8:$L$580,'DVA '!E42)>0,SUMIFS('Balancete 06.2026'!$I$8:$I$580,'Balancete 06.2026'!$L$8:$L$580,'DVA '!E42),SUMIFS('Balancete 06.2026'!$I$8:$I$580,'Balancete 06.2026'!$L$8:$L$580,'DVA '!E42)*-1) -> 19715.54 | G42: =ROUND(F42/1000,0) -> 20 | H42: =G42 -> 20 | I42: =IF(SUMIFS('Balancete 08.2023'!$I$7:$I$997,'Balancete 08.2023'!$L$7:$L$997,'DVA '!E42)>0,SUMIFS('Balancete 08.2023'!$I$7:$I$997,'Balancete 08.2023'!$L$7:$L$997,'DVA '!E42),SUMIFS('Balancete 08.2023'!$I$7:$I$997,'Balancete 08.2023'!$L$7:$L$997,'DVA '!E42)*-1) -> 22222.56 | J42: =ROUND(I42/1000,0) -> 22 | L42: 26
D43: Municipais | E43: =IFERROR(VLOOKUP(D43,Listas!$B$2:$C$20,2,FALSE),"") -> 500014 | F43: =IF(SUMIFS('Balancete 06.2026'!$I$8:$I$580,'Balancete 06.2026'!$L$8:$L$580,'DVA '!E43)>0,SUMIFS('Balancete 06.2026'!$I$8:$I$580,'Balancete 06.2026'!$L$8:$L$580,'DVA '!E43),SUMIFS('Balancete 06.2026'!$I$8:$I$580,'Balancete 06.2026'!$L$8:$L$580,'DVA '!E43)*-1) -> 241488.53 | G43: =ROUND(F43/1000,0) -> 241 | H43: =G43 -> 241 | I43: =IF(SUMIFS('Balancete 08.2023'!$I$7:$I$997,'Balancete 08.2023'!$L$7:$L$997,'DVA '!E43)>0,SUMIFS('Balancete 08.2023'!$I$7:$I$997,'Balancete 08.2023'!$L$7:$L$997,'DVA '!E43),SUMIFS('Balancete 08.2023'!$I$7:$I$997,'Balancete 08.2023'!$L$7:$L$997,'DVA '!E43)*-1) -> 297636.88 | J43: =ROUND(I43/1000,0) -> 298 | L43: 249
D44: Indenizações trabalhistas | E44: =IFERROR(VLOOKUP(D44,Listas!$B$2:$C$20,2,FALSE),"") | F44: =-IF(SUMIFS('Balancete 06.2026'!$I$8:$I$580,'Balancete 06.2026'!$L$8:$L$580,'DVA '!E44)>0,SUMIFS('Balancete 06.2026'!$I$8:$I$580,'Balancete 06.2026'!$L$8:$L$580,'DVA '!E44),SUMIFS('Balancete 06.2026'!$I$8:$I$580,'Balancete 06.2026'!$L$8:$L$580,'DVA '!E44)*-1) -> 0 | G44: =ROUND(F44/1000,0) -> 0 | H44: 0 | I44: =IF(SUMIFS('Balancete 08.2023'!$I$7:$I$997,'Balancete 08.2023'!$L$7:$L$997,'DVA '!E44)>0,SUMIFS('Balancete 08.2023'!$I$7:$I$997,'Balancete 08.2023'!$L$7:$L$997,'DVA '!E44),SUMIFS('Balancete 08.2023'!$I$7:$I$997,'Balancete 08.2023'!$L$7:$L$997,'DVA '!E44)*-1) -> 0 | J44: =ROUND(I44/1000,0) -> 0 | L44: 0
E45: =IFERROR(VLOOKUP(D45,Listas!$B$2:$C$20,2,FALSE),"") | F45: =SUM(F41:F44) -> 12434339 | H45: =SUM(H41:H44) -> 12434 | L45: =SUM(L41:L44) -> 11231
E46: =IFERROR(VLOOKUP(D46,Listas!$B$2:$C$20,2,FALSE),"")
C47: Remuneração do capital de terceiros | E47: =IFERROR(VLOOKUP(D47,Listas!$B$2:$C$20,2,FALSE),"")
D48: Juros, multas e atualizações monetárias | E48: =IFERROR(VLOOKUP(D48,Listas!$B$2:$C$20,2,FALSE),"") -> 500016 | F48: =IF(SUMIFS('Balancete 06.2026'!$I$8:$I$580,'Balancete 06.2026'!$L$8:$L$580,'DVA '!E48)>0,SUMIFS('Balancete 06.2026'!$I$8:$I$580,'Balancete 06.2026'!$L$8:$L$580,'DVA '!E48),SUMIFS('Balancete 06.2026'!$I$8:$I$580,'Balancete 06.2026'!$L$8:$L$580,'DVA '!E48)*-1)-F26 -> 765981.09 | G48: =ROUND(F48/1000,0) -> 766 | H48: =G48 -> 766 | I48: =IF(SUMIFS('Balancete 08.2023'!$I$7:$I$997,'Balancete 08.2023'!$L$7:$L$997,'DVA '!E48)>0,SUMIFS('Balancete 08.2023'!$I$7:$I$997,'Balancete 08.2023'!$L$7:$L$997,'DVA '!E48),SUMIFS('Balancete 08.2023'!$I$7:$I$997,'Balancete 08.2023'!$L$7:$L$997,'DVA '!E48)*-1) -> 1179739.4 | J48: =ROUND(I48/1000,0) -> 1180 | L48: 803
D49: Alugueis | E49: =IFERROR(VLOOKUP(D49,Listas!$B$2:$C$20,2,FALSE),"") -> 500017 | F49: =IF(SUMIFS('Balancete 06.2026'!$I$8:$I$580,'Balancete 06.2026'!$L$8:$L$580,'DVA '!E49)>0,SUMIFS('Balancete 06.2026'!$I$8:$I$580,'Balancete 06.2026'!$L$8:$L$580,'DVA '!E49),SUMIFS('Balancete 06.2026'!$I$8:$I$580,'Balancete 06.2026'!$L$8:$L$580,'DVA '!E49)*-1) -> 122133.97 | G49: =ROUND(F49/1000,0) -> 122 | H49: =G49 -> 122 | I49: =IF(SUMIFS('Balancete 08.2023'!$I$7:$I$997,'Balancete 08.2023'!$L$7:$L$997,'DVA '!E49)>0,SUMIFS('Balancete 08.2023'!$I$7:$I$997,'Balancete 08.2023'!$L$7:$L$997,'DVA '!E49),SUMIFS('Balancete 08.2023'!$I$7:$I$997,'Balancete 08.2023'!$L$7:$L$997,'DVA '!E49)*-1) -> 2464089.4 | J49: =ROUND(I49/1000,0) -> 2464 | L49: 114
D50: Despesas não dedutiveis | E50: =IFERROR(VLOOKUP(D50,Listas!$B$2:$C$20,2,FALSE),"") | F50: =IF(SUMIFS('Balancete 06.2026'!$I$8:$I$580,'Balancete 06.2026'!$L$8:$L$580,'DVA '!E50)>0,SUMIFS('Balancete 06.2026'!$I$8:$I$580,'Balancete 06.2026'!$L$8:$L$580,'DVA '!E50),SUMIFS('Balancete 06.2026'!$I$8:$I$580,'Balancete 06.2026'!$L$8:$L$580,'DVA '!E50)*-1) -> 0 | G50: =ROUND(F50/1000,0) -> 0 | H50: 56 | L50: 0
E51: =IFERROR(VLOOKUP(D51,Listas!$B$2:$C$20,2,FALSE),"") | F51: =SUM(F48:F50) -> 888115.06 | H51: =SUM(H48:H50) -> 944 | L51: =SUM(L48:L50) -> 917
E52: =IFERROR(VLOOKUP(D52,Listas!$B$2:$C$20,2,FALSE),"")
C53: Remuneração dos capitais próprios | E53: =IFERROR(VLOOKUP(D53,Listas!$B$2:$C$20,2,FALSE),"")
D54: Prejuízo do exercício | E54: =IFERROR(VLOOKUP(D54,Listas!$B$2:$C$20,2,FALSE),"") | F54: =IF(SUMIFS('Balancete 06.2026'!$I$8:$I$580,'Balancete 06.2026'!$L$8:$L$580,'DVA '!E54)>0,SUMIFS('Balancete 06.2026'!$I$8:$I$580,'Balancete 06.2026'!$L$8:$L$580,'DVA '!E54),SUMIFS('Balancete 06.2026'!$I$8:$I$580,'Balancete 06.2026'!$L$8:$L$580,'DVA '!E54)*-1) -> 0 | G54: =ROUND(F54/1000,0) -> 0 | H54: =DRE!G54 -> -14681 | I54: =IF(SUMIFS('Balancete 08.2023'!$I$7:$I$997,'Balancete 08.2023'!$L$7:$L$997,'DVA '!E54)>0,SUMIFS('Balancete 08.2023'!$I$7:$I$997,'Balancete 08.2023'!$L$7:$L$997,'DVA '!E54),SUMIFS('Balancete 08.2023'!$I$7:$I$997,'Balancete 08.2023'!$L$7:$L$997,'DVA '!E54)*-1) -> 0 | J54: =ROUND(I54/1000,0) -> 0 | L54: =DRE!K54 -> -676 | N54: =H54-DRE!G54 -> 0 | O54: =L54-DRE!K54 -> 0
E55: =IFERROR(VLOOKUP(D55,Listas!$B$2:$C$20,2,FALSE),"") | F55: =SUM(F54) -> 0 | H55: =SUM(H54) -> -14681 | L55: =SUM(L54) -> -676
E56: =IFERROR(VLOOKUP(D56,Listas!$B$2:$C$20,2,FALSE),"")
B57: Valor Adicionado Total Distribuido | E57: =IFERROR(VLOOKUP(D57,Listas!$B$2:$C$20,2,FALSE),"") | F57: =+F38+F45+F51+F55 -> 80433527 | G57: =ROUND(F57/1000,0) -> 80434 | H57: =+H38+H45+H51+H55 -> 65809 | L57: =+L38+L45+L51+L55 -> 73183
B59: =BP!B56 -> As notas explicativas são parte integrante das informações financeiras intermediárias.
F62: =F30-F57 -> -14624294 | H62: =H30-H57 -> 0 | L62: =+L30-L57 -> 0

Sheet Teste de soma
A1: Descrição | C1: 30/06/2025 | D1: 45657
A2: A - Recursos do Tesouro Nacional (Conta Limite de Saque) | C2: 12452 | D2: 5552
A3: B - Recursos Próprios | C3: 38591 | D3: 38916
A4: Total | C4: =SUM(C2:C3) -> 51043 | D4: =SUM(D2:D3) -> 44468
C6: 51043 | D6: 44468
A8: Descrição | C8: 45838 | D8: 45657
A9: COFINS a Recuperar | C9: 2 | D9: 2
A10: IRPJ Estimativa 2025 | C10: 179 | D10: -
A11: CSLL Estimativa 2025 | C11: 67 | D11: -
A12: IRPJ Estimativa 2024 | C12: 604 | D12: 569
A13: CSLL Estimativa 2024 | C13: 205 | D13: 193
A14: IRPJ Estimativa 2023 | C14: 838 | D14: 794
A15: CSLL Estimativa 2023 | C15: 391 | D15: 370
A16: IRPJ Estimativa 2022 | C16: 150 | D16: 143
A17: IRPJ Estimativa 2021 | C17: 220 | D17: 210
A18: IR a Compensar – Pagamento a maior | C18: 26 | D18: 25
A19: CSLL a Compensar – Pagamento a maior | C19: 172 | D19: 164
A20: COSIRF | C20: 3 | D20: 2
A21: IRRF a Restituir | C21: 4 | D21: 4
A22: IRRF a Compensar | C22: 1050 | D22: 998
A23: ISS a Restituir | C23: 5 | D23: 5
A24: INSS a recuperar | C24: 1 | D24: -
A25: Total | C25: =SUM(C9:C24) -> 3917 | D25: =SUM(D9:D24) -> 3479
A27: Curto Prazo: | C27: 3917 | D27: 3479
A29: Descrição | C29: 45838 | D29: 45657
A30: IRPJ Estimativa | C30: 783 | D30: 1363
A31: CSLL Estimativa | C31: 272 | D31: 563
A32: Outros | C32: 1 | D32: -
A33: Total | C33: =SUM(C30:C32) -> 1056 | D33: =SUM(D30:D32) -> 1926
A35: Longo Prazo: | C35: 1056 | D35: 1926
A37: Descrição | C37: 45838 | D37: 45657
A38: IRPJ Estimativa | C38: 1208 | D38: 353
A39: CSLL Estimativa | C39: 391 | D39: -
A40: Contribuição social a compensar – pagamento a maior | C40: 172 | D40: 164
A41: IRRF a compensar | C41: 1050 | D41: 998
A42: Outros | C42: 40 | D42: 38
A43: Total | C43: =SUM(C38:C42) -> 2861 | D43: =SUM(D38:D42) -> 1553
C45: 2861 | D45: 1553
C47: 45838 | D47: 45657
A48: Adiantamento de Férias | C48: 206 | D48: 773
A49: Adiantamento de 13° Salários | C49: 3471 | D49: -
A50: Total | C50: =SUM(C48:C49) -> 3677 | D50: =SUM(D48:D49) -> 773
C52: 3677 | D52: 773
A54: Descrição | C54: 45838 | D54: 45657
A55: Prêmio de seguros | C55: 87 | D55: 183
A56: Assinaturas e anuidades | C56: 757 | D56: 1073
A57: Provedores de informação | C57: 64 | D57: 204
A58: IPTU a apropriar | C58: 253 | D58: -
A59: Manutenção de software | C59: 2825 | D59: 3302
A60: Totais | C60: =SUM(C55:C59) -> 3986 | D60: =SUM(D55:D59) -> 4762
C62: 3986 | D62: 4762
A64: Descrição | C64: 45838 | D64: 45657
A65: Tributários (i) | C65: 4439 | D65: 4307
A66: Trabalhistas (ii) | C66: 1268 | D66: 2274
A67: Cíveis (iii) | C67: 182 | D67: 177
A68: Total | C68: =SUM(C65:C67) -> 5889 | D68: =SUM(D65:D67) -> 6758
C70: 5889 | D70: 6758
B72: Taxa anual de depreciação | C72: Custo | E72: Depreciação | G72: 30.06.2025 | I72: 31.12.2024
A73: Descrição | C73: Corrigido | E73: Acumulada | G73: Líquido | I73: Líquido
A74: Instalações | B74: 0.1 | C74: 2565 | E74: -1088 | G74: 1477 | I74: 1604
A75: Máquinas e equipamentos | B75: 0.1 | C75: 823 | E75: -766 | G75: 57 | I75: 68
A76: Equipamentos de informática | B76: 0.2 | C76: 13810 | E76: -10214 | G76: 3596 | I76: 3697
A77: Móveis e utensílios | B77: 0.1 | C77: 2799 | E77: -2090 | G77: 709 | I77: 759
A78: Total | C78: =SUM(C74:C77) -> 19997 | E78: =SUM(E74:E77) -> -14158 | G78: =SUM(G74:G77) -> 5839 | I78: =SUM(I74:I77) -> 6128
C80: 19997 | E80: -14158 | G80: 5839 | I80: 6128
B82: 31.12.2024 | D82: Adições | E82: Depreciação | G82: 30.06.2025
A83: Descrição | B83: Líquido | G83: Líquido
A84: Instalações | B84: 1604 | D84: - | E84: -127 | G84: 1477
A85: Máquinas e equipamentos | B85: 68 | D85: - | E85: -11 | G85: 57
A86: Equipamentos de informática | B86: 3697 | D86: 635 | E86: -736 | G86: 3596
A87: Móveis e utensílios | B87: 759 | D87: - | E87: -50 | G87: 709
A88: Total | B88: =SUM(B84:B87) -> 6128 | D88: =SUM(D84:D87) -> 635 | E88: =SUM(E84:E87) -> -924 | G88: =SUM(G84:G87) -> 5839
B90: 6128 | D90: 635 | E90: -924 | G90: 5839
B92: 31.12.2024 | C92: Amortização | D92: 30.06.2025 | E92: 31.12.2024
A93: Descrição | B93: Bruto | C93: Acumulada | D93: Líquido | E93: Líquido
A94: Direito de uso de bens arrendados | B94: 23739 | C94: -9775 | D94: 13964 | E94: 15360
A95: Total | B95: 23739 | C95: -9775 | D95: 13964 | E95: 15360
C97: 45838 | E97: 45657
A99: Arrendamento de curto prazo | C99: 2838 | E99: 2770
A100: Arrendamento de longo prazo | C100: 12845 | E100: 14281
C101: =SUM(C99:C100) -> 15683 | E101: =SUM(E99:E100) -> 17051
C103: 15683 | E103: 17051
A105: 18987
A107: -1708
A108: 452
A109: =A105+A107+A108 -> 17731
B110: 17731
A111: 17051
A112: -1771
A113: 403
A114: =A111+A112+A113 -> 15683
A116: 15683
A118: Fornecedores | C118: 45838 | E118: 45657
A119: Pluxee Benefícios Brasil S.A. | C119: 416 | E119: -
A120: Previ – Caixa de Previdência dos funcionários | C120: 201 | E120: -
A121: Austral Seguradora S.A. | C121: - | E121: 195
A122: Time Multisserviços Ltda. | C122: 152 | E122: -
A123: MGS Clean Soluções e Serviços Ltda. | C123: 90 | E123: -
A124: TSE Consulting Ltda. | C124: - | E124: 68
A125: Cooper Power Systems Brasil Ltda. | C125: 49 | E125: -
...

Sheet NE
A2: 4. Instrumentos Financeiros
A3: Ativos Financeiros | B3: =BP!F7 -> 46203 | D3: =BP!H7 -> 46022
A4: Custo amortizado
A5: Caixa e equivalentes | B5: =SUMIF('Balancete 06.2026'!C:C,111,'Balancete 06.2026'!K:K) -> 33419 | D5: =SUMIF('Balancete 06.2026'!C:C,111,'Balancete 06.2026'!E:E)/1000 -> 44516.807
B6: =SUM(B5) -> 33419 | D6: =SUM(D5) -> 44516.807
A7: T.Soma | B7: =B6-B5 -> 0 | D7: =D6-D5 -> 0
A8: T.Cruzamento | B8: =BP!F11-NE!B5 -> 0 | D8: =BP!H11-NE!D5 -> 0.19309
A10: Passivos Financeiros
A11: Custo amortizado
A12: Fornecedores | B12: =-SUMIF('Balancete 06.2026'!C:C,2114,'Balancete 06.2026'!K:K) -> 1165 | D12: =-SUMIF('Balancete 06.2026'!C:C,2114,'Balancete 06.2026'!E:E)/1000 -> 196.02361
A13: Arrendamentos | B13: =-SUMIF('Balancete 06.2026'!C:C,21116,'Balancete 06.2026'!K:K)-SUMIF('Balancete 06.2026'!C:C,2218,'Balancete 06.2026'!K:K) -> 13511 | D13: =-SUMIF('Balancete 06.2026'!C:C,21116,'Balancete 06.2026'!E:E)/1000-SUMIF('Balancete 06.2026'!C:C,2218,'Balancete 06.2026'!E:E)/1000 -> 15021.097
B14: =SUM(B12:B13) -> 14676 | D14: =SUM(D12:D13) -> 15217.12
A15: T.soma | B15: =B14-B12-B13 -> 0 | D15: =D14-D12-D13 -> 0
A16: T.Cruzamento | B16: =BP!F32+B13-NE!B12-BP!F38-BP!F43 -> 0 | D16: =D14-BP!H43-BP!H38-BP!H32 -> 0.12014
A18: 5. Caixa e equivalentes
A19: Descrição | C19: =BP!F7 -> 46203 | E19: =BP!H7 -> 46022
A20: A - Recursos do Tesouro Nacional | C20: 13646 | E20: =ROUND(7061430.6/1000,0) -> 7061
A21: B - Recursos Próprios | C21: 19773 | E21: 37456
A22: Total | C22: =SUM(C20:C21) -> 33419 | E22: =SUM(E20:E21) -> 44517
B23: T.Soma | C23: =SUM(C20,C21)-C22 -> 0 | E23: =SUM(E20,E21)-E22 -> 0
B24: T.Cruzamento | C24: =BP!F11-NE!C22 -> 0 | E24: =BP!H11-E22 -> 0
A26: 6.Tributos a recuperar ou compensáveis
A27: Descrição | C27: =BP!F7 -> 46203 | E27: =BP!H7 -> 46022
A28: COFINS a Recuperar | C28: =SUMIF('Balancete 06.2026'!C:C,12139,'Balancete 06.2026'!K:K)+SUMIF('Balancete 06.2026'!C:C,11239,'Balancete 06.2026'!K:K) -> 2 | E28: =ROUND(SUMIF('Balancete 06.2026'!C:C,12139,'Balancete 06.2026'!E:E)/1000,0) -> 2
A29: IRPJ Estimativa | C29: =SUMIF('Balancete 06.2026'!C:C,112316,'Balancete 06.2026'!K:K) -> 0 | E29: 0
A30: CSLL Estimativa | C30: =SUMIF('Balancete 06.2026'!C:C,112317,'Balancete 06.2026'!K:K) -> 0 | E30: 0
A31: IRPJ Estimativa 2025 | C31: =SUMIF('Balancete 06.2026'!C:C,112342,'Balancete 06.2026'!K:K) -> 191 | E31: =ROUND(SUMIF('Balancete 06.2026'!C:C,112316,'Balancete 06.2026'!E:E)/1000,0) -> 179
A32: CSLL Estimativa 2025 | C32: =SUMIF('Balancete 06.2026'!C:C,112343,'Balancete 06.2026'!K:K) -> 71 | E32: =ROUND(SUMIF('Balancete 06.2026'!C:C,112317,'Balancete 06.2026'!E:E)/1000,0) -> 67
A33: IRPJ Estimativa 2024 | C33: =SUMIF('Balancete 06.2026'!C:C,121320,'Balancete 06.2026'!K:K) -> 683 | E33: =ROUND(SUMIF('Balancete 06.2026'!C:C,112340,'Balancete 06.2026'!E:E)/1000,0) -> 645
A34: CSLL Estimativa 2024 | C34: =SUMIF('Balancete 06.2026'!C:C,121321,'Balancete 06.2026'!K:K) -> 231 | E34: =ROUND(SUMIF('Balancete 06.2026'!C:C,112341,'Balancete 06.2026'!E:E)/1000,0) -> 219
A35: IRPJ Estimativa 2023 | C35: =SUMIF('Balancete 06.2026'!C:C,121318,'Balancete 06.2026'!K:K) -> 693 | E35: 890
A36: CSLL Estimativa 2023 | C36: =SUMIF('Balancete 06.2026'!C:C,121319,'Balancete 06.2026'!K:K) -> 438 | E36: 415
A37: IRPJ Estimativa 2022 | C37: =SUMIF('Balancete 06.2026'!C:C,121315,'Balancete 06.2026'!K:K) -> 0 | E37: =ROUND(SUMIF('Balancete 06.2026'!C:C,121315,'Balancete 06.2026'!E:E)/1000,0) -> 143
A38: IRPJ Estimativa 2021 | C38: =SUMIF('Balancete 06.2026'!C:C,121313,'Balancete 06.2026'!K:K) -> 241 | E38: =ROUND(SUMIF('Balancete 06.2026'!C:C,121313,'Balancete 06.2026'!E:E)/1000,0) -> 231
A39: IR a compensar – pagamento a maior | C39: =SUMIF('Balancete 06.2026'!C:C,12131,'Balancete 06.2026'!K:K) -> 29 | E39: =ROUND(SUMIF('Balancete 06.2026'!C:C,12131,'Balancete 06.2026'!E:E)/1000,0) -> 28
A40: Contribuição social a compensar – pagamento a maior | C40: =SUMIF('Balancete 06.2026'!C:C,12135,'Balancete 06.2026'!K:K) -> 188 | E40: =ROUND(SUMIF('Balancete 06.2026'!C:C,12135,'Balancete 06.2026'!E:E)/1000,0) -> 180
A41: COSIRF a restituir | C41: =SUMIF('Balancete 06.2026'!C:C,121317,'Balancete 06.2026'!K:K)+SUMIF('Balancete 06.2026'!C:C,112334,'Balancete 06.2026'!K:K) -> 2 | E41: =ROUND(SUMIF('Balancete 06.2026'!C:C,121317,'Balancete 06.2026'!E:E)/1000,0) -> 2
A42: IRRF a restituir | C42: =SUMIF('Balancete 06.2026'!C:C,121311,'Balancete 06.2026'!K:K) -> 5 | E42: =ROUND(SUMIF('Balancete 06.2026'!C:C,121311,'Balancete 06.2026'!E:E)/1000,0) -> 5
A43: IRRF a compensar | C43: =SUMIF('Balancete 06.2026'!C:C,121316,'Balancete 06.2026'!K:K) -> 1167 | E43: =ROUND(SUMIF('Balancete 06.2026'!C:C,121316,'Balancete 06.2026'!E:E)/1000,0)-1 -> 1110
A44: PIS a restituir | C44: =SUMIF('Balancete 06.2026'!C:C,112327,'Balancete 06.2026'!K:K) -> 0 | E44: =SUMIF('Balancete 06.2026'!C:C,112333,'Balancete 06.2026'!E:E)/1000 -> 0
A45: CSLL Estimativa 2022 | C45: =SUMIF('Balancete 06.2026'!C:C,112337,'Balancete 06.2026'!K:K) -> 0 | E45: =SUMIF('Balancete 06.2026'!C:C,112337,'Balancete 06.2026'!E:E)/1000 -> 0
A46: ISS a restituir | C46: =SUMIF('Balancete 06.2026'!C:C,12134,'Balancete 06.2026'!K:K) -> 5 | E46: =ROUND(SUMIF('Balancete 06.2026'!C:C,12134,'Balancete 06.2026'!E:E)/1000,0) -> 5
A47: INSS a recuperar | C47: 0 | E47: =SUMIF('Balancete 06.2026'!C:C,112310,'Balancete 06.2026'!E:E)/1000-1 -> -0.40184
A48: Totais | C48: =SUM(C28:C47) -> 3946 | E48: =SUM(E28:E47) -> 4120.5982
B49: T.soma | C49: =SUM(C28:C47)-C48 -> 0 | E49: =SUM(E28:E47)-E48 -> 0
B50: T.Cruzamento | C50: =SUM(C70,C89)-C48 -> 0 | E50: =SUM(E70,E89)-E48 -> 0.39056
A51: Curto Prazo:
A52: Descrição | C52: =B3 -> 46203 | E52: =D3 -> 46022
A53: COFINS a Recuperar | C53: =SUMIF('Balancete 06.2026'!C:C,11239,'Balancete 06.2026'!K:K) -> 0 | E53: =SUMIF('Balancete 06.2026'!C:C,11239,'Balancete 06.2026'!E:E)/1000 -> 0 | F53: =C53-C28+C79 -> 0
A54: IRRF a compensar | C54: =SUMIF('Balancete 06.2026'!C:C,112323,'Balancete 06.2026'!K:K) -> 0 | E54: =SUMIF('Balancete 06.2026'!C:C,112323,'Balancete 06.2026'!E:E)/1000 -> 0
A55: IRRF a restituir | C55: =SUMIF('Balancete 06.2026'!C:C,112325,'Balancete 06.2026'!K:K) -> 0 | E55: =SUMIF('Balancete 06.2026'!C:C,112325,'Balancete 06.2026'!E:E)/1000 -> 0
A56: IRPJ Estimativa 2021 | C56: =SUMIF('Balancete 06.2026'!C:C,112332,'Balancete 06.2026'!K:K) -> 0 | E56: =SUMIF('Balancete 06.2026'!C:C,112332,'Balancete 06.2026'!E:E)/1000 -> 0
A57: CSLL Estimativa 2021 | C57: =SUMIF('Balancete 06.2026'!C:C,112333,'Balancete 06.2026'!K:K) -> 0 | E57: =SUMIF('Balancete 06.2026'!C:C,112333,'Balancete 06.2026'!E:E)/1000 -> 0
A58: COSIRF a restituir | C58: =SUMIF('Balancete 06.2026'!C:C,112334,'Balancete 06.2026'!K:K) -> 0 | E58: =SUMIF('Balancete 06.2026'!C:C,112334,'Balancete 06.2026'!E:E)/1000 -> 0 | F58: =C58+C83-C41 -> 0
A59: IRPJ Estimativa 2022 | C59: =SUMIF('Balancete 06.2026'!C:C,112336,'Balancete 06.2026'!K:K) -> 0 | E59: =SUMIF('Balancete 06.2026'!C:C,112336,'Balancete 06.2026'!E:E)/1000 -> 0
A60: CSLL Estimativa 2022 | C60: =SUMIF('Balancete 06.2026'!C:C,112337,'Balancete 06.2026'!K:K) -> 0 | E60: =SUMIF('Balancete 06.2026'!C:C,112337,'Balancete 06.2026'!E:E)/1000 -> 0
A61: IRPJ Estimativa | C61: =SUMIF('Balancete 06.2026'!C:C,112316,'Balancete 06.2026'!K:K) -> 0 | E61: =SUMIF('Balancete 06.2026'!C:C,112316,'Balancete 06.2026'!E:E)/1000 -> 178.62972 | F61: =C61-C29 -> 0
A62: CSLL Estimativa | C62: =SUMIF('Balancete 06.2026'!C:C,112317,'Balancete 06.2026'!K:K) -> 0 | E62: =SUMIF('Balancete 06.2026'!C:C,112317,'Balancete 06.2026'!E:E)/1000+1 -> 67.62572 | F62: =C62-C30 -> 0
A63: IRPJ Estimativa 2023 | C63: =SUMIF('Balancete 06.2026'!C:C,112338,'Balancete 06.2026'!K:K) -> 0 | E63: =SUMIF('Balancete 06.2026'!C:C,112338,'Balancete 06.2026'!E:E)/1000 -> 0
A64: PIS a restituir | C64: =SUMIF('Balancete 06.2026'!C:C,112327,'Balancete 06.2026'!K:K) -> 0 | E64: =SUMIF('Balancete 06.2026'!C:C,112339,'Balancete 06.2026'!E:E)/1000 -> 0 | F64: =C64-C44 -> 0
A65: IRPJ Estimativa 2024 | C65: =SUMIF('Balancete 06.2026'!C:C,112340,'Balancete 06.2026'!K:K) -> 0 | E65: =SUMIF('Balancete 06.2026'!C:C,112340,'Balancete 06.2026'!E:E)/1000 -> 645.45696 | F65: 0
A66: CSLL Estimativa 2024 | C66: =SUMIF('Balancete 06.2026'!C:C,112341,'Balancete 06.2026'!K:K) -> 0 | E66: =SUMIF('Balancete 06.2026'!C:C,112341,'Balancete 06.2026'!E:E)/1000 -> 218.65565 | F66: 0
A67: IRPJ Estimativa 2025 | C67: =SUMIF('Balancete 06.2026'!C:C,112342,'Balancete 06.2026'!K:K) -> 191 | E67: 0 | F67: =C67-C31 -> 0
A68: CSLL Estimativa 2025 | C68: =SUMIF('Balancete 06.2026'!C:C,112343,'Balancete 06.2026'!K:K) -> 71 | E68: 0 | F68: =C68-C32 -> 0
A69: INSS a recuperar | C69: 0 | E69: =SUMIF('Balancete 06.2026'!C:C,112310,'Balancete 06.2026'!E:E)/1000-1 -> -0.40184 | F69: =C69-C47 -> 0
A70: Totais | C70: =SUM(C53:C69) -> 262 | E70: =SUM(E53:E69) -> 1109.9662
B71: T.Soma | C71: =SUM(C53:C69)-C70 -> 0 | E71: =SUM(E53:E69)-E70 -> 0
B72: T.Cruzamento | C72: =BP!F12-NE!C70 -> 0 | E72: =E70-BP!H12 -> -0.03379
A74: Longo Prazo:
A75: Descrição | C75: =B3 -> 46203 | E75: =D3 -> 46022
A76: IR a compensar – pagamento a maior | C76: =SUMIF('Balancete 06.2026'!C:C,12131,'Balancete 06.2026'!K:K) -> 29 | E76: =SUMIF('Balancete 06.2026'!C:C,12131,'Balancete 06.2026'!E:E)/1000 -> 27.57784 | F76: =C76-C39 -> 0
A77: Contribuição social a compensar – pagamento a maior | C77: =SUMIF('Balancete 06.2026'!C:C,12135,'Balancete 06.2026'!K:K) -> 188 | E77: =SUMIF('Balancete 06.2026'!C:C,12135,'Balancete 06.2026'!E:E)/1000 -> 180.37261 | F77: =C77-C40 -> 0
A78: ISS a restituir | C78: =SUMIF('Balancete 06.2026'!C:C,12134,'Balancete 06.2026'!K:K) -> 5 | E78: =SUMIF('Balancete 06.2026'!C:C,12134,'Balancete 06.2026'!E:E)/1000 -> 4.64058 | F78: =C78-C46 -> 0
A79: COFINS a Recuperar | C79: =SUMIF('Balancete 06.2026'!C:C,12139,'Balancete 06.2026'!K:K) -> 2 | E79: =SUMIF('Balancete 06.2026'!C:C,12139,'Balancete 06.2026'!E:E)/1000 -> 1.92893 | F79: =C79-C28+C53 -> 0
A80: IRRF a compensar | C80: =SUMIF('Balancete 06.2026'!C:C,121316,'Balancete 06.2026'!K:K) -> 1167 | E80: =SUMIF('Balancete 06.2026'!C:C,121316,'Balancete 06.2026'!E:E)/1000 -> 1110.7892 | F80: =C80-C43 -> 0
A81: IRRF a restituir | C81: =SUMIF('Balancete 06.2026'!C:C,121311,'Balancete 06.2026'!K:K) -> 5 | E81: =SUMIF('Balancete 06.2026'!C:C,121311,'Balancete 06.2026'!E:E)/1000 -> 4.58403 | F81: =C81-C42 -> 0
A82: IRPJ Estimativa 2021 | C82: =SUMIF('Balancete 06.2026'!C:C,121313,'Balancete 06.2026'!K:K) -> 241 | E82: =SUMIF('Balancete 06.2026'!C:C,121313,'Balancete 06.2026'!E:E)/1000 -> 231.10373 | F82: =C82-C38 -> 0
A83: COSIRF a restituir | C83: =SUMIF('Balancete 06.2026'!C:C,121317,'Balancete 06.2026'!K:K) -> 2 | E83: =SUMIF('Balancete 06.2026'!C:C,121317,'Balancete 06.2026'!E:E)/1000 -> 2.3008 | F83: =C83+C58-C41 -> 0
A84: IRPJ Estimativa 2022 | C84: =SUMIF('Balancete 06.2026'!C:C,121315,'Balancete 06.2026'!K:K) -> 0 | E84: =SUMIF('Balancete 06.2026'!C:C,121315,'Balancete 06.2026'!E:E)/1000 -> 142.72478 | F84: =C84-C37 -> 0
A85: IRPJ Estimativa 2023 | C85: =SUMIF('Balancete 06.2026'!C:C,121318,'Balancete 06.2026'!K:K) -> 693 | E85: 890 | F85: =C85-C35 -> 0
A86: CSLL Estimativa 2023 | C86: =SUMIF('Balancete 06.2026'!C:C,121319,'Balancete 06.2026'!K:K) -> 438 | E86: 415 | F86: =C86-C36 -> 0
A87: IRPJ Estimativa 2024 | C87: =SUMIF('Balancete 06.2026'!C:C,121320,'Balancete 06.2026'!K:K) -> 683 | E87: 0 | F87: =C87-C33 -> 0
A88: CSLL Estimativa 2024 | C88: =SUMIF('Balancete 06.2026'!C:C,121321,'Balancete 06.2026'!K:K) -> 231 | E88: 0 | F88: =C88-C34 -> 0
A89: Totais | C89: =SUM(C76:C88) -> 3684 | E89: =SUM(E76:E86) -> 3011.0225
B90: T.Soma | C90: =SUM(C76:C88)-C89 -> 0 | E90: =SUM(E76:E86)-E89 -> 0
B91: T.Cruzamento | C91: =C89-BP!F19 -> 0 | E91: =E89-BP!H19 -> 0.02251
A93: 7. Adiantamentos concedidos
C94: =B3 -> 46203 | E94: =D3 -> 46022
A95: Adiantamento de férias | C95: =SUMIF('Balancete 06.2026'!C:C,11241,'Balancete 06.2026'!K:K) -> 448 | E95: =SUMIF('Balancete 06.2026'!C:C,11241,'Balancete 06.2026'!E:E)/1000 -> 633.73195
A96: Adiantamento de 13º salários | C96: =SUMIF('Balancete 06.2026'!C:C,11242,'Balancete 06.2026'!K:K) -> 3864 | E96: =SUMIF('Balancete 06.2026'!C:C,11242,'Balancete 06.2026'!E:E)/1000 -> 0
A97: Total | C97: =SUM(C95:C96) -> 4312 | E97: =SUM(E95:E96) -> 633.73195
B98: T.Soma | C98: =SUM(C95:C96)-C97 -> 0 | E98: =SUM(E95:E96)-E97 -> 0
B99: T.Cruzamento | C99: =C97-BP!F13 -> 0 | E99: =E97-BP!H13 -> -0.26805
A101: 8. Despesas antecipadas
A102: Curto Prazo:
A103: Descrição | C103: =B3 -> 46203 | E103: =D3 -> 46022
A104: Prêmio de seguros | C104: =SUMIF('Balancete 06.2026'!C:C,11311,'Balancete 06.2026'!K:K) -> 25 | E104: =SUMIF('Balancete 06.2026'!C:C,11311,'Balancete 06.2026'!E:E)/1000 -> 51.83562
A105: Assinaturas e anuidades | C105: =SUMIF('Balancete 06.2026'!C:C,11312,'Balancete 06.2026'!K:K) -> 1526 | E105: =SUMIF('Balancete 06.2026'!C:C,11312,'Balancete 06.2026'!E:E)/1000 -> 3176.1897
A106: Provedores de informação | C106: =SUMIF('Balancete 06.2026'!C:C,11313,'Balancete 06.2026'!K:K) -> 59 | E106: =SUMIF('Balancete 06.2026'!C:C,11313,'Balancete 06.2026'!E:E)/1000 -> 133.79522
A107: IPTU a propriar | C107: =SUMIF('Balancete 06.2026'!C:C,11315,'Balancete 06.2026'!K:K) -> 245 | E107: =SUMIF('Balancete 06.2026'!C:C,11315,'Balancete 06.2026'!E:E)/1000 -> 0
...

Sheet Balancete trim 2023
A1: EMPRESA DE PESQUISA ENERGETICA - EPE | B1: Balancete Contábil Analítico
A2: 06.977.747/0001-80
A4: 01/07/2023 a 31/07/2023
A5: Emissão: 08/08/2024
A7: Conta | B7: Reduzido | C7: Descrição | D7: Anterior | E7: Débitos | F7: Créditos | G7: Movimento | H7: Saldo Atual
A8: 1 | B8: 1 | C8: Ativo | D8: 59130992 | E8: 22660714 | F8: -23104478 | G8: -443764.3 | H8: 58687228 | I8: =G8/1000 -> -443.7643 | J8: =ROUND(I8,0) -> -444
A9: 1.1 | B9: 11 | C9: Circulante | D9: 44871637 | E9: 22210797 | F9: -22366734 | G9: -155936.7 | H9: 44715700 | I9: =G9/1000 -> -155.9367 | J9: =ROUND(I9,0) -> -156
A10: 1.1.1 | B10: 111 | C10: Disponibilidades | D10: 36379417 | E10: 19207502 | F10: -19117962 | G10: 89540.08 | H10: 36468957 | I10: =G10/1000 -> 89.54008 | J10: =ROUND(I10,0) -> 90
A11: 1.1.1.02 | B11: 1112 | C11: Bancos | D11: 36379417 | E11: 19207502 | F11: -19117962 | G11: 89540.08 | H11: 36468957 | I11: =G11/1000 -> 89.54008 | J11: =ROUND(I11,0) -> 90
A12: 1.1.1.02.0042 | B12: CO | C12: Receita Cota Orçamentária | D12: 0 | E12: 5259622.4 | F12: -5259622.4 | G12: 0 | H12: 0 | I12: =G12/1000 -> 0 | J12: =ROUND(I12,0) -> 0
A13: 1.1.1.02.0043 | B13: BBT | C13: Banco do Brasil - Fonte do Tesouro | D13: 8904278.9 | E13: 13024895 | F13: -13569999 | G13: -545103.71 | H13: 8359175.2 | I13: =G13/1000 -> -545.10371 | J13: =ROUND(I13,0) -> -545
A14: 1.1.1.02.0044 | B14: BBR | C14: Banco do Brasil - Fonte de Recursos Próprios | D14: 27475139 | E14: 922984.9 | F14: -288341.11 | G14: 634643.79 | H14: 28109782 | I14: =G14/1000 -> 634.64379 | J14: =ROUND(I14,0) -> 635
A15: 1.1.2 | B15: 112 | C15: Créditos, Direitos e Bens | D15: 5093586.4 | E15: 2572969.1 | F15: -2176964.4 | G15: 396004.74 | H15: 5489591.1 | I15: =G15/1000 -> 396.00474 | J15: =ROUND(I15,0) -> 396
A16: 1.1.2.03 | B16: 1123 | C16: Tributos a Recuperar ou Compensáveis | D16: 2609406.6 | E16: 303891.8 | F16: -7377.12 | G16: 296514.68 | H16: 2905921.3 | I16: =G16/1000 -> 296.51468 | J16: =ROUND(I16,0) -> 297
A17: 1.1.2.03.0009 | B17: 11239 | C17: COFINS a Recuperar | D17: 1551 | E17: 27.99 | F17: 0 | G17: 27.99 | H17: 1578.99 | I17: =G17/1000 -> 0.02799 | J17: =ROUND(I17,0) -> 0
A18: 1.1.2.03.0016 | B18: 112316 | C18: IRPJ Estimativa | D18: 228574.23 | E18: 199646.04 | F18: 0 | G18: 199646.04 | H18: 428220.27 | I18: =G18/1000 -> 199.64604 | J18: =ROUND(I18,0) -> 200
A19: 1.1.2.03.0017 | B19: 112317 | C19: CSLL Estimativa | D19: 74370.38 | E19: 56544.44 | F19: -7377.12 | G19: 49167.32 | H19: 123537.7 | I19: =G19/1000 -> 49.16732 | J19: =ROUND(I19,0) -> 49
A20: 1.1.2.03.0023 | B20: 112323 | C20: IRRF a Compensar | D20: 860888.91 | E20: 18575.03 | F20: 0 | G20: 18575.03 | H20: 879463.94 | I20: =G20/1000 -> 18.57503 | J20: =ROUND(I20,0) -> 19
A21: 1.1.2.03.0025 | B21: 112325 | C21: IRRF a Restituir | D21: 3119.4 | E21: 64.92 | F21: 0 | G21: 64.92 | H21: 3184.32 | I21: =G21/1000 -> 0.06492 | J21: =ROUND(I21,0) -> 0
A22: 1.1.2.03.0027 | B22: 112327 | C22: PIS a Restituir | D22: 252.04 | E22: 4.55 | F22: 0 | G22: 4.55 | H22: 256.59 | I22: =G22/1000 -> 0.00455 | J22: =ROUND(I22,0) -> 0
A23: 1.1.2.03.0032 | B23: 112332 | C23: IRPJ estimativa 2021 | D23: 320622.48 | E23: 6002.33 | F23: 0 | G23: 6002.33 | H23: 326624.81 | I23: =G23/1000 -> 6.00233 | J23: =ROUND(I23,0) -> 6
A24: 1.1.2.03.0033 | B24: 112333 | C24: CSLL estimativa 2021 | D24: 122899.56 | E24: 2300.79 | F24: 0 | G24: 2300.79 | H24: 125200.35 | I24: =G24/1000 -> 2.30079 | J24: =ROUND(I24,0) -> 2
A25: 1.1.2.03.0034 | B25: 112334 | C25: COSIRF a restituir | D25: 2011.97 | E25: 40.92 | F25: 0 | G25: 40.92 | H25: 2052.89 | I25: =G25/1000 -> 0.04092 | J25: =ROUND(I25,0) -> 0
A26: 1.1.2.03.0036 | B26: 112336 | C26: IRPJ estimativa 2022 | D26: 710690.18 | E26: 14772.62 | F26: 0 | G26: 14772.62 | H26: 725462.8 | I26: =G26/1000 -> 14.77262 | J26: =ROUND(I26,0) -> 15
... A74: 1.2.4.98.0001 | B74: 1242 | C74: ( - ) Amortização Software | D74: -9369106.4 | E74: 0 | F74: -251733.34 | G74: -251733.34 | H74: -9620839.7 | I74: =G74/1000 -> -251.73334 | J74: =ROUND(I74,0) -> -252
A75: 2 | B75: 2 | C75: Passivo | D75: -59130992 | E75: 24661079 | F75: -24217315 | G75: 443764.3 | H75: -58687228 | I75: =G75/1000 -> 443.7643 | J75: =ROUND(I75,0) -> 444
A76: 2.1 | B76: 21 | C76: Circulante | D76: -20849401 | E76: 23848332 | F76: -23796442 | G76: 51890.03 | H76: -20797511 | I76: =G76/1000 -> 51.89003 | J76: =ROUND(I76,0) -> 52
A77: 2.1.1 | B77: 211 | C77: Obrigações de Curto Prazo | D77: -20849401 | E77: 23848332 | F77: -23796442 | G77: 51890.03 | H77: -20797511 | I77: =G77/1000 -> 51.89003 | J77: =ROUND(I77,0) -> 52
A78: 2.1.1.04 | B78: 2114 | C78: Fornecedores Nacionais | D78: -590169.13 | E78: 3611625.1 | F78: -4066220.9 | G78: -454595.78 | H78: -1044764.9 | I78: =G78/1000 -> -454.59578 | J78: =ROUND(I78,0) -> -455
A79: 2.1.1.04.0001 | B79: 60444400000000 | C79: LIGHT SERVICOS DE ELETRICIDADE S.A | D79: -30000 | E79: 77835.44 | F79: -77835.44 | G79: 0 | H79: -30000 | I79: =G79/1000 -> 0 | J79: =ROUND(I79,0) -> 0
A80: 2.1.1.04.0003 | B80: 34028300000000 | C80: EMPRESA BRASILEIRA DE CORREIOS E TELEGRA | D80: 0 | E80: 110.83 | F80: -110.83 | G80: 0 | H80: 0 | I80: =G80/1000 -> 0 | J80: =ROUND(I80,0) -> 0
A81: 2.1.1.04.0011 | B81: 33641663/0001-44 | C81: FUNDACAO GETULIO VARGAS | D81: -16548.85 | E81: 258298.1 | F81: -267063.1 | G81: -8765 | H81: -25313.85 | I81: =G81/1000 -> -8.765 | J81: =ROUND(I81,0) -> -9
A82: 2.1.1.04.0031 | B82: 09305983/0001-49 | C82: PSR SOLUCOES E CONSULTORIA EM ENERGIA LT | D82: 0 | E82: 10817.64 | F82: -16817.64 | G82: -6000 | H82: -6000 | I82: =G82/1000 -> -6 | J82: =ROUND(I82,0) -> -6
A83: 2.1.1.04.0041 | B83: 69034668/0001-56 | C83: PLUXEE BENEFICIOS BRASIL S.A. | D83: 0 | E83: 217876.14 | F83: -436506.98 | G83: -218630.84 | H83: -218630.84 | I83: =G83/1000 -> -218.63084 | J83: =ROUND(I83,0) -> -219
A84: 2.1.1.04.0076 | B84: 61797924/0007-40 | C84: HEWLETT PACKARD DO BRASIL LTDA | D84: -8454.12 | E84: 16908.24 | F84: -8454.12 | G84: 8454.12 | H84: 0 | I84: =G84/1000 -> 8.45412 | J84: =ROUND(I84,0) -> 8
A85: 2.1.1.04.0081 | B85: 07604035/0001-89 | C85: RTA COMERCIO E SERVICO DE ASSISTENCIA | D85: -2581 | E85: 5800 | F85: -5800 | G85: 0 | H85: -2581 | I85: =G85/1000 -> 0 | J85: =ROUND(I85,0) -> 0
A86: 2.1.1.04.0103 | B86: 71208516/0001-74 | C86: ALGAR SERVICO E TELECOMUNICACOES | D86: -546.18 | E86: 1507.7 | F86: -1767.54 | G86: -259.84 | H86: -806.02 | I86: =G86/1000 -> -0.25984 | J86: =ROUND(I86,0) -> 0
A87: 2.1.1.04.0121 | B87: 31247083/0001-41 | C87: ASSOCIAÇÃO BRASILEIRA DE RECURSOS HUMANO | D87: 0 | E87: 0 | F87: -11560 | G87: -11560 | H87: -11560 | I87: =G87/1000 -> -11.56 | J87: =ROUND(I87,0) -> -12
A88: 2.1.1.04.0138 | B88: 33634300000000 | C88: IBP - INST. BRASILEIRO PET. GAS E BIOC. | D88: -19008 | E88: 40693.1 | F88: -35927.27 | G88: 4765.83 | H88: -14242.17 | I88: =G88/1000 -> 4.76583 | J88: =ROUND(I88,0) -> 5
A89: 2.1.1.04.0148 | B89: 33402892/0002-97 | C89: ASSOCIAÇÃO BRASILEIRA DE NORMAS TECNICAS | D89: -1458.33 | E89: 2916.66 | F89: -2916.66 | G89: 0 | H89: -1458.33 | I89: =G89/1000 -> 0 | J89: =ROUND(I89,0) -> 0
A90: 2.1.1.04.0293 | B90: 00441200/0001-80 | C90: SERGIO MACHADO REIS EPP | D90: -3000 | E90: 6000 | F90: -6000 | G90: 0 | H90: -3000 | I90: =G90/1000 -> 0 | J90: =ROUND(I90,0) -> 0
A91: 2.1.1.04.0310 | B91: 53113791/0001-22 | C91: TOTVS SA | D91: 0 | E91: 16124.07 | F91: -16124.07 | G91: 0 | H91: 0 | I91: =G91/1000 -> 0 | J91: =ROUND(I91,0) -> 0
A92: 2.1.1.04.0336 | B92: 42288886/0001-60 | C92: CENTRO DE PESQ DE ENERGIA ELETRICA CEPEL | D92: 0 | E92: 25000 | F92: -25000 | G92: 0 | H92: 0 | I92: =G92/1000 -> 0 | J92: =ROUND(I92,0) -> 0
A93: 2.1.1.04.0375 | B93: 08794730/0001-13 | C93: RIOOFFSITE SERVICOS DE FITOTECA LTDA | D93: 0 | E93: 2853.6 | F93: -2853.6 | G93: 0 | H93: 0 | I93: =G93/1000 -> 0 | J93: =ROUND(I93,0) -> 0
A94: 2.1.1.04.0447 | B94: 33683111/0008-75 | C94: SERVICO FEDERAL DE PROC DE DADOS SERPRO | D94: -2718 | E94: 2718 | F94: 0 | G94: 2718 | H94: 0 | I94: =G94/1000 -> 2.718 | J94: =ROUND(I94,0) -> 3
A95: 2.1.1.04.0455 | B95: 86781069/0001-15 | C95: ZENITE INFORMACAO E CONSULTORIA S/A | D95: 0 | E95: 0 | F95: -36225 | G95: -36225 | H95: -36225 | I95: =G95/1000 -> -36.225 | J95: =ROUND(I95,0) -> -36
A96: 2.1.1.04.0471 | B96: 47866934/0001-74 | C96: TICKET SERVICOS SA | D96: -1350 | E96: 2700 | F96: -2700 | G96: 0 | H96: -1350 | I96: =G96/1000 -> 0 | J96: =ROUND(I96,0) -> 0
A97: 2.1.1.04.0526 | B97: 21340197/0001-88 | C97: TECHVET SERVICOS LTDA ME | D97: -970.1 | E97: 970.1 | F97: 0 | G97: 970.1 | H97: 0 | I97: =G97/1000 -> 0.9701 | J97: =ROUND(I97,0) -> 1
A98: 2.1.1.04.0537 | B98: 05344234/0001-70 | C98: RJ LOCACAO DE VEICULOS E SERVICOS LTDA | D98: -16453.61 | E98: 51711.39 | F98: -35257.78 | G98: 16453.61 | H98: 0 | I98: =G98/1000 -> 16.45361 | J98: =ROUND(I98,0) -> 16
A99: 2.1.1.04.0549 | B99: 86517729/0001-55 | C99: VIENA EMPREENDIMENTOS LTDA | D99: -84229.6 | E99: 0 | F99: 0 | G99: 0 | H99: -84229.6 | I99: =G99/1000 -> 0 | J99: =ROUND(I99,0) -> 0
A100: 2.1.1.04.0568 | B100: 33754500000000 | C100: PREVI - CAIXA DE PREVIDÊNCIA DOS FUNCION | D100: 0 | E100: 569272.56 | F100: -569272.56 | G100: 0 | H100: 0 | I100: =G100/1000 -> 0 | J100: =ROUND(I100,0) -> 0
A101: 2.1.1.04.0591 | B101: 3017430000000 | C101: NCT INFORMATICA LTDA | D101: 0 | E101: 11848 | F101: -12248 | G101: -400 | H101: -400 | I101: =G101/1000 -> -0.4 | J101: =ROUND(I101,0) -> 0
A102: 2.1.1.04.0632 | B102: 33555900000000 | C102: FACULDADES CATÓLICAS | D102: 0 | E102: 16876 | F102: -16876 | G102: 0 | H102: 0 | I102: =G102/1000 -> 0 | J102: =ROUND(I102,0) -> 0
A103: 2.1.1.04.0633 | B103: 482998000000 | C103: COPY HOUSE SERVICOS REPROGRAFICOS EIRELI | D103: 0 | E103: 144.58 | F103: -144.58 | G103: 0 | H103: 0 | I103: =G103/1000 -> 0 | J103: =ROUND(I103,0) -> 0
A104: 2.1.1.04.0648 | B104: 16727400000000 | C104: RIOPAR Participações S/A | D104: -3798 | E104: 9350.85 | F104: -9010.2 | G104: 340.65 | H104: -3457.35 | I104: =G104/1000 -> 0.34065 | J104: =ROUND(I104,0) -> 0
A105: 2.1.1.04.0652 | B105: 3535900000000 | C105: DECISION SERVIÇOS DE TECNOLOGIA DA INFOR | D105: 0 | E105: 199722.22 | F105: -199722.22 | G105: 0 | H105: 0 | I105: =G105/1000 -> 0 | J105: =ROUND(I105,0) -> 0
A106: 2.1.1.04.0654 | B106: 18324158 | C106: MR EVENTOS TREINAMENTO E AGENCIAMENTO | D106: 0 | E106: 0 | F106: -840 | G106: -840 | H106: -840 | I106: =G106/1000 -> -0.84 | J106: =ROUND(I106,0) -> -1
A107: 2.1.1.04.0665 | B107: 5555380000000 | C107: AOVS SISTEMA DE INFORMATICA | D107: 0 | E107: 220 | F107: -220 | G107: 0 | H107: 0 | I107: =G107/1000 -> 0 | J107: =ROUND(I107,0) -> 0
A108: 2.1.1.04.0683 | B108: 3200400001 | C108: COORDENAÇÃO GERAL DE RECURSOS LOGISTICOS | D108: -2176.25 | E108: 0 | F108: 0 | G108: 0 | H108: -2176.25 | I108: =G108/1000 -> 0 | J108: =ROUND(I108,0) -> 0
A109: 2.1.1.04.0744 | B109: 10348300000000 | C109: WINDSOR ADM. DE HOTÉIS E SERVIÇOS | D109: -7965.56 | E109: 7965.56 | F109: 0 | G109: 7965.56 | H109: 0 | I109: =G109/1000 -> 7.96556 | J109: =ROUND(I109,0) -> 8
A110: 2.1.1.04.0748 | B110: 16457800000000 | C110: LEC EDITORA ORGANIZAÇÃO DE EVENTOS LTDA | D110: 0 | E110: 4496.5 | F110: -4496.5 | G110: 0 | H110: 0 | I110: =G110/1000 -> 0 | J110: =ROUND(I110,0) -> 0
A111: 2.1.1.04.0761 | B111: 23458500000000 | C111: 4E FOR ECONOMICS CONSULTORIA LTDA | D111: 0 | E111: 23333.34 | F111: -23333.34 | G111: 0 | H111: 0 | I111: =G111/1000 -> 0 | J111: =ROUND(I111,0) -> 0
... A138: 2.1.1.04.0957 | B138: 38056400000000 | C138: IOS INFORMATICA, ORGANIZACAO E SISTEMAS LTDA | D138: -30953.65 | E138: 95661.99 | F138: -64708.34 | G138: 30953.65 | H138: 0 | I138: =G138/1000 -> 30.95365 | J138: =ROUND(I138,0) -> 31
A139: 2.1.1.04.0967 | B139: 01707536/000104 | C139: ISH TECNOLOGIA S/A | D139: 0 | E139: 72708.34 | F139: -72708.34 | G139: 0 | H139: 0 | I139: =G139/1000 -> 0 | J139: =ROUND(I139,0) -> 0
A140: 2.1.1.04.0970 | B140: 26915400000000 | C140: VACIVITTA SERVIÇOS DE IMUNIZAÇÃO HUMANA LTDA | D140: -12512 | E140: 12512 | F140: -2924 | G140: 9588 | H140: -2924 | I140: =G140/1000 -> 9.588 | J140: =ROUND(I140,0) -> 10
A141: 2.1.1.04.0979 | B141: 37563500000000 | C141: JULIANA DE OLIVEIRA CAROLINO MANHAES COMERCIO | D141: 0 | E141: 1389.41 | F141: -1389.41 | G141: 0 | H141: 0 | I141: =G141/1000 -> 0 | J141: =ROUND(I141,0) -> 0
A142: 2.1.1.04.0983 | B142: 32681700000000 | C142: PLM - AUDITORIA E CONSULTORIA LTDA | D142: 0 | E142: 193 | F142: -193 | G142: 0 | H142: 0 | I142: =G142/1000 -> 0 | J142: =ROUND(I142,0) -> 0
A143: 2.1.1.04.0987 | B143: 27553300000000 | C143: INFRA JORNALISMO LTDA | D143: 0 | E143: 3200 | F143: -3200 | G143: 0 | H143: 0 | I143: =G143/1000 -> 0 | J143: =ROUND(I143,0) -> 0
A144: 2.1.1.04.0996 | B144: 5630090000000 | C144: VICMA COMERCIO DE EQUIPAMENTOS PARA ESCRITORIO LTDA | D144: 0 | E144: 7774.78 | F144: -7774.78 | G144: 0 | H144: 0 | I144: =G144/1000 -> 0 | J144: =ROUND(I144,0) -> 0
A145: 2.1.1.04.0998 | B145: 2114998 | C145: Fornecedores a Classificar | D145: 0 | E145: 197500 | F145: -197500 | G145: 0 | H145: 0 | I145: =G145/1000 -> 0 | J145: =ROUND(I145,0) -> 0
A146: 2.1.1.04.1002 | B146: 8210270000000 | C146: DATA CORPORE SERVIÇOS DE TELECOMUNICAÇÕES E INFORMATICA LTDA | D146: 0 | E146: 3662 | F146: -3662 | G146: 0 | H146: 0 | I146: =G146/1000 -> 0 | J146: =ROUND(I146,0) -> 0
A147: 2.1.1.04.1012 | B147: 1976530000000 | C147: SAAS - SOLUÇÕES E SISTEMAS DE GESTÃO S/S LTDA | D147: 0 | E147: 1398 | F147: -1398 | G147: 0 | H147: 0 | I147: =G147/1000 -> 0 | J147: =ROUND(I147,0) -> 0
A148: 2.1.1.04.1013 | B148: 44459900000000 | C148: WA 2 SERVIÇOS DE SEGURANÇA DA INFORMAÇÃO E CONTINUIDADE | D148: 0 | E148: 3631.71 | F148: -3631.71 | G148: 0 | H148: 0 | I148: =G148/1000 -> 0 | J148: =ROUND(I148,0) -> 0
A149: 2.1.1.04.1015 | B149: 37381900000000 | C149: REDE NACIONAL DE APRENDIZAGEM, PROMOÇÃO SOCIAL E INTEGRAÇÃO RENAPSI | D149: -3726.41 | E149: 7590.42 | F149: -7663.78 | G149: -73.36 | H149: -3799.77 | I149: =G149/1000 -> -0.07336 | J149: =ROUND(I149,0) -> 0
A150: 2.1.1.04.1021 | B150: 12782100000000 | C150: GM SAUDE LTDA | D150: -4665 | E150: 9330 | F150: -4665 | G150: 4665 | H150: 0 | I150: =G150/1000 -> 4.665 | J150: =ROUND(I150,0) -> 5
A151: 2.1.1.04.1022 | B151: 7658540000000 | C151: GREEN DOMUS DESENVOLVIMENTO SUSTENTAVEL LTDA | D151: 0 | E151: 17200 | F151: -17200 | G151: 0 | H151: 0 | I151: =G151/1000 -> 0 | J151: =ROUND(I151,0) -> 0
... A170: 2.1.1.07.0001 | B170: 561 | C170: IRRF a Recolher de Empregados | D170: -1722080.1 | E170: 1857038 | F170: -1819716.3 | G170: 37321.69 | H170: -1684758.4 | I170: =G170/1000 -> 37.32169 | J170: =ROUND(I170,0) -> 37
A171: 2.1.1.07.0003 | B171: INSS | C171: INSS DE TERCEIROS | D171: -17201.96 | E171: 33687.87 | F171: -32411.79 | G171: 1276.08 | H171: -15925.88 | I171: =G171/1000 -> 1.27608 | J171: =ROUND(I171,0) -> 1
A172: 2.1.1.07.0008 | B172: 6147 | C172: Ret IN 539/05 - IR/CS/PIS/COFINS - 5,85% | D172: 0 | E172: 16919.88 | F172: -16919.88 | G172: 0 | H172: 0 | I172: =G172/1000 -> 0 | J172: =ROUND(I172,0) -> 0
A173: 2.1.1.07.0009 | B173: 6190 | C173: Ret IN 539/05 - IR/CS/PIS/COFINS - 9,45% | D173: 0 | E173: 111333.63 | F173: -111333.63 | G173: 0 | H173: 0 | I173: =G173/1000 -> 0 | J173: =ROUND(I173,0) -> 0
A174: 2.1.1.07.0010 | B174: 6175 | C174: Ret IN 539/05 - IR/CS/PIS/COFINS - 7,05% | D174: 0 | E174: 3160.39 | F174: -3160.39 | G174: 0 | H174: 0 | I174: =G174/1000 -> 0 | J174: =ROUND(I174,0) -> 0
A175: 2.1.1.07.0015 | B175: ISS | C175: ISS de Terceiros | D175: 0 | E175: 29097.65 | F175: -29097.65 | G175: 0 | H175: 0 | I175: =G175/1000 -> 0 | J175: =ROUND(I175,0) -> 0
A176: 2.1.1.07.0073 | B176: 211773 | C176: Ret IN 539/05 - IRPJ - 2,4% | D176: 0 | E176: 4219.94 | F176: -4219.94 | G176: 0 | H176: 0 | I176: =G176/1000 -> 0 | J176: =ROUND(I176,0) -> 0
A177: 2.1.1.07.0074 | B177: 211774 | C177: Ret IN 539/05 - CSLL - 1% | D177: 0 | E177: 1758.31 | F177: -1758.31 | G177: 0 | H177: 0 | I177: =G177/1000 -> 0 | J177: =ROUND(I177,0) -> 0
A178: 2.1.1.08 | B178: 2118 | C178: Obrigações Trabalhistas e Sociais | D178: -18156087 | E178: 17410914 | F178: -16895484 | G178: 515429.72 | H178: -17640657 | I178: =G178/1000 -> 515.42972 | J178: =ROUND(I178,0) -> 515
A179: 2.1.1.08.0001 | B179: 21181 | C179: Salários a Pagar | D179: -4528601.2 | E179: 11736403 | F179: -10510961 | G179: 1225442 | H179: -3303159.2 | I179: =G179/1000 -> 1225.442 | J179: =ROUND(I179,0) -> 1225
A180: 2.1.1.08.0002 | B180: 21182 | C180: 13º Salário a Pagar | D180: -2344599.1 | E180: 0 | F180: -785383.53 | G180: -785383.53 | H180: -3129982.7 | I180: =G180/1000 -> -785.38353 | J180: =ROUND(I180,0) -> -785
A181: 2.1.1.08.0003 | B181: 21183 | C181: Férias a Pagar | D181: -6746790.5 | E181: 1197552 | F181: -1050803 | G181: 146749 | H181: -6600041.5 | I181: =G181/1000 -> 146.749 | J181: =ROUND(I181,0) -> 147
A182: 2.1.1.08.0004 | B182: 21184 | C182: INSS a Recolher | D182: -1238773.6 | E182: 2520190.4 | F182: -2500953.9 | G182: 19236.51 | H182: -1219537.1 | I182: =G182/1000 -> 19.23651 | J182: =ROUND(I182,0) -> 19
A183: 2.1.1.08.0005 | B183: 21185 | C183: FGTS a Recolher | D183: -504722.98 | E183: 899099.36 | F183: -783264.66 | G183: 115834.7 | H183: -388888.28 | I183: =G183/1000 -> 115.8347 | J183: =ROUND(I183,0) -> 116
A184: 2.1.1.08.0006 | B184: 21186 | C184: Contribuição Sindical a Pagar | D184: 0 | E184: 300 | F184: -300 | G184: 0 | H184: 0 | I184: =G184/1000 -> 0 | J184: =ROUND(I184,0) -> 0
A185: 2.1.1.08.0007 | B185: 21187 | C185: Pensão Alimentícia | D185: 0 | E185: 43969.72 | F185: -43969.72 | G185: 0 | H185: 0 | I185: =G185/1000 -> 0 | J185: =ROUND(I185,0) -> 0
A186: 2.1.1.08.0008 | B186: 21188 | C186: Rescisões a Pagar | D186: 0 | E186: 4140.01 | F186: -4140.01 | G186: 0 | H186: 0 | I186: =G186/1000 -> 0 | J186: =ROUND(I186,0) -> 0
A187: 2.1.1.08.0009 | B187: 21189 | C187: Previdência Privada Complementar | D187: -338771.54 | E187: 679023.38 | F187: -679799.44 | G187: -776.06 | H187: -339547.6 | I187: =G187/1000 -> -0.77606 | J187: =ROUND(I187,0) -> -1
... A201: 2.2.1.05.0003 | B201: 22153 | C201: Provisão p/ Contingências Fiscais | D201: -6458611.2 | E201: 0 | F201: -129172.22 | G201: -129172.22 | H201: -6587783.5 | I201: =G201/1000 -> -129.17222 | J201: =ROUND(I201,0) -> -129
A202: 2.4 | B202: PL | C202: Patrimônio Líquido | D202: -27437984 | E202: 812746.65 | F202: -204000 | G202: 608746.65 | H202: -26829237 | I202: =G202/1000 -> 608.74665 | J202: =ROUND(I202,0) -> 609
A203: 2.4.1 | B203: 241 | C203: Capital Social | D203: -31018914 | E203: 0 | F203: 0 | G203: 0 | H203: -31018914 | I203: =G203/1000 -> 0 | J203: =ROUND(I203,0) -> 0
A204: 2.4.1.01 | B204: 2411 | C204: Capital Subscrito | D204: -31018914 | E204: 0 | F204: 0 | G204: 0 | H204: -31018914 | I204: =G204/1000 -> 0 | J204: =ROUND(I204,0) -> 0
A205: 2.4.1.01.0001 | B205: 24111 | C205: Capital Subscrito | D205: -31018914 | E205: 0 | F205: 0 | G205: 0 | H205: -31018914 | I205: =G205/1000 -> 0 | J205: =ROUND(I205,0) -> 0
A206: 2.4.3 | B206: 243 | C206: Aj de av.patrimonial | D206: 21.68 | E206: 0 | F206: 0 | G206: 0 | H206: 21.68 | I206: =G206/1000 -> 0 | J206: =ROUND(I206,0) -> 0
...

Sheet NE DOMINI
A1: BP
B3: Notas | C3: 45473 | F3: 45291
A4: ATIVO
A6: Circulante
A7: Caixa e Equivalentes de Caixa | B7: 5 | C7: 47335 | D7: =C7-BP!F11 -> 13916 | F7: 33538 | G7: =F7-BP!H11 -> -10979
A8: Impostos a Recuperar | B8: 6 | C8: 2674 | D8: =C8-BP!F12 -> 2412 | F8: 3614 | G8: =F8-BP!H12 -> 2504
A9: Adiantamentos Concedidos | B9: 7 | C9: 3028 | D9: =C9-BP!F13 -> -1284 | F9: 750 | G9: =F9-BP!H13 -> 116
A10: Despesas Antecipadas | B10: 8 | C10: 4692 | D10: =C10-BP!F14 -> 40 | F10: 2178 | G10: =F10-BP!H14 -> -5632
C11: 57729 | D11: =C11-BP!F16 -> 14977 | F11: 40080 | G11: =F11-BP!H16 -> -13991
A13: Não Circulante
A14: Impostos a Recuperar | B14: 6 | C14: 188 | D14: =C14-BP!F19 -> -3496 | F14: 180 | G14: =F14-BP!H19 -> -2831
A15: Depósitos Judiciais | B15: 9 | C15: 5754 | D15: =C15-BP!F20 -> -1063 | F15: 5600 | G15: =F15-BP!H20 -> 328
A16: Imobilizado | B16: 10 | C16: 5348 | D16: =C16-BP!F22 -> -179 | F16: 5515 | G16: =F16-BP!H22 -> -354
A17: Direito de uso | B17: 11 | C17: 16347 | D17: =C17-BP!F23 -> 4526 | F17: 17709 | G17: =F17-BP!H23 -> 4410
A18: Intangível | B18: 12 | C18: 2029 | D18: =C18-BP!F24 -> 324 | F18: 2676 | G18: =F18-BP!H24 -> 1492
C19: 29666 | D19: =C19-BP!F25 -> 112 | F19: 31680 | G19: =F19-BP!H25 -> 3045
A22: TOTAL DO ATIVO | C22: 87395 | D22: =C22-BP!F28 -> 15089 | F22: 71760 | G22: =F22-BP!H28 -> -10946
A24: PASSIVO E PATRIMÔNIO LÍQUIDO
A25: Circulante
A26: Fornecedores | B26: 13 | C26: 1061 | D26: =C26-BP!F32 -> -104 | F26: 883 | G26: =F26-BP!H32 -> 687
A27: Obrigações Tributárias | B27: 14 | C27: 3045 | D27: =C27-BP!F33 -> -129 | F27: 2881 | G27: =F27-BP!H33 -> -2408
A28: Obrigações Trabalhistas e Sociais | B28: 15 | C28: 21049 | D28: =C28-BP!F34 -> -10854 | F28: 15302 | G28: =F28-BP!H34 -> -9713
A29: Obrigações com a Cessão de Pessoal | C29: 27 | D29: =C29-BP!F36 -> -41 | F29: 30 | G29: =F29-BP!H36 -> -37
A30: Previdência Privada Complementar | B30: 17 | C30: 798 | D30: =C30-BP!F37 -> -262 | F30: 698 | G30: =F30-BP!H37 -> 698
A31: Arrendamento | B31: 11 | C31: 2607 | D31: =C31-BP!F38 -> -528 | F31: 2544 | G31: =F31-BP!H38 -> -515
C32: 28587 | D32: =C32-BP!F39 -> -11918 | F32: 22338 | G32: =F32-BP!H39 -> -11288
A34: Não Circulante
A35: Provisões para Contingências | B35: 16 | C35: 11181 | D35: =C35-BP!F42 -> 1431 | F35: 11016 | G35: =F35-BP!H42 -> -1432
A36: Arrendamento | B36: 11 | C36: 15124 | D36: =C36-BP!F43 -> 4748 | F36: 16443 | G36: =F36-BP!H43 -> 4481
C37: 26305 | D37: =C37-BP!F44 -> 6179 | F37: 27459 | G37: =F37-BP!H44 -> 3049
A39: Patrimônio Liquido
A40: Capital Social | B40: 18 | C40: 31458 | D40: =C40-BP!F47 -> -4696 | F40: 31019 | G40: =F40-BP!H47 -> -3425
A41: Adiant. para Futuro Aumento de Capital | B41: 19 | C41: 690 | D41: =C41-BP!F49 -> -997 | F41: 439 | G41: =F41-BP!H49 -> -1272
A42: Prejuízos Acumulados | B42: 20 | C42: 355 | D42: =C42-BP!F50 -> 26521 | F42: -9495 | G42: =F42-BP!H50 -> 1990
C43: 32503 | D43: =C43-BP!F51 -> 20828 | F43: 21963 | G43: =F43-BP!H51 -> -2707
A46: TOTAL DO PASSIVO E PATRIMÔNIO LÍQUIDO | C46: 87395 | D46: =C46-BP!F54 -> 15089 | F46: 71760 | G46: =F46-BP!H54 -> -10946
A49: DRE
C51: Notas | D51: 45473 | G51: 30/06/2023 reapresentado
A52: RECEITA LÍQUIDA | D52: - | G52: -
A54: CUSTOS DOS SERVIÇOS PRESTADOS | C54: 22
A55: Remunerações | D55: -28358 | E55: =D55-DRE!G12 -> 24358 | G55: -22362 | H55: =G55-DRE!K12 -> 26648
A56: Encargos Sociais | D56: -8312 | E56: =D56-DRE!G13 -> -8312 | G56: -6504 | H56: =G56-DRE!K13 -> -6504
A57: Benefícios | D57: -4426 | E57: =D57-DRE!G14 -> -4426 | G57: -3070 | H57: =G57-DRE!K14 -> -3070
A58: Serviços de Terceiros | D58: -5892 | E58: =D58-DRE!G16 -> -844 | G58: -5281 | H58: =G58-DRE!K16 -> -1651
A59: Gerais de Funcionamento das Instalações | D59: -1299 | E59: =D59-DRE!G17 -> -7 | G59: -1198 | H59: =G59-DRE!K17 -> 171
A60: Gerais da Administração | D60: -1687 | E60: =D60-DRE!G18 -> 867 | G60: -1948 | H60: =G60-DRE!K18 -> -491
A61: Impostos, Taxas e Contribuições | D61: -189 | E61: =D61-DRE!G19 -> -3 | G61: -169 | H61: =G61-DRE!K19 -> 20
D62: -50163 | E62: =D62-DRE!G20 -> 11633 | G62: -40532 | H62: =G62-DRE!K20 -> 15123
A64: RESULTADO BRUTO | D64: -50163 | E64: =D64-DRE!G22 -> 11633 | G64: -40532 | H64: =G64-DRE!K22 -> 15123
A66: DESPESAS OPERACIONAIS | C66: 22
A67: Remunerações | D67: -11689 | E67: =D67-DRE!G25 -> 13381 | G67: -8947 | H67: =G67-DRE!K25 -> 13831
A68: Encargos Sociais | D68: -3186 | E68: =D68-DRE!G26 -> -3186 | G68: -2599 | H68: =G68-DRE!K26 -> -2599
A69: Benefícios | D69: -2049 | E69: =D69-DRE!G27 -> -2049 | G69: -1350 | H69: =G69-DRE!K27 -> -1350
A70: Materiais | D70: -11 | E70: =D70-DRE!G28 -> 11 | G70: -16 | H70: =G70-DRE!K28 -> 32
A71: Serviços de Terceiros | D71: -3109 | E71: =D71-DRE!G29 -> 1185 | G71: -2647 | H71: =G71-DRE!K29 -> 746
A72: Impostos, Taxas e Contribuições | D72: -1260 | E72: =D72-DRE!G32 -> -806 | G72: -234 | H72: =G72-DRE!K32 -> -131
A73: Gerais de Funcionamento das Instalações | D73: -3442 | E73: =D73-DRE!G30 -> -161 | G73: -3525 | H73: =G73-DRE!K30 -> -95
A74: Gerais da Administração | D74: -1322 | E74: =D74-DRE!G31 -> 1105 | G74: -1624 | H74: =G74-DRE!K31 -> -374
A75: Provisão para contingências | D75: -694 | E75: =D75-DRE!#REF! -> #REF! | G75: -16 | H75: =G75-DRE!#REF! -> #REF!
D76: -26762 | E76: =D76-DRE!G34 -> 8786 | G76: -20958 | H76: =G76-DRE!K34 -> 10044
A78: OUTRAS RECEITAS OPERACIONAIS
A79: Recursos Recebidos do Tesouro Nacional | C79: 23 | D79: 79053 | E79: =D79-DRE!G37 -> 3087 | G79: 63602 | H79: =G79-DRE!K37 -> -22317
A80: Reembolso de Custos e Despesas - Leilões ANEEL | C80: 24 | D80: 9824 | E80: =D80-DRE!G38 -> 6006 | G80: 1924 | H80: =G80-DRE!K38 -> 1924
A81: Reversão de Provisões para Contingências | D81: 1000 | E81: ='NE DOMINI'!D81-DRE!#REF! -> #REF! | G81: -
A82: Outras receitas | D82: 236 | E82: =D82-DRE!G40 -> 236 | G82: -
D83: 90113 | E83: =D83-DRE!G41 -> 7217 | G83: 65526 | H83: =G83-DRE!K41 -> -20866
A85: RESULTADO ANTES DAS RECEITAS E DESPESAS FINANCEIRAS | D85: 13188 | E85: =D85-DRE!G43 -> 27636 | G85: 4036 | H85: =G85-DRE!K43 -> 4301
A87: Receitas Financeiras | C87: 25 | D87: 615 | E87: =D87-DRE!G45 -> 76 | G87: 298 | H87: =G87-DRE!K45 -> -94
A88: Despesas Financeiras | C88: 25 | D88: -990 | E88: =D88-DRE!G46 -> -224 | G88: -1474 | H88: =G88-DRE!K46 -> -671
D90: -375 | E90: =D90-DRE!G48 -> -148 | G90: -1176 | H90: =G90-DRE!K48 -> -765
A92: LUCRO ANTES DO IRPJ E DA CSLL | D92: 12813 | E92: =D92-DRE!G50 -> 27488 | G92: 2860 | H92: =G92-DRE!K50 -> 3536
A94: IRPJ/CSLL correntes | C94: 26 | D94: -2963 | E94: =D94-DRE!G52 -> -2957 | G94: -874 | H94: =G94-DRE!K52 -> -874
A96: LUCRO LÍQUIDO DO EXERCÍCIO | D96: 9850 | E96: =D96-DRE!G54 -> 24531 | G96: 1986 | H96: =G96-DRE!K54 -> 2662
A97: Não daria mais sentido alocar a reversão junto com a conta que originou a despesa?
A98: Informamos a reversão de provisões para realizar o cruzamento com a nota explicativa de provisões para contingências, dessa forma decidimos manter.
A99: Ok Natan, mas reiteremos que não é o procedimento correto a seguir.
A100: Independente de constituição ou reversão, a conta contábil seria a mesma.
A101: Isso também é importante olhando sob a perspectiva fiscal, e que não se enquadre como um ganho.
A103: DRA
F104: 45473 | I104: 30/06/2023 reapresentado
A106: LUCRO LÍQUIDO DO EXERCÍCIO | F106: 9850 | G106: =F106-'DRA '!G9 -> 24531 | I106: 1986 | J106: =I106-'DRA '!K9 -> 2662
A108: Outros resultados abrangentes | F108: - | I108: -
A110: RESULTADO ABRANGENTE TOTAL | F110: 9850 | G110: =F110-'DRA '!G13 -> 24531 | I110: 1986 | J110: =I110-'DRA '!K13 -> 2662
A113: DMPL
B114: Notas | C114: Capital Social | E114: Adiantamento para Futuro Aumento de Capital | G114: Lucros (prejuízos) acumulados | I114: Total
A118: Saldos em 31/12/2022 (reapresentado) | C118: 28469 | D118: =C118-DMPL!D30 -> 0 | E118: 2550 | F118: =E118-DMPL!J30 -> 0 | G118: -6737 | H118: =G118-DMPL!L30 -> 0 | I118: 24282 | J118: =I118-DMPL!N30 -> 0
A120: Aumento de Capital | B120: 17 | C120: 2550 | D120: =C120-DMPL!D33 -> 0 | E120: -2550 | F120: =E120-DMPL!J33 -> 0 | G120: - | I120: -
A121: Adiant. para Futuro Aumento de Capital | B121: 18 | C121: - | E121: 28 | F121: =E121-DMPL!J34 -> -411 | G121: - | I121: 28 | J121: =I121-DMPL!N34 -> -411
A122: Lucro do período | B122: 19 | C122: - | E122: - | G122: 1986 | H122: =G122-DMPL!L36 -> 2662 | I122: 1986 | J122: =I122-DMPL!N36 -> 2662
A124: Saldos em 30/06/2023 (reapresentado) | C124: 31019 | D124: =C124-DMPL!D39 -> 31019 | E124: 28 | F124: =E124-DMPL!J39 -> 28 | G124: -4751 | H124: =G124-DMPL!L39 -> -4751 | I124: 26296 | J124: =I124-DMPL!N39 -> 26296
A126: Saldos em 31/12/2023 | C126: 31019 | D126: =C126-DMPL!D42 -> -439 | E126: 439 | F126: =E126-DMPL!J42 -> -2547 | G126: -9495 | H126: =G126-DMPL!L42 -> -6661 | I126: 21963 | J126: =I126-DMPL!N42 -> -9647
A128: Aumento de Capital | B128: 17 | C128: 439 | D128: =C128-DMPL!D44 -> -2547 | E128: -439 | F128: =E128-DMPL!J44 -> 2547 | G128: - | I128: -
A129: Adiant. para Futuro Aumento de Capital | B129: 18 | C129: - | E129: 690 | F129: =E129-DMPL!J45 -> -5 | G129: - | I129: 690 | J129: =I129-DMPL!N45 -> -5
A130: Lucro do período | B130: 19 | C130: - | E130: - | G130: 9850 | H130: =G130-DMPL!L47 -> 10526 | I130: 9850 | J130: =I130-DMPL!N47 -> 10526
A132: Saldos em 30/06/2024 | C132: 31458 | D132: =C132-DMPL!D53 -> -2986 | E132: 690 | F132: =E132-DMPL!J53 -> -1020 | G132: 355 | H132: =G132-DMPL!L53 -> 11840 | I132: 32503 | J132: =I132-DMPL!N53 -> 7833
A134: DFC
B136: 45473 | D136: 30/06/2023 reapresentado
A137: Fluxo de caixa das atividades operacionais
A138: Lucro líquido do período | B138: 9850 | C138: =B138-'DFC '!F7 -> 24531 | D138: 1986 | E138: =D138-'DFC '!I7 -> 2662
A139: Ajuste de Reclassificação - Recebimento de Subvenções | B139: -79053 | C139: =B139-'DFC '!F8 -> -3087 | D139: -63602 | E139: =D139-'DFC '!I8 -> 22317
...

Sheet Depositos 2026
A1: EMPRESA DE PESQUISA ENERGETICA - EPE | B1: Razão Contábil Analítico
A2: 06.977.747/0001-80
A4: 01/01/2026 a 31/01/2026
A5: Emissão: 19/02/2026
A7: Conta: | B7: 1.2.1.08.0001 | C7: 12181 | D7: Depósitos Judiciais - Previdenciários | E7: Sd. Ant.: | F7: 4497185.2
A9: Data | B9: Complemento | C9: Doc. | D9: C.Custo | E9: Débitos | F9: Créditos | G9: Saldo Atual
A10: 46053 | B10: VALOR REFERENTE PROVISÃO DEPÓSITOS JUDICIAIS - INDICE IPCA TRIMESTRAL. | C10: 01_2026 | E10: 9404.34 | G10: 4506589.6
A11: 46081 | B11: VALOR REFERENTE PROVISÃO DEPÓSITOS JUDICIAIS - INDICE IPCA TRIMESTRAL. | C11: 02_2026 | E11: 9404.34 | G11: 4515993.9
A12: 46112 | B12: VALOR REFERENTE PROVISÃO DEPÓSITOS JUDICIAIS - INDICE IPCA TRIMESTRAL - COMP.: 03/2026 | C12: 03_2026 | E12: 48031.41 | G12: 4564025.3
A13: 46142 | B13: VALOR REFERENTE PROVISÃO DEPÓSITOS JUDICIAIS - INDICE IPCA TRIMESTRAL. | C13: 04_2026 | E13: 22280.03 | G13: 4586305.3
A14: 46173 | B14: VALOR REFERENTE ATUALIZAÇÃO MONETÁRIA - DEPÓSITOS JUDICIAIS - INDICE IPCA-E. | C14: 05_2026 | E14: 22280.03 | G14: 4608585.4
A15: 46203 | B15: VALOR REFERENTE PROVISÃO DEPÓSITOS JUDICIAIS - INDICE IPCA TRIMESTRAL. | C15: 06_2026 | E15: 43604.63 | G15: 4652190
A17: Conta: | B17: 1.2.1.08.0002 | C17: 12182 | D17: Depósitos Judiciais - Trabalhistas | E17: Sd. Ant.: | F17: 590437.82
A19: Data | B19: Complemento | C19: Doc. | D19: C.Custo | E19: Débitos | F19: Créditos | G19: Saldo Atual
A20: 46053 | B20: VALOR REFERENTE ATUALIZAÇÃO DE DEPÓSITOS JUDICIAIS - INDICE POUPANÇA. | C20: 01_2026 | E20: 3964.6 | G20: 594402.42
A21: 46065 | B21: VALOR REFERENTE PAGAMENTO DE DEPOSITO RECURSAL - INTERPOSICAO DE RECURSO JUNTO AO TRIBUNAL REGIONAL DO TRABALHO DA1ª REGIAO, NO PROCESSO N.º 0101581-53.2017.5.01.0020. RECLAMANTE: SERGIO ARAUJO DE SOUZA | C21: 2026OB000153 | E21: 1310355.7 | G21: 1904758.1
A22: 46081 | B22: VALOR REFERENTE ATUALIZAÇÃO DE DEPÓSITOS JUDICIAIS - INDICE POUPANÇA. | C22: 02_2026 | E22: 3995.01 | G22: 1908753.1
A23: 46093 | B23: VALOR REFERENTE PAGAMENTO DE DEPOSITO RECURSAL - INTERPOSICAO DE RECURSO JUNTO AO TRIBUNAL REGIONAL DO TRABALHO DA 1ª REGIAO, NO PROCESSO N.º 0100498-71.2025.5.01.0068. DEMANDANTE: LUCIANO BASTOS OLIVEIRA. | C23: 2026OB000311 | E23: 13813.83 | G23: 1922567
A24: 46112 | B24: VALOR REFERENTE ATUALIZAÇÃO DE DEPÓSITOS JUDICIAIS - INDICE POUPANÇA. | C24: 03_2026 | E24: 11936.76 | G24: 1934503.7
A25: 46142 | B25: VALOR REFERENTE ATUALIZAÇÃO DE DEPÓSITOS JUDICIAIS - INDICE POUPANÇA. | C25: 04_2026 | E25: 12999.18 | G25: 1947502.9
A26: 46173 | B26: VALOR REFERENTE ATUALIZAÇÃO DE DEPÓSITOS JUDICIAIS - INDICE POUPANÇA. | C26: 05_2026 | E26: 12432.98 | G26: 1959935.9
A27: 46203 | B27: VALOR REFERENTE ATUALIZAÇÃO DE DEPÓSITOS JUDICIAIS - INDICE POUPANÇA. | C27: 06_2026 | E27: 13188.81 | G27: 1973124.7
A29: Conta: | B29: 1.2.1.08.0003 | C29: 12183 | D29: Depósitos Judiciais - Cíveis | E29: Sd. Ant.: | F29: 183873.98
A31: Data | B31: Complemento | C31: Doc. | D31: C.Custo | E31: Débitos | F31: Créditos | G31: Saldo Atual
A32: 46053 | B32: VALOR REFERENTE PROVISÃO DEPÓSITOS JUDICIAIS - INDICE IPCA. | C32: 01_2026 | E32: 441.05 | G32: 184315.03
A33: 46053 | B33: VALOR REFERENTE PROVISÃO COMPLEMENTAR DEPÓSITOS JUDICIAIS - INDICE IPCA. | C33: 12_2025 | E33: 441.05 | G33: 184756.08
A34: 46081 | B34: VALOR REFERENTE PROVISÃO COMPLEM. DEPÓSITOS JUDICIAIS - INDICE IPCA. | C34: 01_2026 | E34: 167.19 | G34: 184923.27
A35: 46081 | B35: VALOR REFERENTE PROVISÃO DEPÓSITOS JUDICIAIS - INDICE IPCA. | C35: 02_2026 | E35: 167.19 | G35: 185090.46
A36: 46112 | B36: VALOR REFERENTE COMPLEMENTO PROVISÃO DEPÓSITOS JUDICIAIS - INDICE IPCA COMP.: 02/2026 | C36: 02_2026 | E36: 1127.28 | G36: 186217.74
A37: 46112 | B37: VALOR REFERENTE PROVISÃO DEPÓSITOS JUDICIAIS - INDICE IPCA - COMP.: 03/2026 | C37: 03_2026 | E37: 1294.46 | G37: 187512.2
A38: 46142 | B38: VALOR REFERENTE COMPLEMENTO ATUALIZAÇÃO MONETÁRIA - INDICE IPCA - COMP.: 03/2026 | C38: 03_2026 | E38: 344.26 | G38: 187856.46
A39: 46142 | B39: VALOR REFERENTE ATUALIZAÇÃO MONETÁRIA - INDICE IPCA - COMP.: 04/2026 | C39: 04_2026 | E39: 1638.72 | G39: 189495.18
A40: 46173 | B40: VALOR REFERENTE ESTORNO ATUALIZAÇÃO MONETÁRIA DEPÓSITOS JUDICIAIS - CIVIL - COMP.: 04/2026 | C40: 04_2026 | F40: -380.08 | G40: 189115.1
A41: 46173 | B41: VALOR REFERENTE ATUALIZAÇÃO MONETÁRIA DEPÓSITOS JUDICIAIS - CIVIL - COMP.: 05/2026 | C41: 05_2026 | E41: 1258.64 | G41: 190373.74
A42: 46203 | B42: VALOR REFERENTE PROVISÃO DEPÓSITOS JUDICIAIS - INDICE IPCA. | C42: 06_2026 | E42: 1096.86 | G42: 191470.6
A43: 46203 | B43: VALOR REFERENTE ESTORNO PROVISÃO DEPÓSITOS JUDICIAIS - INDICE IPCA. | C43: 06_2026 | F43: -161.77 | G43: 191308.83
D45: atualização | E45: =ROUND(SUM(E10,E20,E32,E33,E11,E22,E34,E35,E12,E24,E36,E37,E13,E25,E38,E39,E14,E26,F40,E41,E15,E27,E42)/1000,0) -> 221
D46: pagamento | E46: =ROUND(SUM(E21,E23)/1000,0) -> 1324
E49: =SUM(E45:E48) -> 1545

Sheet Impostos a recuperar 2026
A1: EMPRESA DE PESQUISA ENERGETICA - EPE | B1: Razão Contábil Analítico
A2: 06.977.747/0001-80
A4: 01/01/2026 a 31/03/2026
A7: Conta: | B7: 1.1.2.03.0009 | C7: 11239 | D7: COFINS a Recuperar | E7: 0
A9: Data | B9: Complemento | C9: Doc. | D9: C.Custo | E9: Débitos | F9: Créditos | G9: Saldo Atual
A10: 46082 | B10: VALOR REFERENTE TRIBUTAÇÃO A MAIOR NO VALOR DE R$ 1.084.829,84 EM 02/2026, CONFORME SOLICITAÇÃO DA EPE. REF PAGAMENTO DE ALVARÁ JUDICIAL EM FAVOR DA CBTU - ENVIADO PELO BB | C10: 03_2026 | E10: 82445.55 | G10: 82445.55
A11: 46112 | B11: VALOR REFERENTE ATUALIZAÇÃO MONETÁRIA MÊS 03/2026 - SELIC 1,21% | C11: 03_2026 | E11: 997.59 | G11: 83443.14
A12: 46113 | B12: VALOR REFERENTE TRIBUTAÇÃO A MAIOR NO VALOR DE R$ 1.084.829,84 EM 02/2026, CONFORME SOLICITAÇÃO DA EPE, DEVIDO À AUSÊNCIA DE IDENTIFICAÇÃO DA ORIGEM DO RECEBIMENTO. | C12: 04_2026 | F12: -83443.14 | G12: 0
A16: Conta: | B16: 1.1.2.03.0010 | C16: 112310 | D16: INSS a Recuperar | E16: Sd. Ant.: | F16: 598.16
A18: Data | B18: Complemento | C18: Doc. | D18: C.Custo | E18: Débitos | F18: Créditos | G18: Saldo Atual
A19: 46053 | B19: VALOR REFERENTE ATUALIZAÇÃO MONETÁRIA MÊS 01/2026 - SELIC 1,16% | C19: 01_2026 | E19: 5.93 | G19: 604.09
A20: 46081 | B20: VALOR REFERENTE ATUALIZAÇÃO MONETÁRIA MÊS 02/2026 - SELIC 1% | C20: 02_2026 | E20: 5.1 | G20: 609.19
A21: 46112 | B21: VALOR REFERENTE ATUALIZAÇÃO MONETÁRIA MÊS 03/2026 - SELIC 1,21% | C21: 03_2026 | E21: 6.19 | G21: 615.38
A22: 46142 | B22: VALOR REFERENTE ATUALIZAÇÃO MONETÁRIA MÊS 04/2026 - SELIC 1,09% | C22: 04_2026 | E22: 5.58 | G22: 620.96
A23: 46173 | B23: VALOR REFERENTE ATUALIZAÇÃO MONETÁRIA MÊS 05/2026 - SELIC 1,07% | C23: 05_2026 | E23: 5.48 | G23: 626.44
A24: 46203 | B24: VALOR REFERENTE ATUALIZAÇÃO MONETÁRIA MÊS 06/2026 - SELIC 1,12% | C24: 06_2026 | E24: 5.72 | G24: 632.16
A26: Conta: | B26: 1.1.2.03.0027 | C26: 112327 | D26: PIS a Restituir | E26: 0
A28: Data | B28: Complemento | C28: Doc. | D28: C.Custo | E28: Débitos | F28: Créditos | G28: Saldo Atual
A29: 46082 | B29: VALOR REFERENTE TRIBUTAÇÃO A MAIOR NO VALOR DE R$ 1.084.829,84 EM 02/2026, CONFORME SOLICITAÇÃO DA EPE, REF REF PAGAMENTO DE ALVARÁ JUDICIAL EM FAVOR DA CBTU - ENVIADO PELO BB | C29: 03_2026 | E29: 17899.36 | G29: 17899.36
A30: 46112 | B30: VALOR REFERENTE ATUALIZAÇÃO MONETÁRIA MÊS 03/2026 - SELIC 1,21% | C30: 03_2026 | E30: 216.58 | G30: 18115.94
A31: 46113 | B31: VALOR REFERENTE TRIBUTAÇÃO A MAIOR NO VALOR DE R$ 1.084.829,84 EM 02/2026, CONFORME SOLICITAÇÃO DA EPE, DEVIDO À AUSÊNCIA DE IDENTIFICAÇÃO DA ORIGEM DO RECEBIMENTO. | C31: 04_2026 | F31: -18115.94 | G31: 0
A33: Conta: | B33: 1.1.2.03.0042 | C33: 112342 | D33: IRPJ estimativa 2025 | E33: Sd. Ant.: | F33: 0
A35: Data | B35: Complemento | C35: Doc. | D35: C.Custo | E35: Débitos | F35: Créditos | G35: Saldo Atual
A36: 46054 | B36: VALOR REFERENTE ESTIMATIVA DE 2025 | C36: 02_2026 | E36: 178629.72 | G36: 178629.72
A37: 46081 | B37: VALOR REFERENTE ATUALIZAÇÃO MONETÁRIA MÊS 01/2026 - SELIC 1,16% | C37: 01_2026 | E37: 2072.1 | G37: 180701.82
A38: 46081 | B38: VALOR REFERENTE ATUALIZAÇÃO MONETÁRIA MÊS 02/2026 - SELIC 1% | C38: 02_2026 | E38: 1786.3 | G38: 182488.12
A39: 46112 | B39: VALOR REFERENTE ATUALIZAÇÃO MONETÁRIA MÊS 03/2026 - SELIC 1,21% | C39: 03_2026 | E39: 2161.42 | G39: 184649.54
A40: 46142 | B40: VALOR REFERENTE ATUALIZAÇÃO MONETÁRIA MÊS 04/2026 - SELIC 1,09% | C40: 04_2026 | E40: 1947.06 | G40: 186596.6
A41: 46173 | B41: VALOR REFERENTE ATUALIZAÇÃO MONETÁRIA MÊS 05/2026 - SELIC 1,07% | C41: 05_2026 | E41: 1911.34 | G41: 188507.94
A42: 46203 | B42: VALOR REFERENTE ATUALIZAÇÃO MONETÁRIA MÊS 06/2026 - SELIC 1,12% | C42: 06_2026 | E42: 2000.66 | G42: 190508.6
A44: Conta: | B44: 1.1.2.03.0043 | C44: 112343 | D44: CSLL estimativa 2025 | E44: Sd. Ant.: | F44: 0
A46: Data | B46: Complemento | C46: Doc. | D46: C.Custo | E46: Débitos | F46: Créditos | G46: Saldo Atual
A47: 46054 | B47: VALOR REFERENTE ESTIMATIVA DE 2025 | C47: 02_2025 | E47: 66625.72 | G47: 66625.72
A48: 46081 | B48: VALOR REFERENTE ATUALIZAÇÃO MONETÁRIA MÊS 01/2026 - SELIC 1,16% | C48: 01_2026 | E48: 772.86 | G48: 67398.58
A49: 46081 | B49: VALOR REFERENTE ATUALIZAÇÃO MONETÁRIA MÊS 02/2026 - SELIC 1% | C49: 02_2026 | E49: 666.26 | G49: 68064.84
A50: 46112 | B50: VALOR REFERENTE ATUALIZAÇÃO MONETÁRIA MÊS 03/2026 - SELIC 1,21% | C50: 03_2026 | E50: 806.17 | G50: 68871.01
A51: 46142 | B51: VALOR REFERENTE ATUALIZAÇÃO MONETÁRIA MÊS 04/2026 - SELIC 1,09% | C51: 04_2026 | E51: 726.23 | G51: 69597.24
A52: 46173 | B52: VALOR REFERENTE ATUALIZAÇÃO MONETÁRIA MÊS 05/2026 - SELIC 1,07% | C52: 05_2026 | E52: 712.88 | G52: 70310.12
A53: 46203 | B53: VALOR REFERENTE ATUALIZAÇÃO MONETÁRIA MÊS 06/2026 - SELIC 1,12% | C53: 06_2026 | E53: 746.21 | G53: 71056.33
A55: Conta: | B55: 1.2.1.03.0001 | C55: 12131 | D55: IRPJ a Compensar | E55: Sd. Ant.: | F55: 27577.84
A57: Data | B57: Complemento | C57: Doc. | D57: C.Custo | E57: Débitos | F57: Créditos | G57: Saldo Atual
A58: 46053 | B58: VALOR REFERENTE ATUALIZAÇÃO MONETÁRIA MÊS 01/2026 - SELIC 1,16% | C58: 01_2026 | E58: 200.74 | G58: 27778.58
A59: 46081 | B59: VALOR REFERENTE ATUALIZAÇÃO MONETÁRIA MÊS 02/2026 - SELIC 1% | C59: 02_2026 | E59: 173.06 | G59: 27951.64
A60: 46112 | B60: VALOR REFERENTE ATUALIZAÇÃO MONETÁRIA MÊS 03/2026 - SELIC 1,21% | C60: 03_2026 | E60: 209.4 | G60: 28161.04
A61: 46142 | B61: VALOR REFERENTE ATUALIZAÇÃO MONETÁRIA MÊS 04/2026 - SELIC 1,09% | C61: 04_2026 | E61: 188.63 | G61: 28349.67
A62: 46173 | B62: VALOR REFERENTE ATUALIZAÇÃO MONETÁRIA MÊS 05/2026 - SELIC 1,07% | C62: 05_2026 | E62: 185.16 | G62: 28534.83
A63: 46203 | B63: VALOR REFERENTE ATUALIZAÇÃO MONETÁRIA MÊS 06/2026 - SELIC 1,12% | C63: 06_2026 | E63: 193.83 | G63: 28728.66
A65: Conta: | B65: 1.2.1.03.0004 | C65: 12134 | D65: ISS a Restituir | E65: Sd. Ant.: | F65: 4640.58
A67: Data | B67: Complemento | C67: Doc. | D67: C.Custo | E67: Débitos | F67: Créditos | G67: Saldo Atual
C68: **** Sem Movimento ****
A69: Conta: | B69: 1.2.1.03.0005 | C69: 12135 | D69: CSLL a Compensar | E69: Sd. Ant.: | F69: 180372.61
A71: Data | B71: Complemento | C71: Doc. | D71: C.Custo | E71: Débitos | F71: Créditos | G71: Saldo Atual
A72: 46053 | B72: VALOR REFERENTE ATUALIZAÇÃO MONETÁRIA MÊS 01/2026 - SELIC 1,16% | C72: 01_2026 | E72: 1366.5 | G72: 181739.11
A73: 46081 | B73: VALOR REFERENTE ATUALIZAÇÃO MONETÁRIA MÊS 02/2026 - SELIC 1% | C73: 02_2026 | E73: 1178.03 | G73: 182917.14
A74: 46112 | B74: VALOR REFERENTE ATUALIZAÇÃO MONETÁRIA MÊS 03/2026 - SELIC 1,21% | C74: 03_2026 | E74: 1425.41 | G74: 184342.55
A75: 46142 | B75: VALOR REFERENTE ATUALIZAÇÃO MONETÁRIA MÊS 04/2026 - SELIC 1,09% | C75: 04_2026 | E75: 1284.03 | G75: 185626.58
A76: 46173 | B76: VALOR REFERENTE ATUALIZAÇÃO MONETÁRIA MÊS 05/2026 - SELIC 1,07% | C76: 05_2026 | E76: 1260.49 | G76: 186887.07
A77: 46203 | B77: VALOR REFERENTE ATUALIZAÇÃO MONETÁRIA MÊS 06/2026 - SELIC 1,12% | C77: 06_2026 | E77: 1319.38 | G77: 188206.45
A79: Conta: | B79: 1.2.1.03.0009 | C79: 12139 | D79: COFINS a Recuperar | E79: Sd. Ant.: | F79: 1928.93
A81: Data | B81: Complemento | C81: Doc. | D81: C.Custo | E81: Débitos | F81: Créditos | G81: Saldo Atual
A82: 46053 | B82: VALOR REFERENTE ATUALIZAÇÃO MONETÁRIA MÊS 01/2026 - SELIC 1,16% | C82: 01_2026 | E82: 14.69 | G82: 1943.62
A83: 46081 | B83: VALOR REFERENTE ATUALIZAÇÃO MONETÁRIA MÊS 02/2026 - SELIC 1% | C83: 02_2026 | E83: 12.66 | G83: 1956.28
A84: 46112 | B84: VALOR REFERENTE ATUALIZAÇÃO MONETÁRIA MÊS 03/2026 - SELIC 1,21% | C84: 03_2026 | E84: 15.32 | G84: 1971.6
A85: 46142 | B85: VALOR REFERENTE ATUALIZAÇÃO MONETÁRIA MÊS 04/2026 - SELIC 1,09% | C85: 04_2026 | E85: 13.79 | G85: 1985.39
A86: 46173 | B86: VALOR REFERENTE ATUALIZAÇÃO MONETÁRIA MÊS 05/2026 - SELIC 1,07% | C86: 05_2026 | E86: 13.54 | G86: 1998.93
A87: 46203 | B87: VALOR REFERENTE ATUALIZAÇÃO MONETÁRIA MÊS 06/2026 - SELIC 1,12% | C87: 06_2026 | E87: 14.17 | G87: 2013.1
A89: Conta: | B89: 1.2.1.03.0011 | C89: 121311 | D89: IRRF a Restituir | E89: Sd. Ant.: | F89: 4584.03
A91: Data | B91: Complemento | C91: Doc. | D91: C.Custo | E91: Débitos | F91: Créditos | G91: Saldo Atual
A92: 46053 | B92: VALOR REFERENTE ATUALIZAÇÃO MONETÁRIA MÊS 01/2026 - SELIC 1,16% | C92: 01_2026 | E92: 39.46 | G92: 4623.49
A93: 46081 | B93: VALOR REFERENTE ATUALIZAÇÃO MONETÁRIA MÊS 02/2026 - SELIC 1% | C93: 02_2026 | E93: 34.01 | G93: 4657.5
A94: 46112 | B94: VALOR REFERENTE ATUALIZAÇÃO MONETÁRIA MÊS 03/2026 - SELIC 1,21% | C94: 03_2026 | E94: 41.16 | G94: 4698.66
A95: 46142 | B95: VALOR REFERENTE ATUALIZAÇÃO MONETÁRIA MÊS 04/2026 - SELIC 1,09% | C95: 04_2026 | E95: 37.08 | G95: 4735.74
A96: 46173 | B96: VALOR REFERENTE ATUALIZAÇÃO MONETÁRIA MÊS 05/2026 - SELIC 1,07% | C96: 05_2026 | E96: 36.4 | G96: 4772.14
A97: 46203 | B97: VALOR REFERENTE ATUALIZAÇÃO MONETÁRIA MÊS 06/2026 - SELIC 1,12% | C97: 06_2026 | E97: 38.09 | G97: 4810.23
A99: Conta: | B99: 1.2.1.03.0012 | C99: 121312 | D99: PIS a Restituir | E99: Sd. Ant.: | F99: 313.44
A101: Data | B101: Complemento | C101: Doc. | D101: C.Custo | E101: Débitos | F101: Créditos | G101: Saldo Atual
A102: 46053 | B102: VALOR REFERENTE ATUALIZAÇÃO MONETÁRIA MÊS 01/2026 - SELIC 1,16% | C102: 01_2026 | E102: 2.39 | G102: 315.83
A103: 46081 | B103: VALOR REFERENTE ATUALIZAÇÃO MONETÁRIA MÊS 02/2026 - SELIC 1% | C103: 02_2026 | E103: 2.06 | G103: 317.89
A104: 46112 | B104: VALOR REFERENTE ATUALIZAÇÃO MONETÁRIA MÊS 03/2026 - SELIC 1,21% | C104: 03_2026 | E104: 2.49 | G104: 320.38
A105: 46142 | B105: VALOR REFERENTE ATUALIZAÇÃO MONETÁRIA MÊS 04/2026 - SELIC 1,09% | C105: 04_2026 | E105: 2.24 | G105: 322.62
A106: 46173 | B106: VALOR REFERENTE ATUALIZAÇÃO MONETÁRIA MÊS 05/2026 - SELIC 1,07% | C106: 05_2026 | E106: 2.21 | G106: 324.83
A107: 46203 | B107: VALOR REFERENTE ATUALIZAÇÃO MONETÁRIA MÊS 06/2026 - SELIC 1,12% | C107: 06_2026 | E107: 2.3 | G107: 327.13
A109: Conta: | B109: 1.2.1.03.0013 | C109: 121313 | D109: IRPJ estimativa 2021 | E109: Sd. Ant.: | F109: 231103.73
A111: Data | B111: Complemento | C111: Doc. | D111: C.Custo | E111: Débitos | F111: Créditos | G111: Saldo Atual
A112: 46053 | B112: VALOR REFERENTE ATUALIZAÇÃO MONETÁRIA MÊS 01/2026 - SELIC 1,16% | C112: 01_2026 | E112: 1812.7 | G112: 232916.43
A113: 46081 | B113: VALOR REFERENTE ATUALIZAÇÃO MONETÁRIA MÊS 02/2026 - SELIC 1% | C113: 02_2026 | E113: 1562.67 | G113: 234479.1
A114: 46112 | B114: VALOR REFERENTE ATUALIZAÇÃO MONETÁRIA MÊS 03/2026 - SELIC 1,21% | C114: 03_2026 | E114: 1890.83 | G114: 236369.93
A115: 46142 | B115: VALOR REFERENTE ATUALIZAÇÃO MONETÁRIA MÊS 04/2026 - SELIC 1,09% | C115: 04_2026 | E115: 1703.32 | G115: 238073.25
A116: 46173 | B116: VALOR REFERENTE ATUALIZAÇÃO MONETÁRIA MÊS 05/2026 - SELIC 1,07% | C116: 05_2026 | E116: 1672.06 | G116: 239745.31
A117: 46203 | B117: VALOR REFERENTE ATUALIZAÇÃO MONETÁRIA MÊS 06/2026 - SELIC 1,12% | C117: 06_2026 | E117: 1750.2 | G117: 241495.51
A119: Conta: | B119: 1.2.1.03.0015 | C119: 121315 | D119: IRPJ estimativa 2022 | E119: Sd. Ant.: | F119: 142724.78
A121: Data | B121: Complemento | C121: Doc. | D121: C.Custo | E121: Débitos | F121: Créditos | G121: Saldo Atual
A122: 46023 | B122: VALOR REFERENTE COMPENSAÇÃO DE PIS - PERDCOMP N° 17938.28842.190126.1.3.02-6620 | C122: 12_2025 | F122: -324.93 | G122: 142399.85
A123: 46023 | B123: VALOR REFERENTE COMPENSAÇÃO DE PIS - PERDCOMP N° 17938.28842.190126.1.3.02-6620 | C123: 12_2025 | F123: -1999.55 | G123: 140400.3
A124: 46053 | B124: VALOR REFERENTE ATUALIZAÇÃO MONETÁRIA MÊS 01/2026 - SELIC 1,16% | C124: 01_2026 | E124: 1205.85 | G124: 141606.15
A125: 46054 | B125: VALOR REFERENTE COMPENSAÇÃO DE COFINS - PERDCOMP N° 28874.15296.240226.1.3.02-6947 | C125: 02_2026 | F125: -141442.95 | G125: 163.2
A126: 46081 | B126: VALOR REFERENTE AJUSTE ATUALIZAÇÃO MONETÁRIA | C126: 02_2026 | F126: -163.2 | G126: 0
A128: Conta: | B128: 1.2.1.03.0016 | C128: 121316 | D128: IRRF a compensar | E128: Sd. Ant.: | F128: 1110789.2
A130: Data | B130: Complemento | C130: Doc. | D130: C.Custo | E130: Débitos | F130: Créditos | G130: Saldo Atual
A131: 46053 | B131: VALOR REFERENTE ATUALIZAÇÃO MONETÁRIA MÊS 01/2026 - SELIC 1,16% | C131: 01_2026 | E131: 9742.62 | G131: 1120531.8
...

Sheet DE x PARA
A1: Coligada | B1: Classificação | C1: Código | D1: Descrição | E1: Tipo | F1: BP | G1: DRE | H1: DVA | I1: DVA Nº | J1: DFC | K1: DFC Nº | L1: DFC (*)
A2: 116 | B2: 1 | C2: 1 | D2: Ativo | E2: S
A3: 116 | B3: 1.1 | C3: 11 | D3: Circulante | E3: S
A4: 116 | B4: 1.1.1 | C4: 111 | D4: Disponibilidades | E4: S
A5: 116 | B5: 1.1.1.01 | C5: 1111 | D5: Caixa | E5: S
A6: 116 | B6: 1.1.1.01.0001 | C6: 11111 | D6: Fundo Fixo Matriz | E6: A | H6: N/A | I6: =VLOOKUP(H6,Listas!$B$2:$C$20,2,FALSE) -> 500001 | J6: No fim do exercício | K6: =VLOOKUP(J6,Listas!$B$21:$C$50,2,FALSE) -> 600030 | L6: -1
A7: 116 | B7: 1.1.1.01.0002 | C7: 11112 | D7: Fundo Fixo Filial | E7: A | H7: N/A | I7: =VLOOKUP(H7,Listas!$B$2:$C$20,2,FALSE) -> 500001 | J7: No fim do exercício | K7: =VLOOKUP(J7,Listas!$B$21:$C$50,2,FALSE) -> 600030 | L7: -1
A8: 116 | B8: 1.1.1.02 | C8: 1112 | D8: Bancos | E8: S
A9: 116 | B9: 1.1.1.02.0040 | C9: BB | D9: Banco do Brasil conta única União | E9: A | H9: N/A | I9: =VLOOKUP(H9,Listas!$B$2:$C$20,2,FALSE) -> 500001 | J9: No fim do exercício | K9: =VLOOKUP(J9,Listas!$B$21:$C$50,2,FALSE) -> 600030 | L9: -1
A10: 116 | B10: 1.1.1.02.0042 | C10: CO | D10: Receita Cota Orçamentária | E10: A | H10: N/A | I10: =VLOOKUP(H10,Listas!$B$2:$C$20,2,FALSE) -> 500001 | J10: No fim do exercício | K10: =VLOOKUP(J10,Listas!$B$21:$C$50,2,FALSE) -> 600030 | L10: -1
A11: 116 | B11: 1.1.1.02.0043 | C11: BBT | D11: Banco do Brasil - Fonte do Tesouro | E11: A | H11: N/A | I11: =VLOOKUP(H11,Listas!$B$2:$C$20,2,FALSE) -> 500001 | J11: No fim do exercício | K11: =VLOOKUP(J11,Listas!$B$21:$C$50,2,FALSE) -> 600030 | L11: -1
A12: 116 | B12: 1.1.1.02.0044 | C12: BBR | D12: Banco do Brasil - Fonte de Recursos Próprios | E12: A | H12: N/A | I12: =VLOOKUP(H12,Listas!$B$2:$C$20,2,FALSE) -> 500001 | J12: No fim do exercício | K12: =VLOOKUP(J12,Listas!$B$21:$C$50,2,FALSE) -> 600030 | L12: -1
A13: 116 | B13: 1.1.1.03 | C13: 1113 | D13: Aplic. Financeiras de Liquidez Imediata | E13: S
A14: 116 | B14: 1.1.2 | C14: 112 | D14: Créditos, Direitos e Bens | E14: S
A15: 116 | B15: 1.1.2.01 | C15: 1121 | D15: Clientes | E15: S
A16: 116 | B16: 1.1.2.01.0001 | C16: 11211 | D16: Faturamento | E16: A | H16: N/A | I16: =VLOOKUP(H16,Listas!$B$2:$C$20,2,FALSE) -> 500001 | J16: Conta a Receber - Leilões ANEEL | K16: =VLOOKUP(J16,Listas!$B$21:$C$50,2,FALSE) -> 600010 | L16: -1
A17: 116 | B17: 1.1.2.01.0002 | C17: 11212 | D17: Venda de Livros Técnicos | E17: A | H17: N/A | I17: =VLOOKUP(H17,Listas!$B$2:$C$20,2,FALSE) -> 500001 | J17: Outros ativos | K17: =VLOOKUP(J17,Listas!$B$21:$C$50,2,FALSE) -> 600016 | L17: -1
A18: 116 | B18: 1.1.2.01.0998 | C18: 1121998 | D18: (-) Duplicatas Descontadas | E18: A | H18: N/A | I18: =VLOOKUP(H18,Listas!$B$2:$C$20,2,FALSE) -> 500001 | J18: Outros ativos | K18: =VLOOKUP(J18,Listas!$B$21:$C$50,2,FALSE) -> 600016 | L18: -1
A19: 116 | B19: 1.1.2.01.0999 | C19: 1121999 | D19: (-) Provisão p/ Devedores Duvidosos | E19: A | H19: N/A | I19: =VLOOKUP(H19,Listas!$B$2:$C$20,2,FALSE) -> 500001 | J19: Outros ativos | K19: =VLOOKUP(J19,Listas!$B$21:$C$50,2,FALSE) -> 600016 | L19: -1
A20: 116 | B20: 1.1.2.02 | C20: 1122 | D20: Rendas a Receber | E20: S
A21: 116 | B21: 1.1.2.02.0001 | C21: 11221 | D21: Encargos Financeiros | E21: A | H21: N/A | I21: =VLOOKUP(H21,Listas!$B$2:$C$20,2,FALSE) -> 500001 | J21: Outros ativos | K21: =VLOOKUP(J21,Listas!$B$21:$C$50,2,FALSE) -> 600016 | L21: -1
A22: 116 | B22: 1.1.2.02.0002 | C22: 11222 | D22: Aplicações Financeiras | E22: A | H22: N/A | I22: =VLOOKUP(H22,Listas!$B$2:$C$20,2,FALSE) -> 500001 | J22: Outros ativos | K22: =VLOOKUP(J22,Listas!$B$21:$C$50,2,FALSE) -> 600016 | L22: -1
A23: 116 | B23: 1.1.2.03 | C23: 1123 | D23: Tributos a Recuperar ou Compensáveis | E23: S
A24: 116 | B24: 1.1.2.03.0001 | C24: 11231 | D24: IRPJ a Recuperar | E24: A | H24: N/A | I24: =VLOOKUP(H24,Listas!$B$2:$C$20,2,FALSE) -> 500001 | J24: Impostos a recuperar | K24: =VLOOKUP(J24,Listas!$B$21:$C$50,2,FALSE) -> 600014 | L24: -1
A25: 116 | B25: 1.1.2.03.0002 | C25: 11232 | D25: IRPJ s/ Adições Temporárias | E25: A | H25: N/A | I25: =VLOOKUP(H25,Listas!$B$2:$C$20,2,FALSE) -> 500001 | J25: Impostos a recuperar | K25: =VLOOKUP(J25,Listas!$B$21:$C$50,2,FALSE) -> 600014 | L25: -1
A26: 116 | B26: 1.1.2.03.0003 | C26: 11233 | D26: IRPJ s/ Prejuízo Fiscal | E26: A | H26: N/A | I26: =VLOOKUP(H26,Listas!$B$2:$C$20,2,FALSE) -> 500001 | J26: Impostos a recuperar | K26: =VLOOKUP(J26,Listas!$B$21:$C$50,2,FALSE) -> 600014 | L26: -1
A27: 116 | B27: 1.1.2.03.0004 | C27: 11234 | D27: ISS a Recuperar | E27: A | H27: N/A | I27: =VLOOKUP(H27,Listas!$B$2:$C$20,2,FALSE) -> 500001 | J27: Impostos a recuperar | K27: =VLOOKUP(J27,Listas!$B$21:$C$50,2,FALSE) -> 600014 | L27: -1
A28: 116 | B28: 1.1.2.03.0005 | C28: 11235 | D28: CSLL a Recuperar | E28: A | H28: N/A | I28: =VLOOKUP(H28,Listas!$B$2:$C$20,2,FALSE) -> 500001 | J28: Impostos a recuperar | K28: =VLOOKUP(J28,Listas!$B$21:$C$50,2,FALSE) -> 600014 | L28: -1
A29: 116 | B29: 1.1.2.03.0006 | C29: 11236 | D29: CSLL s/ Adições Temporárias | E29: A | H29: N/A | I29: =VLOOKUP(H29,Listas!$B$2:$C$20,2,FALSE) -> 500001 | J29: Impostos a recuperar | K29: =VLOOKUP(J29,Listas!$B$21:$C$50,2,FALSE) -> 600014 | L29: -1
A30: 116 | B30: 1.1.2.03.0007 | C30: 11237 | D30: CSLL s/ Base de Cálculo Negativa | E30: A | H30: N/A | I30: =VLOOKUP(H30,Listas!$B$2:$C$20,2,FALSE) -> 500001 | J30: Impostos a recuperar | K30: =VLOOKUP(J30,Listas!$B$21:$C$50,2,FALSE) -> 600014 | L30: -1
A31: 116 | B31: 1.1.2.03.0008 | C31: 11238 | D31: PASEP a Recuperar | E31: A | H31: N/A | I31: =VLOOKUP(H31,Listas!$B$2:$C$20,2,FALSE) -> 500001 | J31: Impostos a recuperar | K31: =VLOOKUP(J31,Listas!$B$21:$C$50,2,FALSE) -> 600014 | L31: -1
A32: 116 | B32: 1.1.2.03.0009 | C32: 11239 | D32: COFINS a Recuperar | E32: A | H32: N/A | I32: =VLOOKUP(H32,Listas!$B$2:$C$20,2,FALSE) -> 500001 | J32: Impostos a recuperar | K32: =VLOOKUP(J32,Listas!$B$21:$C$50,2,FALSE) -> 600014 | L32: -1
A33: 116 | B33: 1.1.2.03.0010 | C33: 112310 | D33: INSS a Recuperar | E33: A | H33: N/A | I33: =VLOOKUP(H33,Listas!$B$2:$C$20,2,FALSE) -> 500001 | J33: Impostos a recuperar | K33: =VLOOKUP(J33,Listas!$B$21:$C$50,2,FALSE) -> 600014 | L33: -1
A34: 116 | B34: 1.1.2.03.0011 | C34: 112311 | D34: IRPJ a Compensar | E34: A | H34: N/A | I34: =VLOOKUP(H34,Listas!$B$2:$C$20,2,FALSE) -> 500001 | J34: Impostos a recuperar | K34: =VLOOKUP(J34,Listas!$B$21:$C$50,2,FALSE) -> 600014 | L34: -1
A35: 116 | B35: 1.1.2.03.0012 | C35: 112312 | D35: CSLL a Compensar | E35: A | H35: N/A | I35: =VLOOKUP(H35,Listas!$B$2:$C$20,2,FALSE) -> 500001 | J35: Impostos a recuperar | K35: =VLOOKUP(J35,Listas!$B$21:$C$50,2,FALSE) -> 600014 | L35: -1
... A63: 116 | B63: 1.1.2.03.0999 | C63: 1123999 | D63: Outras Retenções de Tributos | E63: A | H63: N/A | I63: =VLOOKUP(H63,Listas!$B$2:$C$20,2,FALSE) -> 500001 | J63: Impostos a recuperar | K63: =VLOOKUP(J63,Listas!$B$21:$C$50,2,FALSE) -> 600014 | L63: -1
A64: 116 | B64: 1.1.2.04 | C64: 1124 | D64: Adiantamentos a Empregados | E64: S
A65: 116 | B65: 1.1.2.04.0001 | C65: 11241 | D65: Adiantamento de Férias | E65: A | H65: N/A | I65: =VLOOKUP(H65,Listas!$B$2:$C$20,2,FALSE) -> 500001 | J65: Adiantamentos concedidos | K65: =VLOOKUP(J65,Listas!$B$21:$C$50,2,FALSE) -> 600011 | L65: -1
A66: 116 | B66: 1.1.2.04.0002 | C66: 11242 | D66: Adiantamento de 13º Salário | E66: A | H66: N/A | I66: =VLOOKUP(H66,Listas!$B$2:$C$20,2,FALSE) -> 500001 | J66: Adiantamentos concedidos | K66: =VLOOKUP(J66,Listas!$B$21:$C$50,2,FALSE) -> 600011 | L66: -1
A67: 116 | B67: 1.1.2.04.0003 | C67: 11243 | D67: Adiantamento de Viagem | E67: A | H67: N/A | I67: =VLOOKUP(H67,Listas!$B$2:$C$20,2,FALSE) -> 500001 | J67: Adiantamentos concedidos | K67: =VLOOKUP(J67,Listas!$B$21:$C$50,2,FALSE) -> 600011 | L67: -1
A68: 116 | B68: 1.1.2.04.0004 | C68: 11244 | D68: Adiantamento de Salário | E68: A | H68: N/A | I68: =VLOOKUP(H68,Listas!$B$2:$C$20,2,FALSE) -> 500001 | J68: Adiantamentos concedidos | K68: =VLOOKUP(J68,Listas!$B$21:$C$50,2,FALSE) -> 600011 | L68: -1
A69: 116 | B69: 1.1.2.04.0005 | C69: 11245 | D69: Adiant. p/Atender Compromissos da EPE | E69: A | H69: N/A | I69: =VLOOKUP(H69,Listas!$B$2:$C$20,2,FALSE) -> 500001 | J69: Adiantamentos concedidos | K69: =VLOOKUP(J69,Listas!$B$21:$C$50,2,FALSE) -> 600011 | L69: -1
A70: 116 | B70: 1.1.2.04.0006 | C70: 11246 | D70: Adiantamento de Viagem ao Exterior | E70: A | H70: N/A | I70: =VLOOKUP(H70,Listas!$B$2:$C$20,2,FALSE) -> 500001 | J70: Adiantamentos concedidos | K70: =VLOOKUP(J70,Listas!$B$21:$C$50,2,FALSE) -> 600011 | L70: -1
A71: 116 | B71: 1.1.2.04.0024 | C71: 112424 | D71: Empréstimo a funcionários | E71: A | H71: N/A | I71: =VLOOKUP(H71,Listas!$B$2:$C$20,2,FALSE) -> 500001 | J71: Adiantamentos concedidos | K71: =VLOOKUP(J71,Listas!$B$21:$C$50,2,FALSE) -> 600011 | L71: -1
A72: 116 | B72: 1.1.2.04.0025 | C72: 112425 | D72: Mensalidade AEPE | E72: A | H72: N/A | I72: =VLOOKUP(H72,Listas!$B$2:$C$20,2,FALSE) -> 500001 | J72: Adiantamentos concedidos | K72: =VLOOKUP(J72,Listas!$B$21:$C$50,2,FALSE) -> 600011 | L72: -1
A73: 116 | B73: 1.1.2.04.0999 | C73: 1124999 | D73: Adiantamentos p/ Outros Gastos | E73: A | H73: N/A | I73: =VLOOKUP(H73,Listas!$B$2:$C$20,2,FALSE) -> 500001 | J73: Adiantamentos concedidos | K73: =VLOOKUP(J73,Listas!$B$21:$C$50,2,FALSE) -> 600011 | L73: -1
A74: 116 | B74: 1.1.2.05 | C74: 1125 | D74: Adiantamentos a Terceiros | E74: S
A75: 116 | B75: 1.1.2.05.0001 | C75: 11251 | D75: Adiantamentos a Fornecedores | E75: A | H75: N/A | I75: =VLOOKUP(H75,Listas!$B$2:$C$20,2,FALSE) -> 500001 | J75: Adiantamentos concedidos | K75: =VLOOKUP(J75,Listas!$B$21:$C$50,2,FALSE) -> 600011 | L75: -1
A76: 116 | B76: 1.1.2.05.0002 | C76: 11252 | D76: Adiantamento p/ Seminários | E76: A | H76: N/A | I76: =VLOOKUP(H76,Listas!$B$2:$C$20,2,FALSE) -> 500001 | J76: Adiantamentos concedidos | K76: =VLOOKUP(J76,Listas!$B$21:$C$50,2,FALSE) -> 600011 | L76: -1
A77: 116 | B77: 1.1.2.05.0003 | C77: 11253 | D77: Outros Adiantamentos | E77: A | H77: N/A | I77: =VLOOKUP(H77,Listas!$B$2:$C$20,2,FALSE) -> 500001 | J77: Adiantamentos concedidos | K77: =VLOOKUP(J77,Listas!$B$21:$C$50,2,FALSE) -> 600011 | L77: -1
A78: 116 | B78: 1.1.2.05.0004 | C78: 11254 | D78: Adiantamento p/ Órgãos Federais | E78: A | H78: N/A | I78: =VLOOKUP(H78,Listas!$B$2:$C$20,2,FALSE) -> 500001 | J78: Adiantamentos concedidos | K78: =VLOOKUP(J78,Listas!$B$21:$C$50,2,FALSE) -> 600011 | L78: -1
A79: 116 | B79: 1.1.2.06 | C79: 1126 | D79: Títulos e Valores Mobiliários | E79: S
A80: 116 | B80: 1.1.2.06.0001 | C80: 11261 | D80: Ações - Preço de Aquisição | E80: A | H80: N/A | I80: =VLOOKUP(H80,Listas!$B$2:$C$20,2,FALSE) -> 500001 | J80: Outros ativos | K80: =VLOOKUP(J80,Listas!$B$21:$C$50,2,FALSE) -> 600016 | L80: -1
A81: 116 | B81: 1.1.2.06.0002 | C81: 11262 | D81: (-) Ações - Provisão p/ Redução ao Valor | E81: A | H81: N/A | I81: =VLOOKUP(H81,Listas!$B$2:$C$20,2,FALSE) -> 500001 | J81: Outros ativos | K81: =VLOOKUP(J81,Listas!$B$21:$C$50,2,FALSE) -> 600016 | L81: -1
A82: 116 | B82: 1.1.2.07 | C82: 1127 | D82: Estoques | E82: S
A83: 116 | B83: 1.1.2.07.0001 | C83: 11271 | D83: Material de Escritório | E83: A | H83: N/A | I83: =VLOOKUP(H83,Listas!$B$2:$C$20,2,FALSE) -> 500001 | J83: Outros ativos | K83: =VLOOKUP(J83,Listas!$B$21:$C$50,2,FALSE) -> 600016 | L83: -1
A84: 116 | B84: 1.1.2.07.0002 | C84: 11272 | D84: Estoque de Livros | E84: A | H84: N/A | I84: =VLOOKUP(H84,Listas!$B$2:$C$20,2,FALSE) -> 500001 | J84: Outros ativos | K84: =VLOOKUP(J84,Listas!$B$21:$C$50,2,FALSE) -> 600016 | L84: -1
A85: 116 | B85: 1.1.2.07.0003 | C85: 11273 | D85: Estoque de Livros - em consignação | E85: A | H85: N/A | I85: =VLOOKUP(H85,Listas!$B$2:$C$20,2,FALSE) -> 500001 | J85: Outros ativos | K85: =VLOOKUP(J85,Listas!$B$21:$C$50,2,FALSE) -> 600016 | L85: -1
A86: 116 | B86: 1.1.2.08 | C86: 1128 | D86: Depositos judiciais | E86: S
A87: 116 | B87: 1.1.2.08.0001 | C87: 11281 | D87: Depósitos Judiciais - Previdenciários | E87: A | H87: N/A | I87: =VLOOKUP(H87,Listas!$B$2:$C$20,2,FALSE) -> 500001 | J87: Depósitos judiciais | K87: =VLOOKUP(J87,Listas!$B$21:$C$50,2,FALSE) -> 600013 | L87: -1
A88: 116 | B88: 1.1.2.08.0002 | C88: 11282 | D88: Depósitos Judiciais - Trabalhistas | E88: A | H88: N/A | I88: =VLOOKUP(H88,Listas!$B$2:$C$20,2,FALSE) -> 500001 | J88: Depósitos judiciais | K88: =VLOOKUP(J88,Listas!$B$21:$C$50,2,FALSE) -> 600013 | L88: -1
A89: 116 | B89: 1.1.2.08.0003 | C89: 11283 | D89: Depósitos Judiciais - Cíveis | E89: A | H89: N/A | I89: =VLOOKUP(H89,Listas!$B$2:$C$20,2,FALSE) -> 500001 | J89: Depósitos judiciais | K89: =VLOOKUP(J89,Listas!$B$21:$C$50,2,FALSE) -> 600013 | L89: -1
A90: 116 | B90: 1.1.2.08.0004 | C90: 11284 | D90: Depósitos Judiciais –Tributários | E90: A | H90: N/A | I90: =VLOOKUP(H90,Listas!$B$2:$C$20,2,FALSE) -> 500001 | J90: Depósitos judiciais | K90: =VLOOKUP(J90,Listas!$B$21:$C$50,2,FALSE) -> 600013 | L90: -1
A91: 116 | B91: 1.1.2.09 | C91: 1129 | D91: Conta a Receber - Leilões ANEEL | E91: S
A92: 116 | B92: 1.1.2.09.0001 | C92: 11291 | D92: Reembolso de custos a Receber - ANEEL | E92: A | H92: N/A | I92: =VLOOKUP(H92,Listas!$B$2:$C$20,2,FALSE) -> 500001 | J92: Conta a Receber - Leilões ANEEL | K92: =VLOOKUP(J92,Listas!$B$21:$C$50,2,FALSE) -> 600010 | L92: -1
A93: 116 | B93: 1.1.2.99 | C93: 11299 | D93: Outros Créditos | E93: S
A94: 116 | B94: 1.1.2.99.0001 | C94: 112991 | D94: Cauções e Depósitos Vinculados | E94: A | H94: N/A | I94: =VLOOKUP(H94,Listas!$B$2:$C$20,2,FALSE) -> 500001 | J94: Outros ativos | K94: =VLOOKUP(J94,Listas!$B$21:$C$50,2,FALSE) -> 600016 | L94: -1
A95: 116 | B95: 1.1.2.99.0002 | C95: 112992 | D95: Glosas Petrobras | E95: A | H95: N/A | I95: =VLOOKUP(H95,Listas!$B$2:$C$20,2,FALSE) -> 500001 | J95: Outros ativos | K95: =VLOOKUP(J95,Listas!$B$21:$C$50,2,FALSE) -> 600016 | L95: -1
A96: 116 | B96: 1.1.2.99.0003 | C96: 112993 | D96: Glosas Furnas | E96: A | H96: N/A | I96: =VLOOKUP(H96,Listas!$B$2:$C$20,2,FALSE) -> 500001 | J96: Outros ativos | K96: =VLOOKUP(J96,Listas!$B$21:$C$50,2,FALSE) -> 600016 | L96: -1
A97: 116 | B97: 1.1.2.99.0004 | C97: 112994 | D97: Glosas Cepel | E97: A | H97: N/A | I97: =VLOOKUP(H97,Listas!$B$2:$C$20,2,FALSE) -> 500001 | J97: Outros ativos | K97: =VLOOKUP(J97,Listas!$B$21:$C$50,2,FALSE) -> 600016 | L97: -1
A98: 116 | B98: 1.1.2.99.0005 | C98: 112995 | D98: Ressarcimento de Cedidos | E98: A | H98: N/A | I98: =VLOOKUP(H98,Listas!$B$2:$C$20,2,FALSE) -> 500001 | J98: Outros ativos | K98: =VLOOKUP(J98,Listas!$B$21:$C$50,2,FALSE) -> 600016 | L98: -1
A99: 116 | B99: 1.1.2.99.0999 | C99: 11299999 | D99: Créditos Diversos | E99: A | H99: N/A | I99: =VLOOKUP(H99,Listas!$B$2:$C$20,2,FALSE) -> 500001 | J99: Outros ativos | K99: =VLOOKUP(J99,Listas!$B$21:$C$50,2,FALSE) -> 600016 | L99: -1
A100: 116 | B100: 1.1.3 | C100: 113 | D100: Despesas Antecipadas | E100: S
A101: 116 | B101: 1.1.3.01 | C101: 1131 | D101: Despesas Antecipadas | E101: S
A102: 116 | B102: 1.1.3.01.0001 | C102: 11311 | D102: Prêmio de Seguros Pagos Antecipadamente | E102: A | H102: N/A | I102: =VLOOKUP(H102,Listas!$B$2:$C$20,2,FALSE) -> 500001 | J102: Despesas antecipadas | K102: =VLOOKUP(J102,Listas!$B$21:$C$50,2,FALSE) -> 600012 | L102: -1
A103: 116 | B103: 1.1.3.01.0002 | C103: 11312 | D103: Assinaturas e Anuidades | E103: A | H103: N/A | I103: =VLOOKUP(H103,Listas!$B$2:$C$20,2,FALSE) -> 500001 | J103: Despesas antecipadas | K103: =VLOOKUP(J103,Listas!$B$21:$C$50,2,FALSE) -> 600012 | L103: -1
A104: 116 | B104: 1.1.3.01.0003 | C104: 11313 | D104: Provedores de Informações | E104: A | H104: N/A | I104: =VLOOKUP(H104,Listas!$B$2:$C$20,2,FALSE) -> 500001 | J104: Despesas antecipadas | K104: =VLOOKUP(J104,Listas!$B$21:$C$50,2,FALSE) -> 600012 | L104: -1
A105: 116 | B105: 1.1.3.01.0004 | C105: 11314 | D105: Aluguéis e Arrendamentos | E105: A | H105: N/A | I105: =VLOOKUP(H105,Listas!$B$2:$C$20,2,FALSE) -> 500001 | J105: Despesas antecipadas | K105: =VLOOKUP(J105,Listas!$B$21:$C$50,2,FALSE) -> 600012 | L105: -1
A106: 116 | B106: 1.1.3.01.0005 | C106: 11315 | D106: Iptu a Apropriar | E106: A | H106: N/A | I106: =VLOOKUP(H106,Listas!$B$2:$C$20,2,FALSE) -> 500001 | J106: Despesas antecipadas | K106: =VLOOKUP(J106,Listas!$B$21:$C$50,2,FALSE) -> 600012 | L106: -1
A107: 116 | B107: 1.1.3.01.0006 | C107: 11316 | D107: Manutenção de Software | E107: A | H107: N/A | I107: =VLOOKUP(H107,Listas!$B$2:$C$20,2,FALSE) -> 500001 | J107: Despesas antecipadas | K107: =VLOOKUP(J107,Listas!$B$21:$C$50,2,FALSE) -> 600012 | L107: -1
A108: 116 | B108: 1.1.3.01.0999 | C108: 1131999 | D108: Outras Despesas Antecipadas | E108: A | H108: N/A | I108: =VLOOKUP(H108,Listas!$B$2:$C$20,2,FALSE) -> 500001 | J108: Despesas antecipadas | K108: =VLOOKUP(J108,Listas!$B$21:$C$50,2,FALSE) -> 600012 | L108: -1
A109: 116 | B109: 1.1.4 | C109: 114 | D109: Ativos Circulantes Mantidos p/ Venda | E109: S
A110: 116 | B110: 1.1.4.01 | C110: 1141 | D110: Ativos Circulantes Mantidos p/ Venda | E110: S
A111: 116 | B111: 1.2 | C111: 12 | D111: Ativo Não Circulante | E111: S
A112: 116 | B112: 1.2.1 | C112: 121 | D112: Realizavel a Longo Prazo | E112: S
A113: 116 | B113: 1.2.1.01 | C113: 1211 | D113: Clientes | E113: S
A114: 116 | B114: 1.2.1.01.0001 | C114: 12111 | D114: Faturamento | E114: A | H114: N/A | I114: =VLOOKUP(H114,Listas!$B$2:$C$20,2,FALSE) -> 500001 | J114: Outros ativos | K114: =VLOOKUP(J114,Listas!$B$21:$C$50,2,FALSE) -> 600016 | L114: -1
A115: 116 | B115: 1.2.1.01.0998 | C115: 1211998 | D115: (-) Duplicatas Descontadas | E115: A | H115: N/A | I115: =VLOOKUP(H115,Listas!$B$2:$C$20,2,FALSE) -> 500001 | J115: Outros ativos | K115: =VLOOKUP(J115,Listas!$B$21:$C$50,2,FALSE) -> 600016 | L115: -1
A116: 116 | B116: 1.2.1.01.0999 | C116: 1211999 | D116: (-) Provisão p/ Devedores Duvidosos | E116: A | H116: N/A | I116: =VLOOKUP(H116,Listas!$B$2:$C$20,2,FALSE) -> 500001 | J116: Outros ativos | K116: =VLOOKUP(J116,Listas!$B$21:$C$50,2,FALSE) -> 600016 | L116: -1
A117: 116 | B117: 1.2.1.02 | C117: 1212 | D117: Rendas a Receber | E117: S
A118: 116 | B118: 1.2.1.02.0001 | C118: 12121 | D118: Encargos Financeiros | E118: A | H118: N/A | I118: =VLOOKUP(H118,Listas!$B$2:$C$20,2,FALSE) -> 500001 | J118: Outros ativos | K118: =VLOOKUP(J118,Listas!$B$21:$C$50,2,FALSE) -> 600016 | L118: -1
A119: 116 | B119: 1.2.1.02.0002 | C119: 12122 | D119: Aplicações Financeiras | E119: A | H119: N/A | I119: =VLOOKUP(H119,Listas!$B$2:$C$20,2,FALSE) -> 500001 | J119: Outros ativos | K119: =VLOOKUP(J119,Listas!$B$21:$C$50,2,FALSE) -> 600016 | L119: -1
A120: 116 | B120: 1.2.1.02.0003 | C120: 12123 | D120: Multas Aplicadas a Fornecedores | E120: A | H120: N/A | I120: =VLOOKUP(H120,Listas!$B$2:$C$20,2,FALSE) -> 500001 | J120: Outros ativos | K120: =VLOOKUP(J120,Listas!$B$21:$C$50,2,FALSE) -> 600016 | L120: -1
A121: 116 | B121: 1.2.1.03 | C121: 1213 | D121: Tributos a Recuperar ou Compensáveis | E121: S
A122: 116 | B122: 1.2.1.03.0001 | C122: 12131 | D122: IRPJ a Compensar | E122: A | H122: N/A | I122: =VLOOKUP(H122,Listas!$B$2:$C$20,2,FALSE) -> 500001 | J122: Impostos a recuperar | K122: =VLOOKUP(J122,Listas!$B$21:$C$50,2,FALSE) -> 600014 | L122: -1
A123: 116 | B123: 1.2.1.03.0002 | C123: 12132 | D123: IRPJ s/ Adições Temporárias | E123: A | H123: N/A | I123: =VLOOKUP(H123,Listas!$B$2:$C$20,2,FALSE) -> 500001 | J123: Impostos a recuperar | K123: =VLOOKUP(J123,Listas!$B$21:$C$50,2,FALSE) -> 600014 | L123: -1
A124: 116 | B124: 1.2.1.03.0003 | C124: 12133 | D124: IRPJ s/ Prejuízo Fiscal | E124: A | H124: N/A | I124: =VLOOKUP(H124,Listas!$B$2:$C$20,2,FALSE) -> 500001 | J124: Impostos a recuperar | K124: =VLOOKUP(J124,Listas!$B$21:$C$50,2,FALSE) -> 600014 | L124: -1
A125: 116 | B125: 1.2.1.03.0004 | C125: 12134 | D125: ISS a Restituir | E125: A | H125: N/A | I125: =VLOOKUP(H125,Listas!$B$2:$C$20,2,FALSE) -> 500001 | J125: Impostos a recuperar | K125: =VLOOKUP(J125,Listas!$B$21:$C$50,2,FALSE) -> 600014 | L125: -1
A126: 116 | B126: 1.2.1.03.0005 | C126: 12135 | D126: CSLL a Compensar | E126: A | H126: N/A | I126: =VLOOKUP(H126,Listas!$B$2:$C$20,2,FALSE) -> 500001 | J126: Impostos a recuperar | K126: =VLOOKUP(J126,Listas!$B$21:$C$50,2,FALSE) -> 600014 | L126: -1
A127: 116 | B127: 1.2.1.03.0006 | C127: 12136 | D127: CSLL s/ Adições Temporárias | E127: A | H127: N/A | I127: =VLOOKUP(H127,Listas!$B$2:$C$20,2,FALSE) -> 500001 | J127: Impostos a recuperar | K127: =VLOOKUP(J127,Listas!$B$21:$C$50,2,FALSE) -> 600014 | L127: -1
...

Sheet Balancete 08.2023
B1: EMPRESA DE PESQUISA ENERGETICA - EPE | C1: Balancete Contábil Analítico
B2: 06.977.747/0001-80
B4: 01/07/2023 a 31/08/2023
A6: Conta | B6: Conta | C6: Reduzido | D6: Descrição | E6: Anterior | F6: Débitos | G6: Créditos | H6: Movimento | I6: Saldo Atual | J6: Conversão em milhar | K6: arredondamento | L6: DVA | M6: DFC | N6: DFC (*) | O6: DFC MOV
A7: =B7 -> 1 | B7: 1 | C7: 1 | D7: Ativo | E7: 51373400 | F7: 1.3373851e+08 | G7: -1.2642468e+08 | H7: 7313828.3 | I7: 58687228 | J7: =I7/1000 -> 58687.228 | K7: =ROUND(J7,0) -> 58687 | L7: =IFERROR(VLOOKUP(C7,'[4]DE x PARA'!C2:K2001,7,FALSE),"SINTÉTICA") -> 0 | M7: =IFERROR(VLOOKUP(B7,'[4]DE x PARA'!B2:K2001,10,FALSE),"SINTÉTICA") -> 0 | N7: =IFERROR(VLOOKUP(M7,'[4]DE x PARA'!$K$2:$L$2001,2,FALSE),0) -> 0 | O7: =+H7*N7 -> 0
A8: =B8 -> 1.1 | B8: 1.1 | C8: 11 | D8: Circulante | E8: 35519718 | F8: 1.3294253e+08 | G8: -1.2374655e+08 | H8: 9195981.5 | I8: 44715700 | J8: =I8/1000 -> 44715.7 | K8: =ROUND(J8,0) -> 44716 | L8: =IFERROR(VLOOKUP(C8,'[4]DE x PARA'!C3:K2002,7,FALSE),"SINTÉTICA") -> 0 | M8: =IFERROR(VLOOKUP(B8,'[4]DE x PARA'!B3:K2002,10,FALSE),"SINTÉTICA") -> 0 | N8: =IFERROR(VLOOKUP(M8,'[4]DE x PARA'!$K$2:$L$2001,2,FALSE),0) -> 0 | O8: =+H8*N8 -> 0
A9: =B9 -> 1.1.1 | B9: 1.1.1 | C9: 111 | D9: Disponibilidades | E9: 30622515 | F9: 1.1580771e+08 | G9: -1.0996127e+08 | H9: 5846442.1 | I9: 36468957 | J9: =I9/1000 -> 36468.957 | K9: =ROUND(J9,0) -> 36469 | L9: =IFERROR(VLOOKUP(C9,'[4]DE x PARA'!C4:K2003,7,FALSE),"SINTÉTICA") -> 0 | M9: =IFERROR(VLOOKUP(B9,'[4]DE x PARA'!B4:K2003,10,FALSE),"SINTÉTICA") -> 0 | N9: =IFERROR(VLOOKUP(M9,'[4]DE x PARA'!$K$2:$L$2001,2,FALSE),0) -> 0 | O9: =+H9*N9 -> 0
A10: =B10 -> 1.1.1.02 | B10: 1.1.1.02 | C10: 1112 | D10: Bancos | E10: 30622515 | F10: 1.1580771e+08 | G10: -1.0996127e+08 | H10: 5846442.1 | I10: 36468957 | J10: =I10/1000 -> 36468.957 | K10: =ROUND(J10,0) -> 36469 | L10: =IFERROR(VLOOKUP(C10,'[4]DE x PARA'!C5:K2004,7,FALSE),"SINTÉTICA") -> 0 | M10: =IFERROR(VLOOKUP(B10,'[4]DE x PARA'!B5:K2004,10,FALSE),"SINTÉTICA") -> 0 | N10: =IFERROR(VLOOKUP(M10,'[4]DE x PARA'!$K$2:$L$2001,2,FALSE),0) -> 0 | O10: =+H10*N10 -> 0
A11: =B11 -> 1.1.1.02.0040 | B11: 1.1.1.02.0040 | C11: BB | D11: Banco do Brasil conta única União | E11: 30622515 | F11: 0 | G11: -30622515 | H11: -30622515 | I11: 0 | J11: =I11/1000 -> 0 | K11: =ROUND(J11,0) -> 0 | L11: =IFERROR(VLOOKUP(C11,'[4]DE x PARA'!C6:K2005,7,FALSE),"SINTÉTICA") -> 500001 | M11: =IFERROR(VLOOKUP(B11,'[4]DE x PARA'!B6:K2005,10,FALSE),"SINTÉTICA") -> 600030 | N11: =IFERROR(VLOOKUP(M11,'[4]DE x PARA'!$K$2:$L$2001,2,FALSE),0) -> -1 | O11: =+H11*N11 -> 30622515
A12: =B12 -> 1.1.1.02.0042 | B12: 1.1.1.02.0042 | C12: CO | D12: Receita Cota Orçamentária | E12: 0 | F12: 22224015 | G12: -22224015 | H12: 0 | I12: 0 | J12: =I12/1000 -> 0 | K12: =ROUND(J12,0) -> 0 | L12: =IFERROR(VLOOKUP(C12,'[4]DE x PARA'!C7:K2006,7,FALSE),"SINTÉTICA") -> 500001 | M12: =IFERROR(VLOOKUP(B12,'[4]DE x PARA'!B7:K2006,10,FALSE),"SINTÉTICA") -> 600030 | N12: =IFERROR(VLOOKUP(M12,'[4]DE x PARA'!$K$2:$L$2001,2,FALSE),0) -> -1 | O12: =+H12*N12 -> 0
A13: =B13 -> 1.1.1.02.0043 | B13: 1.1.1.02.0043 | C13: BBT | D13: Banco do Brasil - Fonte do Tesouro | E13: 0 | F13: 64121301 | G13: -55762126 | H13: 8359175.2 | I13: 8359175.2 | J13: =I13/1000 -> 8359.1752 | K13: =ROUND(J13,0) -> 8359 | L13: =IFERROR(VLOOKUP(C13,'[4]DE x PARA'!C8:K2007,7,FALSE),"SINTÉTICA") -> 500001 | M13: =IFERROR(VLOOKUP(B13,'[4]DE x PARA'!B8:K2007,10,FALSE),"SINTÉTICA") -> 600030 | N13: =IFERROR(VLOOKUP(M13,'[4]DE x PARA'!$K$2:$L$2001,2,FALSE),0) -> -1 | O13: =+H13*N13 -> -8359175.2
A14: =B14 -> 1.1.1.02.0044 | B14: 1.1.1.02.0044 | C14: BBR | D14: Banco do Brasil - Fonte de Recursos Próprios | E14: 0 | F14: 29462393 | G14: -1352610.3 | H14: 28109782 | I14: 28109782 | J14: =I14/1000 -> 28109.782 | K14: =ROUND(J14,0) -> 28110 | L14: =IFERROR(VLOOKUP(C14,'[4]DE x PARA'!C9:K2008,7,FALSE),"SINTÉTICA") -> 500001 | M14: =IFERROR(VLOOKUP(B14,'[4]DE x PARA'!B9:K2008,10,FALSE),"SINTÉTICA") -> 600030 | N14: =IFERROR(VLOOKUP(M14,'[4]DE x PARA'!$K$2:$L$2001,2,FALSE),0) -> -1 | O14: =+H14*N14 -> -28109782
A15: =B15 -> 1.1.2 | B15: 1.1.2 | C15: 112 | D15: Créditos, Direitos e Bens | E15: 2317758.7 | F15: 12871525 | G15: -9699692.5 | H15: 3171832.4 | I15: 5489591.1 | J15: =I15/1000 -> 5489.5911 | K15: =ROUND(J15,0) -> 5490 | L15: =IFERROR(VLOOKUP(C15,'[4]DE x PARA'!C10:K2009,7,FALSE),"SINTÉTICA") -> 0 | M15: =IFERROR(VLOOKUP(B15,'[4]DE x PARA'!B10:K2009,10,FALSE),"SINTÉTICA") -> 0 | N15: =IFERROR(VLOOKUP(M15,'[4]DE x PARA'!$K$2:$L$2001,2,FALSE),0) -> 0 | O15: =+H15*N15 -> 0
A16: =B16 -> 1.1.2.03 | B16: 1.1.2.03 | C16: 1123 | D16: Tributos a Recuperar ou Compensáveis | E16: 1526087.6 | F16: 2765786.6 | G16: -1385952.8 | H16: 1379833.8 | I16: 2905921.3 | J16: =I16/1000 -> 2905.9213 | K16: =ROUND(J16,0) -> 2906 | L16: =IFERROR(VLOOKUP(C16,'[4]DE x PARA'!C11:K2010,7,FALSE),"SINTÉTICA") -> 0 | M16: =IFERROR(VLOOKUP(B16,'[4]DE x PARA'!B11:K2010,10,FALSE),"SINTÉTICA") -> 0 | N16: =IFERROR(VLOOKUP(M16,'[4]DE x PARA'!$K$2:$L$2001,2,FALSE),0) -> 0 | O16: =+H16*N16 -> 0
A17: =B17 -> 1.1.2.03.0009 | B17: 1.1.2.03.0009 | C17: 11239 | D17: COFINS a Recuperar | E17: 1487.38 | F17: 98.85 | G17: -7.24 | H17: 91.61 | I17: 1578.99 | J17: =I17/1000 -> 1.57899 | K17: =ROUND(J17,0) -> 2 | L17: =IFERROR(VLOOKUP(C17,'[4]DE x PARA'!C12:K2011,7,FALSE),"SINTÉTICA") -> 500001 | M17: =IFERROR(VLOOKUP(B17,'[4]DE x PARA'!B12:K2011,10,FALSE),"SINTÉTICA") -> 600014 | N17: =IFERROR(VLOOKUP(M17,'[4]DE x PARA'!$K$2:$L$2001,2,FALSE),0) -> -1 | O17: =+H17*N17 -> -91.61
A18: =B18 -> 1.1.2.03.0016 | B18: 1.1.2.03.0016 | C18: 112316 | D18: IRPJ Estimativa | E18: 668444.49 | F18: 615232.9 | G18: -855457.12 | H18: -240224.22 | I18: 428220.27 | J18: =I18/1000 -> 428.22027 | K18: =ROUND(J18,0) -> 428 | L18: =IFERROR(VLOOKUP(C18,'[4]DE x PARA'!C13:K2012,7,FALSE),"SINTÉTICA") -> 500001 | M18: =IFERROR(VLOOKUP(B18,'[4]DE x PARA'!B13:K2012,10,FALSE),"SINTÉTICA") -> 600014 | N18: =IFERROR(VLOOKUP(M18,'[4]DE x PARA'!$K$2:$L$2001,2,FALSE),0) -> -1 | O18: =+H18*N18 -> 240224.22
A19: =B19 -> 1.1.2.03.0017 | B19: 1.1.2.03.0017 | C19: 112317 | D19: CSLL Estimativa | E19: 267519.28 | F19: 203053.6 | G19: -347035.18 | H19: -143981.58 | I19: 123537.7 | J19: =I19/1000 -> 123.5377 | K19: =ROUND(J19,0) -> 124 | L19: =IFERROR(VLOOKUP(C19,'[4]DE x PARA'!C14:K2013,7,FALSE),"SINTÉTICA") -> 500001 | M19: =IFERROR(VLOOKUP(B19,'[4]DE x PARA'!B14:K2013,10,FALSE),"SINTÉTICA") -> 600014 | N19: =IFERROR(VLOOKUP(M19,'[4]DE x PARA'!$K$2:$L$2001,2,FALSE),0) -> -1 | O19: =+H19*N19 -> 143981.58
A20: =B20 -> 1.1.2.03.0021 | B20: 1.1.2.03.0021 | C20: 112321 | D20: Antecipação de IRRF - 0561 | E20: 160515.44 | F20: 22937.86 | G20: -183453.3 | H20: -160515.44 | I20: 0 | J20: =I20/1000 -> 0 | K20: =ROUND(J20,0) -> 0 | L20: =IFERROR(VLOOKUP(C20,'[4]DE x PARA'!C15:K2014,7,FALSE),"SINTÉTICA") -> 500001 | M20: =IFERROR(VLOOKUP(B20,'[4]DE x PARA'!B15:K2014,10,FALSE),"SINTÉTICA") -> 600014 | N20: =IFERROR(VLOOKUP(M20,'[4]DE x PARA'!$K$2:$L$2001,2,FALSE),0) -> -1 | O20: =+H20*N20 -> 160515.44
A21: =B21 -> 1.1.2.03.0023 | B21: 1.1.2.03.0023 | C21: 112323 | D21: IRRF a Compensar | E21: 6209.59 | F21: 873254.35 | G21: 0 | H21: 873254.35 | I21: 879463.94 | J21: =I21/1000 -> 879.46394 | K21: =ROUND(J21,0) -> 879 | L21: =IFERROR(VLOOKUP(C21,'[4]DE x PARA'!C16:K2015,7,FALSE),"SINTÉTICA") -> 500001 | M21: =IFERROR(VLOOKUP(B21,'[4]DE x PARA'!B16:K2015,10,FALSE),"SINTÉTICA") -> 600014 | N21: =IFERROR(VLOOKUP(M21,'[4]DE x PARA'!$K$2:$L$2001,2,FALSE),0) -> -1 | O21: =+H21*N21 -> -873254.35
A22: =B22 -> 1.1.2.03.0025 | B22: 1.1.2.03.0025 | C22: 112325 | D22: IRRF a Restituir | E22: 0 | F22: 3184.32 | G22: 0 | H22: 3184.32 | I22: 3184.32 | J22: =I22/1000 -> 3.18432 | K22: =ROUND(J22,0) -> 3 | L22: =IFERROR(VLOOKUP(C22,'[4]DE x PARA'!C17:K2016,7,FALSE),"SINTÉTICA") -> 500001 | M22: =IFERROR(VLOOKUP(B22,'[4]DE x PARA'!B17:K2016,10,FALSE),"SINTÉTICA") -> 600014 | N22: =IFERROR(VLOOKUP(M22,'[4]DE x PARA'!$K$2:$L$2001,2,FALSE),0) -> -1 | O22: =+H22*N22 -> -3184.32
A23: =B23 -> 1.1.2.03.0027 | B23: 1.1.2.03.0027 | C23: 112327 | D23: PIS a Restituir | E23: 239.03 | F23: 17.56 | G23: 0 | H23: 17.56 | I23: 256.59 | J23: =I23/1000 -> 0.25659 | K23: =ROUND(J23,0) -> 0 | L23: =IFERROR(VLOOKUP(C23,'[4]DE x PARA'!C18:K2017,7,FALSE),"SINTÉTICA") -> 500001 | M23: =IFERROR(VLOOKUP(B23,'[4]DE x PARA'!B18:K2017,10,FALSE),"SINTÉTICA") -> 600014 | N23: =IFERROR(VLOOKUP(M23,'[4]DE x PARA'!$K$2:$L$2001,2,FALSE),0) -> -1 | O23: =+H23*N23 -> -17.56
A24: =B24 -> 1.1.2.03.0032 | B24: 1.1.2.03.0032 | C24: 112332 | D24: IRPJ estimativa 2021 | E24: 303457.43 | F24: 23167.38 | G24: 0 | H24: 23167.38 | I24: 326624.81 | J24: =I24/1000 -> 326.62481 | K24: =ROUND(J24,0) -> 327 | L24: =IFERROR(VLOOKUP(C24,'[4]DE x PARA'!C19:K2018,7,FALSE),"SINTÉTICA") -> 500001 | M24: =IFERROR(VLOOKUP(B24,'[4]DE x PARA'!B19:K2018,10,FALSE),"SINTÉTICA") -> 600014 | N24: =IFERROR(VLOOKUP(M24,'[4]DE x PARA'!$K$2:$L$2001,2,FALSE),0) -> -1 | O24: =+H24*N24 -> -23167.38
A25: =B25 -> 1.1.2.03.0033 | B25: 1.1.2.03.0033 | C25: 112333 | D25: CSLL estimativa 2021 | E25: 116319.94 | F25: 8880.41 | G25: 0 | H25: 8880.41 | I25: 125200.35 | J25: =I25/1000 -> 125.20035 | K25: =ROUND(J25,0) -> 125 | L25: =IFERROR(VLOOKUP(C25,'[4]DE x PARA'!C20:K2019,7,FALSE),"SINTÉTICA") -> 500001 | M25: =IFERROR(VLOOKUP(B25,'[4]DE x PARA'!B20:K2019,10,FALSE),"SINTÉTICA") -> 600014 | N25: =IFERROR(VLOOKUP(M25,'[4]DE x PARA'!$K$2:$L$2001,2,FALSE),0) -> -1 | O25: =+H25*N25 -> -8880.41
A26: =B26 -> 1.1.2.03.0034 | B26: 1.1.2.03.0034 | C26: 112334 | D26: COSIRF a restituir | E26: 1894.97 | F26: 157.92 | G26: 0 | H26: 157.92 | I26: 2052.89 | J26: =I26/1000 -> 2.05289 | K26: =ROUND(J26,0) -> 2 | L26: =IFERROR(VLOOKUP(C26,'[4]DE x PARA'!C21:K2020,7,FALSE),"SINTÉTICA") -> 500001 | M26: =IFERROR(VLOOKUP(B26,'[4]DE x PARA'!B21:K2020,10,FALSE),"SINTÉTICA") -> 600014 | N26: =IFERROR(VLOOKUP(M26,'[4]DE x PARA'!$K$2:$L$2001,2,FALSE),0) -> -1 | O26: =+H26*N26 -> -157.92
... A77: =B77 -> 1.2.4.98.0001 | B77: 1.2.4.98.0001 | C77: 1242 | D77: ( - ) Amortização Software | E77: -8612037.7 | F77: 0 | G77: -1008802 | H77: -1008802 | I77: -9620839.7 | J77: =I77/1000 -> -9620.8397 | K77: =ROUND(J77,0) -> -9621 | L77: =IFERROR(VLOOKUP(C77,'[4]DE x PARA'!C72:K2071,7,FALSE),"SINTÉTICA") -> 500001 | M77: =IFERROR(VLOOKUP(B77,'[4]DE x PARA'!B72:K2071,10,FALSE),"SINTÉTICA") -> 600005 | N77: =IFERROR(VLOOKUP(M77,'[4]DE x PARA'!$K$2:$L$2001,2,FALSE),0) -> -1 | O77: =+H77*N77 -> 1008802
A78: =B78 -> 2 | B78: 2 | C78: 2 | D78: Passivo | E78: -51373400 | F78: 1.1000934e+08 | G78: -1.1732317e+08 | H78: -7313828.3 | I78: -58687228 | J78: =I78/1000 -> -58687.228 | K78: =ROUND(J78,0) -> -58687 | L78: =IFERROR(VLOOKUP(C78,'[4]DE x PARA'!C73:K2072,7,FALSE),"SINTÉTICA") -> 0 | M78: =IFERROR(VLOOKUP(B78,'[4]DE x PARA'!B73:K2072,10,FALSE),"SINTÉTICA") -> 0 | N78: =IFERROR(VLOOKUP(M78,'[4]DE x PARA'!$K$2:$L$2001,2,FALSE),0) -> 0 | O78: =+H78*N78 -> 0
A79: =B79 -> 2.1 | B79: 2.1 | C79: 21 | D79: Circulante | E79: -19124741 | F79: 1.0083854e+08 | G79: -102511307 | H79: -1672770.1 | I79: -20797511 | J79: =I79/1000 -> -20797.511 | K79: =ROUND(J79,0) -> -20798 | L79: =IFERROR(VLOOKUP(C79,'[4]DE x PARA'!C74:K2073,7,FALSE),"SINTÉTICA") -> 0 | M79: =IFERROR(VLOOKUP(B79,'[4]DE x PARA'!B74:K2073,10,FALSE),"SINTÉTICA") -> 0 | N79: =IFERROR(VLOOKUP(M79,'[4]DE x PARA'!$K$2:$L$2001,2,FALSE),0) -> 0 | O79: =+H79*N79 -> 0
A80: =B80 -> 2.1.1 | B80: 2.1.1 | C80: 211 | D80: Obrigações de Curto Prazo | E80: -19124741 | F80: 1.0083854e+08 | G80: -102511307 | H80: -1672770.1 | I80: -20797511 | J80: =I80/1000 -> -20797.511 | K80: =ROUND(J80,0) -> -20798 | L80: =IFERROR(VLOOKUP(C80,'[4]DE x PARA'!C75:K2074,7,FALSE),"SINTÉTICA") -> 0 | M80: =IFERROR(VLOOKUP(B80,'[4]DE x PARA'!B75:K2074,10,FALSE),"SINTÉTICA") -> 0 | N80: =IFERROR(VLOOKUP(M80,'[4]DE x PARA'!$K$2:$L$2001,2,FALSE),0) -> 0 | O80: =+H80*N80 -> 0
A81: =B81 -> 2.1.1.04 | B81: 2.1.1.04 | C81: 2114 | D81: Fornecedores Nacionais | E81: -305576.36 | F81: 17472051 | G81: -18211239 | H81: -739188.55 | I81: -1044764.9 | J81: =I81/1000 -> -1044.7649 | K81: =ROUND(J81,0) -> -1045 | L81: =IFERROR(VLOOKUP(C81,'[4]DE x PARA'!C76:K2075,7,FALSE),"SINTÉTICA") -> 0 | M81: =IFERROR(VLOOKUP(B81,'[4]DE x PARA'!B76:K2075,10,FALSE),"SINTÉTICA") -> 0 | N81: =IFERROR(VLOOKUP(M81,'[4]DE x PARA'!$K$2:$L$2001,2,FALSE),0) -> 0 | O81: =+H81*N81 -> 0
A82: =B82 -> 2.1.1.04.0001 | B82: 2.1.1.04.0001 | C82: 60444400000000 | D82: LIGHT SERVICOS DE ELETRICIDADE S.A | E82: 0 | F82: 310004.06 | G82: -340004.06 | H82: -30000 | I82: -30000 | J82: =I82/1000 -> -30 | K82: =ROUND(J82,0) -> -30 | L82: =IFERROR(VLOOKUP(C82,'[4]DE x PARA'!C77:K2076,7,FALSE),"SINTÉTICA") -> SINTÉTICA | M82: =IFERROR(VLOOKUP(B82,'[4]DE x PARA'!B77:K2076,10,FALSE),"SINTÉTICA") -> 600017 | N82: =IFERROR(VLOOKUP(M82,'[4]DE x PARA'!$K$2:$L$2001,2,FALSE),0) -> -1 | O82: =+H82*N82 -> 30000
A83: =B83 -> 2.1.1.04.0002 | B83: 2.1.1.04.0002 | C83: 57143000000000 | D83: BRASOFTWARE INFORMATICA | E83: 0 | F83: 961206.28 | G83: -961206.28 | H83: 0 | I83: 0 | J83: =I83/1000 -> 0 | K83: =ROUND(J83,0) -> 0 | L83: =IFERROR(VLOOKUP(C83,'[4]DE x PARA'!C78:K2077,7,FALSE),"SINTÉTICA") -> SINTÉTICA | M83: =IFERROR(VLOOKUP(B83,'[4]DE x PARA'!B78:K2077,10,FALSE),"SINTÉTICA") -> 600017 | N83: =IFERROR(VLOOKUP(M83,'[4]DE x PARA'!$K$2:$L$2001,2,FALSE),0) -> -1 | O83: =+H83*N83 -> 0
A84: =B84 -> 2.1.1.04.0003 | B84: 2.1.1.04.0003 | C84: 34028300000000 | D84: EMPRESA BRASILEIRA DE CORREIOS E TELEGRA | E84: 0 | F84: 1582.23 | G84: -1582.23 | H84: 0 | I84: 0 | J84: =I84/1000 -> 0 | K84: =ROUND(J84,0) -> 0 | L84: =IFERROR(VLOOKUP(C84,'[4]DE x PARA'!C79:K2078,7,FALSE),"SINTÉTICA") -> SINTÉTICA | M84: =IFERROR(VLOOKUP(B84,'[4]DE x PARA'!B79:K2078,10,FALSE),"SINTÉTICA") -> 600017 | N84: =IFERROR(VLOOKUP(M84,'[4]DE x PARA'!$K$2:$L$2001,2,FALSE),0) -> -1 | O84: =+H84*N84 -> 0
A85: =B85 -> 2.1.1.04.0006 | B85: 2.1.1.04.0006 | C85: 42429480/0001-50 | D85: FUNDAÇAO UNIVERSITARIA JOSE BONIFACIO | E85: 0 | F85: 24000 | G85: -24000 | H85: 0 | I85: 0 | J85: =I85/1000 -> 0 | K85: =ROUND(J85,0) -> 0 | L85: =IFERROR(VLOOKUP(C85,'[4]DE x PARA'!C80:K2079,7,FALSE),"SINTÉTICA") -> 500001 | M85: =IFERROR(VLOOKUP(B85,'[4]DE x PARA'!B80:K2079,10,FALSE),"SINTÉTICA") -> 600017 | N85: =IFERROR(VLOOKUP(M85,'[4]DE x PARA'!$K$2:$L$2001,2,FALSE),0) -> -1 | O85: =+H85*N85 -> 0
A86: =B86 -> 2.1.1.04.0010 | B86: 2.1.1.04.0010 | C86: 72060999/0001-75 | D86: FUNDACAO COPPETEC - MATRIZ | E86: 0 | F86: 55289.86 | G86: -55289.86 | H86: 0 | I86: 0 | J86: =I86/1000 -> 0 | K86: =ROUND(J86,0) -> 0 | L86: =IFERROR(VLOOKUP(C86,'[4]DE x PARA'!C81:K2080,7,FALSE),"SINTÉTICA") -> 500001 | M86: =IFERROR(VLOOKUP(B86,'[4]DE x PARA'!B81:K2080,10,FALSE),"SINTÉTICA") -> 600017 | N86: =IFERROR(VLOOKUP(M86,'[4]DE x PARA'!$K$2:$L$2001,2,FALSE),0) -> -1 | O86: =+H86*N86 -> 0
A87: =B87 -> 2.1.1.04.0011 | B87: 2.1.1.04.0011 | C87: 33641663/0001-44 | D87: FUNDACAO GETULIO VARGAS | E87: -980 | F87: 626951.6 | G87: -651285.45 | H87: -24333.85 | I87: -25313.85 | J87: =I87/1000 -> -25.31385 | K87: =ROUND(J87,0) -> -25 | L87: =IFERROR(VLOOKUP(C87,'[4]DE x PARA'!C82:K2081,7,FALSE),"SINTÉTICA") -> 500001 | M87: =IFERROR(VLOOKUP(B87,'[4]DE x PARA'!B82:K2081,10,FALSE),"SINTÉTICA") -> 600017 | N87: =IFERROR(VLOOKUP(M87,'[4]DE x PARA'!$K$2:$L$2001,2,FALSE),0) -> -1 | O87: =+H87*N87 -> 24333.85
A88: =B88 -> 2.1.1.04.0031 | B88: 2.1.1.04.0031 | C88: 09305983/0001-49 | D88: PSR SOLUCOES E CONSULTORIA EM ENERGIA LT | E88: 0 | F88: 43270.56 | G88: -49270.56 | H88: -6000 | I88: -6000 | J88: =I88/1000 -> -6 | K88: =ROUND(J88,0) -> -6 | L88: =IFERROR(VLOOKUP(C88,'[4]DE x PARA'!C83:K2082,7,FALSE),"SINTÉTICA") -> 500001 | M88: =IFERROR(VLOOKUP(B88,'[4]DE x PARA'!B83:K2082,10,FALSE),"SINTÉTICA") -> 600017 | N88: =IFERROR(VLOOKUP(M88,'[4]DE x PARA'!$K$2:$L$2001,2,FALSE),0) -> -1 | O88: =+H88*N88 -> 6000
A89: =B89 -> 2.1.1.04.0041 | B89: 2.1.1.04.0041 | C89: 69034668/0001-56 | D89: PLUXEE BENEFICIOS BRASIL S.A. | E89: 0 | F89: 1355732 | G89: -1574362.9 | H89: -218630.84 | I89: -218630.84 | J89: =I89/1000 -> -218.63084 | K89: =ROUND(J89,0) -> -219 | L89: =IFERROR(VLOOKUP(C89,'[4]DE x PARA'!C84:K2083,7,FALSE),"SINTÉTICA") -> 500001 | M89: =IFERROR(VLOOKUP(B89,'[4]DE x PARA'!B84:K2083,10,FALSE),"SINTÉTICA") -> 600017 | N89: =IFERROR(VLOOKUP(M89,'[4]DE x PARA'!$K$2:$L$2001,2,FALSE),0) -> -1 | O89: =+H89*N89 -> 218630.84
A90: =B90 -> 2.1.1.04.0069 | B90: 2.1.1.04.0069 | C90: 67393181/0001-34 | D90: IMAGEM GEOSISTEMAS E COMERCIO | E90: 0 | F90: 523858.32 | G90: -523858.32 | H90: 0 | I90: 0 | J90: =I90/1000 -> 0 | K90: =ROUND(J90,0) -> 0 | L90: =IFERROR(VLOOKUP(C90,'[4]DE x PARA'!C85:K2084,7,FALSE),"SINTÉTICA") -> 500001 | M90: =IFERROR(VLOOKUP(B90,'[4]DE x PARA'!B85:K2084,10,FALSE),"SINTÉTICA") -> 600017 | N90: =IFERROR(VLOOKUP(M90,'[4]DE x PARA'!$K$2:$L$2001,2,FALSE),0) -> -1 | O90: =+H90*N90 -> 0
A91: =B91 -> 2.1.1.04.0076 | B91: 2.1.1.04.0076 | C91: 61797924/0007-40 | D91: HEWLETT PACKARD DO BRASIL LTDA | E91: 0 | F91: 50724.72 | G91: -50724.72 | H91: 0 | I91: 0 | J91: =I91/1000 -> 0 | K91: =ROUND(J91,0) -> 0 | L91: =IFERROR(VLOOKUP(C91,'[4]DE x PARA'!C86:K2085,7,FALSE),"SINTÉTICA") -> 500001 | M91: =IFERROR(VLOOKUP(B91,'[4]DE x PARA'!B86:K2085,10,FALSE),"SINTÉTICA") -> 600017 | N91: =IFERROR(VLOOKUP(M91,'[4]DE x PARA'!$K$2:$L$2001,2,FALSE),0) -> -1 | O91: =+H91*N91 -> 0
A92: =B92 -> 2.1.1.04.0081 | B92: 2.1.1.04.0081 | C92: 07604035/0001-89 | D92: RTA COMERCIO E SERVICO DE ASSISTENCIA | E92: 0 | F92: 20619 | G92: -23200 | H92: -2581 | I92: -2581 | J92: =I92/1000 -> -2.581 | K92: =ROUND(J92,0) -> -3 | L92: =IFERROR(VLOOKUP(C92,'[4]DE x PARA'!C87:K2086,7,FALSE),"SINTÉTICA") -> 500001 | M92: =IFERROR(VLOOKUP(B92,'[4]DE x PARA'!B87:K2086,10,FALSE),"SINTÉTICA") -> 600017 | N92: =IFERROR(VLOOKUP(M92,'[4]DE x PARA'!$K$2:$L$2001,2,FALSE),0) -> -1 | O92: =+H92*N92 -> 2581
A93: =B93 -> 2.1.1.04.0103 | B93: 2.1.1.04.0103 | C93: 71208516/0001-74 | D93: ALGAR SERVICO E TELECOMUNICACOES | E93: -2241.17 | F93: 9157.47 | G93: -7722.32 | H93: 1435.15 | I93: -806.02 | J93: =I93/1000 -> -0.80602 | K93: =ROUND(J93,0) -> -1 | L93: =IFERROR(VLOOKUP(C93,'[4]DE x PARA'!C88:K2087,7,FALSE),"SINTÉTICA") -> 500001 | M93: =IFERROR(VLOOKUP(B93,'[4]DE x PARA'!B88:K2087,10,FALSE),"SINTÉTICA") -> 600017 | N93: =IFERROR(VLOOKUP(M93,'[4]DE x PARA'!$K$2:$L$2001,2,FALSE),0) -> -1 | O93: =+H93*N93 -> -1435.15
A94: =B94 -> 2.1.1.04.0105 | B94: 2.1.1.04.0105 | C94: 65649154/0001-54 | D94: DATAGRO PUBLICACOES LTDA | E94: 0 | F94: 790 | G94: -790 | H94: 0 | I94: 0 | J94: =I94/1000 -> 0 | K94: =ROUND(J94,0) -> 0 | L94: =IFERROR(VLOOKUP(C94,'[4]DE x PARA'!C89:K2088,7,FALSE),"SINTÉTICA") -> 500001 | M94: =IFERROR(VLOOKUP(B94,'[4]DE x PARA'!B89:K2088,10,FALSE),"SINTÉTICA") -> 600017 | N94: =IFERROR(VLOOKUP(M94,'[4]DE x PARA'!$K$2:$L$2001,2,FALSE),0) -> -1 | O94: =+H94*N94 -> 0
A95: =B95 -> 2.1.1.04.0112 | B95: 2.1.1.04.0112 | C95: 27128875/0001-20 | D95: CARTORIO 17 OFICIO | E95: 0 | F95: 790 | G95: -790 | H95: 0 | I95: 0 | J95: =I95/1000 -> 0 | K95: =ROUND(J95,0) -> 0 | L95: =IFERROR(VLOOKUP(C95,'[4]DE x PARA'!C90:K2089,7,FALSE),"SINTÉTICA") -> 500001 | M95: =IFERROR(VLOOKUP(B95,'[4]DE x PARA'!B90:K2089,10,FALSE),"SINTÉTICA") -> 600017 | N95: =IFERROR(VLOOKUP(M95,'[4]DE x PARA'!$K$2:$L$2001,2,FALSE),0) -> -1 | O95: =+H95*N95 -> 0
A96: =B96 -> 2.1.1.04.0121 | B96: 2.1.1.04.0121 | C96: 31247083/0001-41 | D96: ASSOCIAÇÃO BRASILEIRA DE RECURSOS HUMANO | E96: 0 | F96: 0 | G96: -11560 | H96: -11560 | I96: -11560 | J96: =I96/1000 -> -11.56 | K96: =ROUND(J96,0) -> -12 | L96: =IFERROR(VLOOKUP(C96,'[4]DE x PARA'!C91:K2090,7,FALSE),"SINTÉTICA") -> 500001 | M96: =IFERROR(VLOOKUP(B96,'[4]DE x PARA'!B91:K2090,10,FALSE),"SINTÉTICA") -> 600017 | N96: =IFERROR(VLOOKUP(M96,'[4]DE x PARA'!$K$2:$L$2001,2,FALSE),0) -> -1 | O96: =+H96*N96 -> 11560
A97: =B97 -> 2.1.1.04.0138 | B97: 2.1.1.04.0138 | C97: 33634300000000 | D97: IBP - INST. BRASILEIRO PET. GAS E BIOC. | E97: 0 | F97: 65306.59 | G97: -79548.76 | H97: -14242.17 | I97: -14242.17 | J97: =I97/1000 -> -14.24217 | K97: =ROUND(J97,0) -> -14 | L97: =IFERROR(VLOOKUP(C97,'[4]DE x PARA'!C92:K2091,7,FALSE),"SINTÉTICA") -> SINTÉTICA | M97: =IFERROR(VLOOKUP(B97,'[4]DE x PARA'!B92:K2091,10,FALSE),"SINTÉTICA") -> 600017 | N97: =IFERROR(VLOOKUP(M97,'[4]DE x PARA'!$K$2:$L$2001,2,FALSE),0) -> -1 | O97: =+H97*N97 -> 14242.17
A98: =B98 -> 2.1.1.04.0148 | B98: 2.1.1.04.0148 | C98: 33402892/0002-97 | D98: ASSOCIAÇÃO BRASILEIRA DE NORMAS TECNICAS | E98: 0 | F98: 10208.31 | G98: -11666.64 | H98: -1458.33 | I98: -1458.33 | J98: =I98/1000 -> -1.45833 | K98: =ROUND(J98,0) -> -1 | L98: =IFERROR(VLOOKUP(C98,'[4]DE x PARA'!C93:K2092,7,FALSE),"SINTÉTICA") -> 500001 | M98: =IFERROR(VLOOKUP(B98,'[4]DE x PARA'!B93:K2092,10,FALSE),"SINTÉTICA") -> 600017 | N98: =IFERROR(VLOOKUP(M98,'[4]DE x PARA'!$K$2:$L$2001,2,FALSE),0) -> -1 | O98: =+H98*N98 -> 1458.33
A99: =B99 -> 2.1.1.04.0161 | B99: 2.1.1.04.0161 | C99: 30033800000000 | D99: COMITE NAC. BRASILEIRO PROD. TRANS. ENER | E99: 0 | F99: 6510 | G99: -6510 | H99: 0 | I99: 0 | J99: =I99/1000 -> 0 | K99: =ROUND(J99,0) -> 0 | L99: =IFERROR(VLOOKUP(C99,'[4]DE x PARA'!C94:K2093,7,FALSE),"SINTÉTICA") -> SINTÉTICA | M99: =IFERROR(VLOOKUP(B99,'[4]DE x PARA'!B94:K2093,10,FALSE),"SINTÉTICA") -> 600017 | N99: =IFERROR(VLOOKUP(M99,'[4]DE x PARA'!$K$2:$L$2001,2,FALSE),0) -> -1 | O99: =+H99*N99 -> 0
A100: =B100 -> 2.1.1.04.0242 | B100: 2.1.1.04.0242 | C100: 04724924/0001-91 | D100: ACTIVEWEB TECHNOLOGIES INFORMATICA LTDA | E100: 0 | F100: 655.5 | G100: -655.5 | H100: 0 | I100: 0 | J100: =I100/1000 -> 0 | K100: =ROUND(J100,0) -> 0 | L100: =IFERROR(VLOOKUP(C100,'[4]DE x PARA'!C95:K2094,7,FALSE),"SINTÉTICA") -> 500001 | M100: =IFERROR(VLOOKUP(B100,'[4]DE x PARA'!B95:K2094,10,FALSE),"SINTÉTICA") -> 600017 | N100: =IFERROR(VLOOKUP(M100,'[4]DE x PARA'!$K$2:$L$2001,2,FALSE),0) -> -1 | O100: =+H100*N100 -> 0
A101: =B101 -> 2.1.1.04.0289 | B101: 2.1.1.04.0289 | C101: 26994285/0001-17 | D101: TOPOCART TOPOGRAFIA ENG. E AEROL. LTDA | E101: 0 | F101: 558691.13 | G101: -558691.13 | H101: 0 | I101: 0 | J101: =I101/1000 -> 0 | K101: =ROUND(J101,0) -> 0 | L101: =IFERROR(VLOOKUP(C101,'[4]DE x PARA'!C96:K2095,7,FALSE),"SINTÉTICA") -> 500001 | M101: =IFERROR(VLOOKUP(B101,'[4]DE x PARA'!B96:K2095,10,FALSE),"SINTÉTICA") -> 600017 | N101: =IFERROR(VLOOKUP(M101,'[4]DE x PARA'!$K$2:$L$2001,2,FALSE),0) -> -1 | O101: =+H101*N101 -> 0
A102: =B102 -> 2.1.1.04.0293 | B102: 2.1.1.04.0293 | C102: 00441200/0001-80 | D102: SERGIO MACHADO REIS EPP | E102: 0 | F102: 30000 | G102: -33000 | H102: -3000 | I102: -3000 | J102: =I102/1000 -> -3 | K102: =ROUND(J102,0) -> -3 | L102: =IFERROR(VLOOKUP(C102,'[4]DE x PARA'!C97:K2096,7,FALSE),"SINTÉTICA") -> 500001 | M102: =IFERROR(VLOOKUP(B102,'[4]DE x PARA'!B97:K2096,10,FALSE),"SINTÉTICA") -> 600017 | N102: =IFERROR(VLOOKUP(M102,'[4]DE x PARA'!$K$2:$L$2001,2,FALSE),0) -> -1 | O102: =+H102*N102 -> 3000
A103: =B103 -> 2.1.1.04.0310 | B103: 2.1.1.04.0310 | C103: 53113791/0001-22 | D103: TOTVS SA | E103: -9179.42 | F103: 142063.08 | G103: -132883.66 | H103: 9179.42 | I103: 0 | J103: =I103/1000 -> 0 | K103: =ROUND(J103,0) -> 0 | L103: =IFERROR(VLOOKUP(C103,'[4]DE x PARA'!C98:K2097,7,FALSE),"SINTÉTICA") -> 500001 | M103: =IFERROR(VLOOKUP(B103,'[4]DE x PARA'!B98:K2097,10,FALSE),"SINTÉTICA") -> 600017 | N103: =IFERROR(VLOOKUP(M103,'[4]DE x PARA'!$K$2:$L$2001,2,FALSE),0) -> -1 | O103: =+H103*N103 -> -9179.42
A104: =B104 -> 2.1.1.04.0336 | B104: 2.1.1.04.0336 | C104: 42288886/0001-60 | D104: CENTRO DE PESQ DE ENERGIA ELETRICA CEPEL | E104: 0 | F104: 50000 | G104: -50000 | H104: 0 | I104: 0 | J104: =I104/1000 -> 0 | K104: =ROUND(J104,0) -> 0 | L104: =IFERROR(VLOOKUP(C104,'[4]DE x PARA'!C99:K2098,7,FALSE),"SINTÉTICA") -> 500001 | M104: =IFERROR(VLOOKUP(B104,'[4]DE x PARA'!B99:K2098,10,FALSE),"SINTÉTICA") -> 600017 | N104: =IFERROR(VLOOKUP(M104,'[4]DE x PARA'!$K$2:$L$2001,2,FALSE),0) -> -1 | O104: =+H104*N104 -> 0
A105: =B105 -> 2.1.1.04.0375 | B105: 2.1.1.04.0375 | C105: 08794730/0001-13 | D105: RIOOFFSITE SERVICOS DE FITOTECA LTDA | E105: 0 | F105: 9748.1 | G105: -9748.1 | H105: 0 | I105: 0 | J105: =I105/1000 -> 0 | K105: =ROUND(J105,0) -> 0 | L105: =IFERROR(VLOOKUP(C105,'[4]DE x PARA'!C100:K2099,7,FALSE),"SINTÉTICA") -> 500001 | M105: =IFERROR(VLOOKUP(B105,'[4]DE x PARA'!B100:K2099,10,FALSE),"SINTÉTICA") -> 600017 | N105: =IFERROR(VLOOKUP(M105,'[4]DE x PARA'!$K$2:$L$2001,2,FALSE),0) -> -1 | O105: =+H105*N105 -> 0
A106: =B106 -> 2.1.1.04.0447 | B106: 2.1.1.04.0447 | C106: 33683111/0008-75 | D106: SERVICO FEDERAL DE PROC DE DADOS SERPRO | E106: 0 | F106: 23556 | G106: -23556 | H106: 0 | I106: 0 | J106: =I106/1000 -> 0 | K106: =ROUND(J106,0) -> 0 | L106: =IFERROR(VLOOKUP(C106,'[4]DE x PARA'!C101:K2100,7,FALSE),"SINTÉTICA") -> 500001 | M106: =IFERROR(VLOOKUP(B106,'[4]DE x PARA'!B101:K2100,10,FALSE),"SINTÉTICA") -> 600017 | N106: =IFERROR(VLOOKUP(M106,'[4]DE x PARA'!$K$2:$L$2001,2,FALSE),0) -> -1 | O106: =+H106*N106 -> 0
A107: =B107 -> 2.1.1.04.0455 | B107: 2.1.1.04.0455 | C107: 86781069/0001-15 | D107: ZENITE INFORMACAO E CONSULTORIA S/A | E107: 0 | F107: 0 | G107: -36225 | H107: -36225 | I107: -36225 | J107: =I107/1000 -> -36.225 | K107: =ROUND(J107,0) -> -36 | L107: =IFERROR(VLOOKUP(C107,'[4]DE x PARA'!C102:K2101,7,FALSE),"SINTÉTICA") -> 500001 | M107: =IFERROR(VLOOKUP(B107,'[4]DE x PARA'!B102:K2101,10,FALSE),"SINTÉTICA") -> 600017 | N107: =IFERROR(VLOOKUP(M107,'[4]DE x PARA'!$K$2:$L$2001,2,FALSE),0) -> -1 | O107: =+H107*N107 -> 36225
A108: =B108 -> 2.1.1.04.0471 | B108: 2.1.1.04.0471 | C108: 47866934/0001-74 | D108: TICKET SERVICOS SA | E108: 0 | F108: 9450 | G108: -10800 | H108: -1350 | I108: -1350 | J108: =I108/1000 -> -1.35 | K108: =ROUND(J108,0) -> -1 | L108: =IFERROR(VLOOKUP(C108,'[4]DE x PARA'!C103:K2102,7,FALSE),"SINTÉTICA") -> 500001 | M108: =IFERROR(VLOOKUP(B108,'[4]DE x PARA'!B103:K2102,10,FALSE),"SINTÉTICA") -> 600017 | N108: =IFERROR(VLOOKUP(M108,'[4]DE x PARA'!$K$2:$L$2001,2,FALSE),0) -> -1 | O108: =+H108*N108 -> 1350
A109: =B109 -> 2.1.1.04.0526 | B109: 2.1.1.04.0526 | C109: 21340197/0001-88 | D109: TECHVET SERVICOS LTDA ME | E109: 0 | F109: 1090 | G109: -1090 | H109: 0 | I109: 0 | J109: =I109/1000 -> 0 | K109: =ROUND(J109,0) -> 0 | L109: =IFERROR(VLOOKUP(C109,'[4]DE x PARA'!C104:K2103,7,FALSE),"SINTÉTICA") -> 500001 | M109: =IFERROR(VLOOKUP(B109,'[4]DE x PARA'!B104:K2103,10,FALSE),"SINTÉTICA") -> 600017 | N109: =IFERROR(VLOOKUP(M109,'[4]DE x PARA'!$K$2:$L$2001,2,FALSE),0) -> -1 | O109: =+H109*N109 -> 0
A110: =B110 -> 2.1.1.04.0537 | B110: 2.1.1.04.0537 | C110: 05344234/0001-70 | D110: RJ LOCACAO DE VEICULOS E SERVICOS LTDA | E110: 0 | F110: 148220.35 | G110: -148220.35 | H110: 0 | I110: 0 | J110: =I110/1000 -> 0 | K110: =ROUND(J110,0) -> 0 | L110: =IFERROR(VLOOKUP(C110,'[4]DE x PARA'!C105:K2104,7,FALSE),"SINTÉTICA") -> 500001 | M110: =IFERROR(VLOOKUP(B110,'[4]DE x PARA'!B105:K2104,10,FALSE),"SINTÉTICA") -> 600017 | N110: =IFERROR(VLOOKUP(M110,'[4]DE x PARA'!$K$2:$L$2001,2,FALSE),0) -> -1 | O110: =+H110*N110 -> 0
A111: =B111 -> 2.1.1.04.0541 | B111: 2.1.1.04.0541 | C111: 03619767/0002-61 | D111: TORINO INFORMATICA LTDA | E111: 0 | F111: 30000 | G111: -30000 | H111: 0 | I111: 0 | J111: =I111/1000 -> 0 | K111: =ROUND(J111,0) -> 0 | L111: =IFERROR(VLOOKUP(C111,'[4]DE x PARA'!C106:K2105,7,FALSE),"SINTÉTICA") -> 500001 | M111: =IFERROR(VLOOKUP(B111,'[4]DE x PARA'!B106:K2105,10,FALSE),"SINTÉTICA") -> 600017 | N111: =IFERROR(VLOOKUP(M111,'[4]DE x PARA'!$K$2:$L$2001,2,FALSE),0) -> -1 | O111: =+H111*N111 -> 0
A112: =B112 -> 2.1.1.04.0549 | B112: 2.1.1.04.0549 | C112: 86517729/0001-55 | D112: VIENA EMPREENDIMENTOS LTDA | E112: -84229.6 | F112: 0 | G112: 0 | H112: 0 | I112: -84229.6 | J112: =I112/1000 -> -84.2296 | K112: =ROUND(J112,0) -> -84 | L112: =IFERROR(VLOOKUP(C112,'[4]DE x PARA'!C107:K2106,7,FALSE),"SINTÉTICA") -> 500001 | M112: =IFERROR(VLOOKUP(B112,'[4]DE x PARA'!B107:K2106,10,FALSE),"SINTÉTICA") -> 600017 | N112: =IFERROR(VLOOKUP(M112,'[4]DE x PARA'!$K$2:$L$2001,2,FALSE),0) -> -1 | O112: =+H112*N112 -> 0
A113: =B113 -> 2.1.1.04.0568 | B113: 2.1.1.04.0568 | C113: 33754500000000 | D113: PREVI - CAIXA DE PREVIDÊNCIA DOS FUNCION | E113: 0 | F113: 2691196 | G113: -2691196 | H113: 0 | I113: 0 | J113: =I113/1000 -> 0 | K113: =ROUND(J113,0) -> 0 | L113: =IFERROR(VLOOKUP(C113,'[4]DE x PARA'!C108:K2107,7,FALSE),"SINTÉTICA") -> SINTÉTICA | M113: =IFERROR(VLOOKUP(B113,'[4]DE x PARA'!B108:K2107,10,FALSE),"SINTÉTICA") -> 600017 | N113: =IFERROR(VLOOKUP(M113,'[4]DE x PARA'!$K$2:$L$2001,2,FALSE),0) -> -1 | O113: =+H113*N113 -> 0
A114: =B114 -> 2.1.1.04.0575 | B114: 2.1.1.04.0575 | C114: 23056200000000 | D114: CORTEX EVENTOS - ORGANIZAÇÃO DE FEIRAS E | E114: 0 | F114: 1000 | G114: -1000 | H114: 0 | I114: 0 | J114: =I114/1000 -> 0 | K114: =ROUND(J114,0) -> 0 | L114: =IFERROR(VLOOKUP(C114,'[4]DE x PARA'!C109:K2108,7,FALSE),"SINTÉTICA") -> SINTÉTICA | M114: =IFERROR(VLOOKUP(B114,'[4]DE x PARA'!B109:K2108,10,FALSE),"SINTÉTICA") -> 600017 | N114: =IFERROR(VLOOKUP(M114,'[4]DE x PARA'!$K$2:$L$2001,2,FALSE),0) -> -1 | O114: =+H114*N114 -> 0
A115: =B115 -> 2.1.1.04.0591 | B115: 2.1.1.04.0591 | C115: 3017430000000 | D115: NCT INFORMATICA LTDA | E115: -15090 | F115: 57958 | G115: -43268 | H115: 14690 | I115: -400 | J115: =I115/1000 -> -0.4 | K115: =ROUND(J115,0) -> 0 | L115: =IFERROR(VLOOKUP(C115,'[4]DE x PARA'!C110:K2109,7,FALSE),"SINTÉTICA") -> SINTÉTICA | M115: =IFERROR(VLOOKUP(B115,'[4]DE x PARA'!B110:K2109,10,FALSE),"SINTÉTICA") -> 600017 | N115: =IFERROR(VLOOKUP(M115,'[4]DE x PARA'!$K$2:$L$2001,2,FALSE),0) -> -1 | O115: =+H115*N115 -> -14690
A116: =B116 -> 2.1.1.04.0618 | B116: 2.1.1.04.0618 | C116: 10499000000000 | D116: INSTITUTO NEGOCIOS PUBLICOS DO BRASIL | E116: 0 | F116: 9826 | G116: -9826 | H116: 0 | I116: 0 | J116: =I116/1000 -> 0 | K116: =ROUND(J116,0) -> 0 | L116: =IFERROR(VLOOKUP(C116,'[4]DE x PARA'!C111:K2110,7,FALSE),"SINTÉTICA") -> SINTÉTICA | M116: =IFERROR(VLOOKUP(B116,'[4]DE x PARA'!B111:K2110,10,FALSE),"SINTÉTICA") -> 600017 | N116: =IFERROR(VLOOKUP(M116,'[4]DE x PARA'!$K$2:$L$2001,2,FALSE),0) -> -1 | O116: =+H116*N116 -> 0
A117: =B117 -> 2.1.1.04.0632 | B117: 2.1.1.04.0632 | C117: 33555900000000 | D117: FACULDADES CATÓLICAS | E117: 0 | F117: 16876 | G117: -16876 | H117: 0 | I117: 0 | J117: =I117/1000 -> 0 | K117: =ROUND(J117,0) -> 0 | L117: =IFERROR(VLOOKUP(C117,'[4]DE x PARA'!C112:K2111,7,FALSE),"SINTÉTICA") -> SINTÉTICA | M117: =IFERROR(VLOOKUP(B117,'[4]DE x PARA'!B112:K2111,10,FALSE),"SINTÉTICA") -> 600017 | N117: =IFERROR(VLOOKUP(M117,'[4]DE x PARA'!$K$2:$L$2001,2,FALSE),0) -> -1 | O117: =+H117*N117 -> 0
A118: =B118 -> 2.1.1.04.0633 | B118: 2.1.1.04.0633 | C118: 482998000000 | D118: COPY HOUSE SERVICOS REPROGRAFICOS EIRELI | E118: 0 | F118: 379.63 | G118: -379.63 | H118: 0 | I118: 0 | J118: =I118/1000 -> 0 | K118: =ROUND(J118,0) -> 0 | L118: =IFERROR(VLOOKUP(C118,'[4]DE x PARA'!C113:K2112,7,FALSE),"SINTÉTICA") -> SINTÉTICA | M118: =IFERROR(VLOOKUP(B118,'[4]DE x PARA'!B113:K2112,10,FALSE),"SINTÉTICA") -> 600017 | N118: =IFERROR(VLOOKUP(M118,'[4]DE x PARA'!$K$2:$L$2001,2,FALSE),0) -> -1 | O118: =+H118*N118 -> 0
A119: =B119 -> 2.1.1.04.0648 | B119: 2.1.1.04.0648 | C119: 16727400000000 | D119: RIOPAR Participações S/A | E119: -484.69 | F119: 28441.84 | G119: -31414.5 | H119: -2972.66 | I119: -3457.35 | J119: =I119/1000 -> -3.45735 | K119: =ROUND(J119,0) -> -3 | L119: =IFERROR(VLOOKUP(C119,'[4]DE x PARA'!C114:K2113,7,FALSE),"SINTÉTICA") -> SINTÉTICA | M119: =IFERROR(VLOOKUP(B119,'[4]DE x PARA'!B114:K2113,10,FALSE),"SINTÉTICA") -> 600017 | N119: =IFERROR(VLOOKUP(M119,'[4]DE x PARA'!$K$2:$L$2001,2,FALSE),0) -> -1 | O119: =+H119*N119 -> 2972.66
A120: =B120 -> 2.1.1.04.0652 | B120: 2.1.1.04.0652 | C120: 3535900000000 | D120: DECISION SERVIÇOS DE TECNOLOGIA DA INFOR | E120: 0 | F120: 217855.77 | G120: -217855.77 | H120: 0 | I120: 0 | J120: =I120/1000 -> 0 | K120: =ROUND(J120,0) -> 0 | L120: =IFERROR(VLOOKUP(C120,'[4]DE x PARA'!C115:K2114,7,FALSE),"SINTÉTICA") -> SINTÉTICA | M120: =IFERROR(VLOOKUP(B120,'[4]DE x PARA'!B115:K2114,10,FALSE),"SINTÉTICA") -> 600017 | N120: =IFERROR(VLOOKUP(M120,'[4]DE x PARA'!$K$2:$L$2001,2,FALSE),0) -> -1 | O120: =+H120*N120 -> 0
A121: =B121 -> 2.1.1.04.0654 | B121: 2.1.1.04.0654 | C121: 18324158 | D121: MR EVENTOS TREINAMENTO E AGENCIAMENTO | E121: 0 | F121: 0 | G121: -840 | H121: -840 | I121: -840 | J121: =I121/1000 -> -0.84 | K121: =ROUND(J121,0) -> -1 | L121: =IFERROR(VLOOKUP(C121,'[4]DE x PARA'!C116:K2115,7,FALSE),"SINTÉTICA") -> 500001 | M121: =IFERROR(VLOOKUP(B121,'[4]DE x PARA'!B116:K2115,10,FALSE),"SINTÉTICA") -> 600017 | N121: =IFERROR(VLOOKUP(M121,'[4]DE x PARA'!$K$2:$L$2001,2,FALSE),0) -> -1 | O121: =+H121*N121 -> 840
A122: =B122 -> 2.1.1.04.0663 | B122: 2.1.1.04.0663 | C122: 854137000000 | D122: INSTITUTO BRASILEIRO DE AVALIAÇÕES IBAPE | E122: 0 | F122: 3825 | G122: -3825 | H122: 0 | I122: 0 | J122: =I122/1000 -> 0 | K122: =ROUND(J122,0) -> 0 | L122: =IFERROR(VLOOKUP(C122,'[4]DE x PARA'!C117:K2116,7,FALSE),"SINTÉTICA") -> SINTÉTICA | M122: =IFERROR(VLOOKUP(B122,'[4]DE x PARA'!B117:K2116,10,FALSE),"SINTÉTICA") -> 600017 | N122: =IFERROR(VLOOKUP(M122,'[4]DE x PARA'!$K$2:$L$2001,2,FALSE),0) -> -1 | O122: =+H122*N122 -> 0
A123: =B123 -> 2.1.1.04.0665 | B123: 2.1.1.04.0665 | C123: 5555380000000 | D123: AOVS SISTEMA DE INFORMATICA | E123: -99.6 | F123: 979.6 | G123: -880 | H123: 99.6 | I123: 0 | J123: =I123/1000 -> 0 | K123: =ROUND(J123,0) -> 0 | L123: =IFERROR(VLOOKUP(C123,'[4]DE x PARA'!C118:K2117,7,FALSE),"SINTÉTICA") -> SINTÉTICA | M123: =IFERROR(VLOOKUP(B123,'[4]DE x PARA'!B118:K2117,10,FALSE),"SINTÉTICA") -> 600017 | N123: =IFERROR(VLOOKUP(M123,'[4]DE x PARA'!$K$2:$L$2001,2,FALSE),0) -> -1 | O123: =+H123*N123 -> -99.6
A124: =B124 -> 2.1.1.04.0679 | B124: 2.1.1.04.0679 | C124: 26464900000000 | D124: LANTYX TECNOLOGIA E PUBLICIDADE EIRILE | E124: 0 | F124: 360 | G124: -360 | H124: 0 | I124: 0 | J124: =I124/1000 -> 0 | K124: =ROUND(J124,0) -> 0 | L124: =IFERROR(VLOOKUP(C124,'[4]DE x PARA'!C119:K2118,7,FALSE),"SINTÉTICA") -> SINTÉTICA | M124: =IFERROR(VLOOKUP(B124,'[4]DE x PARA'!B119:K2118,10,FALSE),"SINTÉTICA") -> 600017 | N124: =IFERROR(VLOOKUP(M124,'[4]DE x PARA'!$K$2:$L$2001,2,FALSE),0) -> -1 | O124: =+H124*N124 -> 0
... A163: =B163 -> 2.1.1.04.0957 | B163: 2.1.1.04.0957 | C163: 38056400000000 | D163: IOS INFORMATICA, ORGANIZACAO E SISTEMAS LTDA | E163: 0 | F163: 227419.22 | G163: -227419.22 | H163: 0 | I163: 0 | J163: =I163/1000 -> 0 | K163: =ROUND(J163,0) -> 0 | L163: =IFERROR(VLOOKUP(C163,'[4]DE x PARA'!C158:K2157,7,FALSE),"SINTÉTICA") -> SINTÉTICA | M163: =IFERROR(VLOOKUP(B163,'[4]DE x PARA'!B158:K2157,10,FALSE),"SINTÉTICA") -> 600017 | N163: =IFERROR(VLOOKUP(M163,'[4]DE x PARA'!$K$2:$L$2001,2,FALSE),0) -> -1 | O163: =+H163*N163 -> 0
A164: =B164 -> 2.1.1.04.0967 | B164: 2.1.1.04.0967 | C164: 01707536/000104 | D164: ISH TECNOLOGIA S/A | E164: 0 | F164: 254479.19 | G164: -254479.19 | H164: 0 | I164: 0 | J164: =I164/1000 -> 0 | K164: =ROUND(J164,0) -> 0 | L164: =IFERROR(VLOOKUP(C164,'[4]DE x PARA'!C159:K2158,7,FALSE),"SINTÉTICA") -> 500001 | M164: =IFERROR(VLOOKUP(B164,'[4]DE x PARA'!B159:K2158,10,FALSE),"SINTÉTICA") -> 600017 | N164: =IFERROR(VLOOKUP(M164,'[4]DE x PARA'!$K$2:$L$2001,2,FALSE),0) -> -1 | O164: =+H164*N164 -> 0
A165: =B165 -> 2.1.1.04.0970 | B165: 2.1.1.04.0970 | C165: 26915400000000 | D165: VACIVITTA SERVIÇOS DE IMUNIZAÇÃO HUMANA LTDA | E165: 0 | F165: 12512 | G165: -15436 | H165: -2924 | I165: -2924 | J165: =I165/1000 -> -2.924 | K165: =ROUND(J165,0) -> -3 | L165: =IFERROR(VLOOKUP(C165,'[4]DE x PARA'!C160:K2159,7,FALSE),"SINTÉTICA") -> SINTÉTICA | M165: =IFERROR(VLOOKUP(B165,'[4]DE x PARA'!B160:K2159,10,FALSE),"SINTÉTICA") -> 600017 | N165: =IFERROR(VLOOKUP(M165,'[4]DE x PARA'!$K$2:$L$2001,2,FALSE),0) -> -1 | O165: =+H165*N165 -> 2924
A166: =B166 -> 2.1.1.04.0972 | B166: 2.1.1.04.0972 | C166: 34260600000000 | D166: CONSELHO REGIONAL DE ENGENHARIA E AGRONOMIA DO RIO DE JANEIRO | E166: -2346.33 | F166: 2346.33 | G166: 0 | H166: 2346.33 | I166: 0 | J166: =I166/1000 -> 0 | K166: =ROUND(J166,0) -> 0 | L166: =IFERROR(VLOOKUP(C166,'[4]DE x PARA'!C161:K2160,7,FALSE),"SINTÉTICA") -> SINTÉTICA | M166: =IFERROR(VLOOKUP(B166,'[4]DE x PARA'!B161:K2160,10,FALSE),"SINTÉTICA") -> 600017 | N166: =IFERROR(VLOOKUP(M166,'[4]DE x PARA'!$K$2:$L$2001,2,FALSE),0) -> -1 | O166: =+H166*N166 -> -2346.33
A167: =B167 -> 2.1.1.04.0973 | B167: 2.1.1.04.0973 | C167: 29483800000000 | D167: FS TECNOLOGIA TREINAMENTO EM DESENVOLVIMENTO | E167: 0 | F167: 23777.52 | G167: -23777.52 | H167: 0 | I167: 0 | J167: =I167/1000 -> 0 | K167: =ROUND(J167,0) -> 0 | L167: =IFERROR(VLOOKUP(C167,'[4]DE x PARA'!C162:K2161,7,FALSE),"SINTÉTICA") -> SINTÉTICA | M167: =IFERROR(VLOOKUP(B167,'[4]DE x PARA'!B162:K2161,10,FALSE),"SINTÉTICA") -> 600017 | N167: =IFERROR(VLOOKUP(M167,'[4]DE x PARA'!$K$2:$L$2001,2,FALSE),0) -> -1 | O167: =+H167*N167 -> 0
A168: =B168 -> 2.1.1.04.0974 | B168: 2.1.1.04.0974 | C168: 32969400000000 | D168: LD 209 MAGALHÃES | E168: 0 | F168: 6318.9 | G168: -6318.9 | H168: 0 | I168: 0 | J168: =I168/1000 -> 0 | K168: =ROUND(J168,0) -> 0 | L168: =IFERROR(VLOOKUP(C168,'[4]DE x PARA'!C163:K2162,7,FALSE),"SINTÉTICA") -> SINTÉTICA | M168: =IFERROR(VLOOKUP(B168,'[4]DE x PARA'!B163:K2162,10,FALSE),"SINTÉTICA") -> 600017 | N168: =IFERROR(VLOOKUP(M168,'[4]DE x PARA'!$K$2:$L$2001,2,FALSE),0) -> -1 | O168: =+H168*N168 -> 0
A169: =B169 -> 2.1.1.04.0979 | B169: 2.1.1.04.0979 | C169: 37563500000000 | D169: JULIANA DE OLIVEIRA CAROLINO MANHAES COMERCIO | E169: 0 | F169: 1389.41 | G169: -1389.41 | H169: 0 | I169: 0 | J169: =I169/1000 -> 0 | K169: =ROUND(J169,0) -> 0 | L169: =IFERROR(VLOOKUP(C169,'[4]DE x PARA'!C164:K2163,7,FALSE),"SINTÉTICA") -> SINTÉTICA | M169: =IFERROR(VLOOKUP(B169,'[4]DE x PARA'!B164:K2163,10,FALSE),"SINTÉTICA") -> 600017 | N169: =IFERROR(VLOOKUP(M169,'[4]DE x PARA'!$K$2:$L$2001,2,FALSE),0) -> -1 | O169: =+H169*N169 -> 0
A170: =B170 -> 2.1.1.04.0983 | B170: 2.1.1.04.0983 | C170: 32681700000000 | D170: PLM - AUDITORIA E CONSULTORIA LTDA | E170: 0 | F170: 965 | G170: -965 | H170: 0 | I170: 0 | J170: =I170/1000 -> 0 | K170: =ROUND(J170,0) -> 0 | L170: =IFERROR(VLOOKUP(C170,'[4]DE x PARA'!C165:K2164,7,FALSE),"SINTÉTICA") -> SINTÉTICA | M170: =IFERROR(VLOOKUP(B170,'[4]DE x PARA'!B165:K2164,10,FALSE),"SINTÉTICA") -> 600017 | N170: =IFERROR(VLOOKUP(M170,'[4]DE x PARA'!$K$2:$L$2001,2,FALSE),0) -> -1 | O170: =+H170*N170 -> 0
A171: =B171 -> 2.1.1.04.0987 | B171: 2.1.1.04.0987 | C171: 27553300000000 | D171: INFRA JORNALISMO LTDA | E171: 0 | F171: 12800 | G171: -12800 | H171: 0 | I171: 0 | J171: =I171/1000 -> 0 | K171: =ROUND(J171,0) -> 0 | L171: =IFERROR(VLOOKUP(C171,'[4]DE x PARA'!C166:K2165,7,FALSE),"SINTÉTICA") -> SINTÉTICA | M171: =IFERROR(VLOOKUP(B171,'[4]DE x PARA'!B166:K2165,10,FALSE),"SINTÉTICA") -> 600017 | N171: =IFERROR(VLOOKUP(M171,'[4]DE x PARA'!$K$2:$L$2001,2,FALSE),0) -> -1 | O171: =+H171*N171 -> 0
A172: =B172 -> 2.1.1.04.0996 | B172: 2.1.1.04.0996 | C172: 5630090000000 | D172: VICMA COMERCIO DE EQUIPAMENTOS PARA ESCRITORIO LTDA | E172: 0 | F172: 26942.84 | G172: -26942.84 | H172: 0 | I172: 0 | J172: =I172/1000 -> 0 | K172: =ROUND(J172,0) -> 0 | L172: =IFERROR(VLOOKUP(C172,'[4]DE x PARA'!C167:K2166,7,FALSE),"SINTÉTICA") -> SINTÉTICA | M172: =IFERROR(VLOOKUP(B172,'[4]DE x PARA'!B167:K2166,10,FALSE),"SINTÉTICA") -> 600017 | N172: =IFERROR(VLOOKUP(M172,'[4]DE x PARA'!$K$2:$L$2001,2,FALSE),0) -> -1 | O172: =+H172*N172 -> 0
A173: =B173 -> 2.1.1.04.0998 | B173: 2.1.1.04.0998 | C173: 2114998 | D173: Fornecedores a Classificar | E173: 0 | F173: 256448 | G173: -256448 | H173: 0 | I173: 0 | J173: =I173/1000 -> 0 | K173: =ROUND(J173,0) -> 0 | L173: =IFERROR(VLOOKUP(C173,'[4]DE x PARA'!C168:K2167,7,FALSE),"SINTÉTICA") -> 500001 | M173: =IFERROR(VLOOKUP(B173,'[4]DE x PARA'!B168:K2167,10,FALSE),"SINTÉTICA") -> 600017 | N173: =IFERROR(VLOOKUP(M173,'[4]DE x PARA'!$K$2:$L$2001,2,FALSE),0) -> -1 | O173: =+H173*N173 -> 0
A174: =B174 -> 2.1.1.04.1001 | B174: 2.1.1.04.1001 | C174: 38458400000000 | D174: EXXPRESS BRINDES LTDA | E174: 0 | F174: 1597.55 | G174: -1597.55 | H174: 0 | I174: 0 | J174: =I174/1000 -> 0 | K174: =ROUND(J174,0) -> 0 | L174: =IFERROR(VLOOKUP(C174,'[4]DE x PARA'!C169:K2168,7,FALSE),"SINTÉTICA") -> SINTÉTICA | M174: =IFERROR(VLOOKUP(B174,'[4]DE x PARA'!B169:K2168,10,FALSE),"SINTÉTICA") -> 600017 | N174: =IFERROR(VLOOKUP(M174,'[4]DE x PARA'!$K$2:$L$2001,2,FALSE),0) -> -1 | O174: =+H174*N174 -> 0
A175: =B175 -> 2.1.1.04.1002 | B175: 2.1.1.04.1002 | C175: 8210270000000 | D175: DATA CORPORE SERVIÇOS DE TELECOMUNICAÇÕES E INFORMATICA LTDA | E175: 0 | F175: 12812 | G175: -12812 | H175: 0 | I175: 0 | J175: =I175/1000 -> 0 | K175: =ROUND(J175,0) -> 0 | L175: =IFERROR(VLOOKUP(C175,'[4]DE x PARA'!C170:K2169,7,FALSE),"SINTÉTICA") -> SINTÉTICA | M175: =IFERROR(VLOOKUP(B175,'[4]DE x PARA'!B170:K2169,10,FALSE),"SINTÉTICA") -> 600017 | N175: =IFERROR(VLOOKUP(M175,'[4]DE x PARA'!$K$2:$L$2001,2,FALSE),0) -> -1 | O175: =+H175*N175 -> 0
A176: =B176 -> 2.1.1.04.1010 | B176: 2.1.1.04.1010 | C176: 19485900000000 | D176: THAP BRINDES LTDA | E176: -24928 | F176: 24928 | G176: 0 | H176: 24928 | I176: 0 | J176: =I176/1000 -> 0 | K176: =ROUND(J176,0) -> 0 | L176: =IFERROR(VLOOKUP(C176,'[4]DE x PARA'!C171:K2170,7,FALSE),"SINTÉTICA") -> SINTÉTICA | M176: =IFERROR(VLOOKUP(B176,'[4]DE x PARA'!B171:K2170,10,FALSE),"SINTÉTICA") -> 600017 | N176: =IFERROR(VLOOKUP(M176,'[4]DE x PARA'!$K$2:$L$2001,2,FALSE),0) -> -1 | O176: =+H176*N176 -> -24928
... A222: =B222 -> 2.1.1.07.0001 | B222: 2.1.1.07.0001 | C222: 561 | D222: IRRF a Recolher de Empregados | E222: -858137.67 | F222: 7326134.1 | G222: -8152754.9 | H222: -826620.74 | I222: -1684758.4 | J222: =I222/1000 -> -1684.7584 | K222: =ROUND(J222,0) -> -1685 | L222: =IFERROR(VLOOKUP(C222,'[4]DE x PARA'!C217:K2216,7,FALSE),"SINTÉTICA") -> 500001 | M222: =IFERROR(VLOOKUP(B222,'[4]DE x PARA'!B217:K2216,10,FALSE),"SINTÉTICA") -> 600018 | N222: =IFERROR(VLOOKUP(M222,'[4]DE x PARA'!$K$2:$L$2001,2,FALSE),0) -> -1 | O222: =+H222*N222 -> 826620.74
A223: =B223 -> 2.1.1.07.0003 | B223: 2.1.1.07.0003 | C223: INSS | D223: INSS DE TERCEIROS | E223: -29992.67 | F223: 129310.39 | G223: -115243.6 | H223: 14066.79 | I223: -15925.88 | J223: =I223/1000 -> -15.92588 | K223: =ROUND(J223,0) -> -16 | L223: =IFERROR(VLOOKUP(C223,'[4]DE x PARA'!C218:K2217,7,FALSE),"SINTÉTICA") -> 500001 | M223: =IFERROR(VLOOKUP(B223,'[4]DE x PARA'!B218:K2217,10,FALSE),"SINTÉTICA") -> 600018 | N223: =IFERROR(VLOOKUP(M223,'[4]DE x PARA'!$K$2:$L$2001,2,FALSE),0) -> -1 | O223: =+H223*N223 -> -14066.79
A224: =B224 -> 2.1.1.07.0008 | B224: 2.1.1.07.0008 | C224: 6147 | D224: Ret IN 539/05 - IR/CS/PIS/COFINS - 5,85% | E224: 0 | F224: 32425.88 | G224: -32425.88 | H224: 0 | I224: 0 | J224: =I224/1000 -> 0 | K224: =ROUND(J224,0) -> 0 | L224: =IFERROR(VLOOKUP(C224,'[4]DE x PARA'!C219:K2218,7,FALSE),"SINTÉTICA") -> 500001 | M224: =IFERROR(VLOOKUP(B224,'[4]DE x PARA'!B219:K2218,10,FALSE),"SINTÉTICA") -> 600018 | N224: =IFERROR(VLOOKUP(M224,'[4]DE x PARA'!$K$2:$L$2001,2,FALSE),0) -> -1 | O224: =+H224*N224 -> 0
A225: =B225 -> 2.1.1.07.0009 | B225: 2.1.1.07.0009 | C225: 6190 | D225: Ret IN 539/05 - IR/CS/PIS/COFINS - 9,45% | E225: 0 | F225: 776411.45 | G225: -776411.45 | H225: 0 | I225: 0 | J225: =I225/1000 -> 0 | K225: =ROUND(J225,0) -> 0 | L225: =IFERROR(VLOOKUP(C225,'[4]DE x PARA'!C220:K2219,7,FALSE),"SINTÉTICA") -> 500001 | M225: =IFERROR(VLOOKUP(B225,'[4]DE x PARA'!B220:K2219,10,FALSE),"SINTÉTICA") -> 600018 | N225: =IFERROR(VLOOKUP(M225,'[4]DE x PARA'!$K$2:$L$2001,2,FALSE),0) -> -1 | O225: =+H225*N225 -> 0
A226: =B226 -> 2.1.1.07.0010 | B226: 2.1.1.07.0010 | C226: 6175 | D226: Ret IN 539/05 - IR/CS/PIS/COFINS - 7,05% | E226: 0 | F226: 7470.44 | G226: -7470.44 | H226: 0 | I226: 0 | J226: =I226/1000 -> 0 | K226: =ROUND(J226,0) -> 0 | L226: =IFERROR(VLOOKUP(C226,'[4]DE x PARA'!C221:K2220,7,FALSE),"SINTÉTICA") -> 500001 | M226: =IFERROR(VLOOKUP(B226,'[4]DE x PARA'!B221:K2220,10,FALSE),"SINTÉTICA") -> 600018 | N226: =IFERROR(VLOOKUP(M226,'[4]DE x PARA'!$K$2:$L$2001,2,FALSE),0) -> -1 | O226: =+H226*N226 -> 0
A227: =B227 -> 2.1.1.07.0015 | B227: 2.1.1.07.0015 | C227: ISS | D227: ISS de Terceiros | E227: 0 | F227: 115535.52 | G227: -115535.52 | H227: 0 | I227: 0 | J227: =I227/1000 -> 0 | K227: =ROUND(J227,0) -> 0 | L227: =IFERROR(VLOOKUP(C227,'[4]DE x PARA'!C222:K2221,7,FALSE),"SINTÉTICA") -> 500001 | M227: =IFERROR(VLOOKUP(B227,'[4]DE x PARA'!B222:K2221,10,FALSE),"SINTÉTICA") -> 600018 | N227: =IFERROR(VLOOKUP(M227,'[4]DE x PARA'!$K$2:$L$2001,2,FALSE),0) -> -1 | O227: =+H227*N227 -> 0
A228: =B228 -> 2.1.1.07.0073 | B228: 2.1.1.07.0073 | C228: 211773 | D228: Ret IN 539/05 - IRPJ - 2,4% | E228: 0 | F228: 13347.54 | G228: -13347.54 | H228: 0 | I228: 0 | J228: =I228/1000 -> 0 | K228: =ROUND(J228,0) -> 0 | L228: =IFERROR(VLOOKUP(C228,'[4]DE x PARA'!C223:K2222,7,FALSE),"SINTÉTICA") -> 500001 | M228: =IFERROR(VLOOKUP(B228,'[4]DE x PARA'!B223:K2222,10,FALSE),"SINTÉTICA") -> 600018 | N228: =IFERROR(VLOOKUP(M228,'[4]DE x PARA'!$K$2:$L$2001,2,FALSE),0) -> -1 | O228: =+H228*N228 -> 0
A229: =B229 -> 2.1.1.07.0074 | B229: 2.1.1.07.0074 | C229: 211774 | D229: Ret IN 539/05 - CSLL - 1% | E229: 0 | F229: 5561.48 | G229: -5561.48 | H229: 0 | I229: 0 | J229: =I229/1000 -> 0 | K229: =ROUND(J229,0) -> 0 | L229: =IFERROR(VLOOKUP(C229,'[4]DE x PARA'!C224:K2223,7,FALSE),"SINTÉTICA") -> 500001 | M229: =IFERROR(VLOOKUP(B229,'[4]DE x PARA'!B224:K2223,10,FALSE),"SINTÉTICA") -> 600018 | N229: =IFERROR(VLOOKUP(M229,'[4]DE x PARA'!$K$2:$L$2001,2,FALSE),0) -> -1 | O229: =+H229*N229 -> 0
A230: =B230 -> 2.1.1.08 | B230: 2.1.1.08 | C230: 2118 | D230: Obrigações Trabalhistas e Sociais | E230: -14650416 | F230: 67760392 | G230: -70750633 | H230: -2990241.1 | I230: -17640657 | J230: =I230/1000 -> -17640.657 | K230: =ROUND(J230,0) -> -17641 | L230: =IFERROR(VLOOKUP(C230,'[4]DE x PARA'!C225:K2224,7,FALSE),"SINTÉTICA") -> 0 | M230: =IFERROR(VLOOKUP(B230,'[4]DE x PARA'!B225:K2224,10,FALSE),"SINTÉTICA") -> 0 | N230: =IFERROR(VLOOKUP(M230,'[4]DE x PARA'!$K$2:$L$2001,2,FALSE),0) -> 0 | O230: =+H230*N230 -> 0
A231: =B231 -> 2.1.1.08.0001 | B231: 2.1.1.08.0001 | C231: 21181 | D231: Salários a Pagar | E231: -3296801 | F231: 44578217 | G231: -44584575 | H231: -6358.21 | I231: -3303159.2 | J231: =I231/1000 -> -3303.1592 | K231: =ROUND(J231,0) -> -3303 | L231: =IFERROR(VLOOKUP(C231,'[4]DE x PARA'!C226:K2225,7,FALSE),"SINTÉTICA") -> 500001 | M231: =IFERROR(VLOOKUP(B231,'[4]DE x PARA'!B226:K2225,10,FALSE),"SINTÉTICA") -> 600019 | N231: =IFERROR(VLOOKUP(M231,'[4]DE x PARA'!$K$2:$L$2001,2,FALSE),0) -> -1 | O231: =+H231*N231 -> 6358.21
A232: =B232 -> 2.1.1.08.0002 | B232: 2.1.1.08.0002 | C232: 21182 | D232: 13º Salário a Pagar | E232: 0 | F232: 37684 | G232: -3167666.7 | H232: -3129982.7 | I232: -3129982.7 | J232: =I232/1000 -> -3129.9827 | K232: =ROUND(J232,0) -> -3130 | L232: =IFERROR(VLOOKUP(C232,'[4]DE x PARA'!C227:K2226,7,FALSE),"SINTÉTICA") -> 500001 | M232: =IFERROR(VLOOKUP(B232,'[4]DE x PARA'!B227:K2226,10,FALSE),"SINTÉTICA") -> 600019 | N232: =IFERROR(VLOOKUP(M232,'[4]DE x PARA'!$K$2:$L$2001,2,FALSE),0) -> -1 | O232: =+H232*N232 -> 3129982.7
A233: =B233 -> 2.1.1.08.0003 | B233: 2.1.1.08.0003 | C233: 21183 | D233: Férias a Pagar | E233: -7042192.5 | F233: 4861552.8 | G233: -4419401.8 | H233: 442150.96 | I233: -6600041.5 | J233: =I233/1000 -> -6600.0415 | K233: =ROUND(J233,0) -> -6600 | L233: =IFERROR(VLOOKUP(C233,'[4]DE x PARA'!C228:K2227,7,FALSE),"SINTÉTICA") -> 500001 | M233: =IFERROR(VLOOKUP(B233,'[4]DE x PARA'!B228:K2227,10,FALSE),"SINTÉTICA") -> 600019 | N233: =IFERROR(VLOOKUP(M233,'[4]DE x PARA'!$K$2:$L$2001,2,FALSE),0) -> -1 | O233: =+H233*N233 -> -442150.96
A234: =B234 -> 2.1.1.08.0004 | B234: 2.1.1.08.0004 | C234: 21184 | D234: INSS a Recolher | E234: -1314535.5 | F234: 10129392 | G234: -10034394 | H234: 94998.35 | I234: -1219537.1 | J234: =I234/1000 -> -1219.5371 | K234: =ROUND(J234,0) -> -1220 | L234: =IFERROR(VLOOKUP(C234,'[4]DE x PARA'!C229:K2228,7,FALSE),"SINTÉTICA") -> 500001 | M234: =IFERROR(VLOOKUP(B234,'[4]DE x PARA'!B229:K2228,10,FALSE),"SINTÉTICA") -> 600019 | N234: =IFERROR(VLOOKUP(M234,'[4]DE x PARA'!$K$2:$L$2001,2,FALSE),0) -> -1 | O234: =+H234*N234 -> -94998.35
A235: =B235 -> 2.1.1.08.0005 | B235: 2.1.1.08.0005 | C235: 21185 | D235: FGTS a Recolher | E235: -607966.33 | F235: 3539583.6 | G235: -3320505.5 | H235: 219078.05 | I235: -388888.28 | J235: =I235/1000 -> -388.88828 | K235: =ROUND(J235,0) -> -389 | L235: =IFERROR(VLOOKUP(C235,'[4]DE x PARA'!C230:K2229,7,FALSE),"SINTÉTICA") -> 500001 | M235: =IFERROR(VLOOKUP(B235,'[4]DE x PARA'!B230:K2229,10,FALSE),"SINTÉTICA") -> 600019 | N235: =IFERROR(VLOOKUP(M235,'[4]DE x PARA'!$K$2:$L$2001,2,FALSE),0) -> -1 | O235: =+H235*N235 -> -219078.05
...

Sheet Listas
A2: DVA | B2: N/A | C2: 500001
A3: DVA | B3: Subsídios Públicos | C3: 500002
A4: DVA | B4: Outras Receitas | C4: 500003
A5: DVA | B5: Materiais, utilidades, serviços de terceiros e outros | C5: 500004
A6: DVA | B6: Depreciação e Amortização | C6: 500005
A7: DVA | B7: Receitas Financeiras | C7: 500006
A8: DVA | B8: Reversão de Custos e Despesas | C8: 500007
A9: DVA | B9: Remuneração Direta | C9: 500008
A10: DVA | B10: Benefícios | C10: 500009
A11: DVA | B11: FGTS | C11: 500010
A12: DVA | B12: Contingências trabalhistas | C12: 500011
